 Dungeon Crawl Stone Soup version 0.29.0-15-g675c0067aa (webtiles) character file.

Game seed: 3528208415220248409

722525 qw the Conqueror (level 27, -5/179 HPs)
             Began as a Gargoyle Fighter on Sept 12, 2022.
             Was the Champion of the Shining One.
             Killed by divine providence
             ... invoked by a smoke demon
              (13 damage)
             ... in Pandemonium.
             The game lasted 00:46:08 (90034 turns).

qw the Conqueror (Gargoyle Fighter)                Turns: 90034, Time: 00:46:08

Health: -5/179     AC: 67    Str: 28    XL:     27
Magic:  1/41       EV: 12    Int: -4 (13) God:    the Shining One [******]
Gold:   6167       SH: 27    Dex: 15    Spells: 26/26 levels left

rFire   + + +      SeeInvis .   m - +9 broad axe (holy)
rCold   + + .      Faith    .   k - +0 tower shield
rNeg    + + +      Spirit   .   M - +9 gold dragon scales
rPois   inf        Reflect  +   R - +2 hat of Calculation {rC+}
rElec   +          Harm     .   B - +2 cloak
rCorr   .          Rampage  .   g - +1 pair of gloves of Day {Str+2 Dex+8 Stlth+}
Will    +....                   H - +2 pair of boots
Stlth   ..........              P - amulet of the Enemy {Reflect rPois Regen+ SH+5}
HPRegen 0.00/turn               j - ring "Zaum" {+Blink rF++ Will- MP+9 Slay+4}
MPRegen 0.27/turn               q - +4 ring of protection

@: flying, inhibited regen, slowed, lost intelligence, glowing, unable to read,
unable to drink, very slow
A: sickness immunity, AC +20, big wings, negative energy resistance 1,
electricity resistance, torment resistance 1, petrification resistance, horns 1,
clumsy 1, deformed body, frail 1, low MP 2, screaming 1, inhibited regeneration,
weak 2, subdued magic 1, inability to drink after injury 2, inability to read
after injury 2, MP-powered wands
}: 4/15 runes: barnacled, silver, golden, gossamer
a: Renounce Religion, Evoke Blink, Divine Shield, Cleansing Flame, Summon Divine
Warrior


You were in Pandemonium.
You worshipped the Shining One.
The Shining One was exalted by your worship.
You visited 11 branches of the dungeon, and saw 51 of its levels.
You visited Pandemonium 1 time, and saw 3 of its levels.
You visited the Abyss 1 time.
You also visited: Ossuary.

You collected 10735 gold pieces.
You spent 4568 gold pieces at shops.


Innate Abilities, Weirdness & Mutations

You are immune to sickness and miasma.
Your stone body is resilient. (AC +20)
You are immune to poison.
Your large and strong wings let you fly.
You resist negative energy. (rN+)
You are resistant to electric shocks. (rElec)
You are resistant to unholy torment.
You are immune to petrification.
You have a pair of small horns on your head.
You are clumsy. (Dex -2)
Armour fits poorly on your strangely shaped body.
You are frail. (-10% HP)
Your magical capacity is very low. (-20% MP)
You occasionally shout uncontrollably at your foes.
You do not regenerate when monsters are visible.
You are very weak. (Str -4)
Your spells are a little easier to cast, but a little less powerful.
You sometimes lose the ability to drink potions when taking damage.
You sometimes lose the ability to read scrolls when taking damage.
You expend magic power (3 MP) to strengthen your wands.


   Skills:
 O Level 27 Fighting
 - Level 5.0 Short Blades
 - Level 18.0 Axes
 - Level 15.6 Throwing
 + Level 25.8 Armour
 - Level 12.1 Dodging
 - Level 22.0 Shields
 O Level 27 Invocations


You had 26 spell levels left.
You didn't know any spells.
Your spell library was empty.

Inventory:

Hand Weapons
 m - a +9 broad axe of holy wrath (weapon)
Missiles
 s - 11 javelins (quivered)
Armour
 b - the +2 pair of gloves "Obumorurr" {rCorr}
   (You acquired it on level 4 of the Dungeon)

   rCorr:     It protects you from acid and corrosion.
 g - the +1 pair of gloves of Day (worn) {Str+2 Dex+8 Stlth+}
   (You acquired it on level 7 of the Dungeon)

   Str:       It affects your strength (+2).
   Dex:       It affects your dexterity (+8).
   Stlth:     It makes you more stealthy.
 k - a +0 tower shield (worn)
 o - a scarf of resistance
 v - a +2 tower shield of fire resistance
 B - a +2 cloak (worn)
 D - the +0 pair of boots "Baihiops" {rElec rC+}
   (Okawaru gifted it to you on level 3 of the Realm of Zot)

   rC:        It protects you from cold.
   rElec:     It insulates you from electricity.
 H - a +2 pair of boots (worn)
 K - the +1 cloak of the Beekeeper {rElec rF- rN+ Str+3}
   (Okawaru gifted it to you on level 3 of the Vaults)

   Str:       It affects your strength (+3).
   rF:        It makes you vulnerable to fire.
   rElec:     It insulates you from electricity.
   rN:        It protects you from negative energy.
 L - the +1 acid dragon scales of Cizaf {rC+ rCorr Str+2}
   (Okawaru gifted it to you on level 2 of the Depths)

   Str:       It affects your strength (+2).
   rC:        It protects you from cold.
   rCorr:     It protects you from acid and corrosion.
 M - +9 gold dragon scales (worn)
 R - the +2 hat of Calculation (worn) {rC+}
   (You found it on level 2 of the Depths)

   rC:        It protects you from cold.
 T - the -1 hat of the Red Camelopard {rF++}
   (You found it on level 2 of the Depths)

   rF:        It greatly protects you from fire.
Jewellery
 j - the ring "Zaum" (left hand) {+Blink rF++ Will- MP+9 Slay+4}
   (You found it on level 1 of the Spider Nest)

   [ring of slaying]

   Slay:      It affects your accuracy & damage with ranged weapons and melee
   (+4).
   rF:        It greatly protects you from fire.
   MP:        It affects your magic capacity (+9).
   +Blink:    It lets you blink.
   Will:      It decreases your willpower.
 n - the amulet of Immuq {RegenMP rPois rC+}
   (You found it on level 1 of the Realm of Zot)

   [amulet of magic regeneration]

   It increases your rate of magic regeneration.
   rC:        It protects you from cold.
   rPois:     It protects you from poison.
 p - the ring of Qine {rF+ Will++ Int+2 Dex-5}
   (You acquired it on level 5 of the Vaults)

   [ring of protection from fire]

   Int:       It affects your intelligence (+2).
   Dex:       It affects your dexterity (-5).
   rF:        It protects you from fire.
   Will:      It greatly increases your willpower.
 q - a +4 ring of protection (right hand)
 y - the ring of Seeso {Ice *Slow +Blink rElec Dex+8}
   (You took it off Josephina on level 2 of the Crypt)

   [ring of ice]

   It enhances your ice magic.
   Dex:       It affects your dexterity (+8).
   rF:        It makes you vulnerable to fire.
   rC:        It protects you from cold.
   rElec:     It insulates you from electricity.
   +Blink:    It lets you blink.
   *Slow:     It may slow you when you take damage.
 A - a ring of protection from fire
 F - the ring "Sougedai" {rPois rC+++}
   (You found it on level 3 of the Crypt)

   [ring of poison resistance]

   rC:        It renders you almost immune to cold.
   rPois:     It protects you from poison.
 I - the ring of Pizempac {rCorr Int+4 Stlth+}
   (You bought it in a shop on level 3 of the Depths)

   [ring of resist corrosion]

   Int:       It affects your intelligence (+4).
   rCorr:     It protects you from acid and corrosion.
   Stlth:     It makes you more stealthy.
 O - a +4 ring of slaying {mikee}
 P - the amulet of the Enemy (around neck) {Reflect rPois Regen+ SH+5}
   (You found it on level 3 of the Tomb of the Ancients)

   [amulet of reflection]

   It reflects blocked missile attacks.
   rPois:     It protects you from poison.
   Regen:     It increases your rate of health regeneration.
   SH:        It affects your SH (+5).
 Y - the ring of Vyigolo {rC+ rCorr Str+3}
   (You found it on level 3 of the Tomb of the Ancients)

   [ring of protection from cold]

   Str:       It affects your strength (+3).
   rC:        It protects you from cold.
   rCorr:     It protects you from acid and corrosion.
Scrolls
 a - 19 scrolls of identify
 l - a scroll of teleportation
 u - 11 scrolls of enchant weapon
 x - 8 scrolls of blinking
Potions
 c - 2 potions of magic
 d - 14 potions of might
 e - 4 potions of resistance
 f - 9 potions of attraction
 h - 8 potions of haste
 r - 18 potions of curing
 t - 12 potions of lignification
 w - 3 potions of cancellation
Miscellaneous
 i - a figurine of a ziggurat

Dungeon Overview and Level Annotations

Branches:
Dungeon (15/15)            Temple (1/1) D:4            Lair (5/5) D:10
 Shoals (4/4) Lair:2       Spider (4/4) Lair:3        Slime (0/5) Lair:4
    Orc (2/2) D:10            Elf (0/3) Orc:2        Vaults (5/5) D:14
  Crypt (3/3) Vaults:3       Tomb (3/3) Crypt:3      Depths (4/4) D:15
    Zot (5/5) Depths:4    Ossuary (visited)

Altars:
Ashenzari
Cheibriados
Dithmenos
Elyvilon
Fedhas
Gozag
Hepliaklqana
Kikubaaqudgha
Makhleb
Nemelex Xobeh
Okawaru
Qazlal
Ru
Sif Muna
Trog
Uskayaw
Vehumet
Wu Jian
Xom
Yredelemnul
Zin
The Shining One
Jiyva

Shops:
D:6 (   D:7 (   D:9 (   D:11 *   D:13 *   Orc:2 :(:=   Shoals:1 *   Shoals:3 :
Vaults:2 [   Vaults:5 (   Depths:3 ==:   Depths:4 !(

Portals:
Hell: Depths:1 Depths:2 Depths:3 Depths:4
Abyss: Zot:2 Depths:3 Depths:4
Pandemonium: Depths:2
Ziggurat: Depths:4

Annotations:
D:6 4 runed translucent doors, Crazy Yiuf; qw's ghost, novice GrFi
D:14 2 transporters, Ficoysum's ghost, journeyman GnWn
Lair:1 1 runed translucent door, qw's ghost, journeyman MiBe
Lair:2 2 transporters
Spider:3 2 transporters, qw's ghost, adept MiBe
Orc:2 1 runed translucent door, qw's ghost, journeyman DsCA
Crypt:3 1 runed translucent door, Hali's ghost, veteran FoFi
Zot:2 2 transporters, qw's ghost, veteran MiBe
Pan 1 runed translucent door


Message History

The ghost moth stares at you.
You feel your power leaking away.
Your daeva falters for a moment.
The smoke demon gestures at you. Something smites you!
Your daeva falters for a moment.
The smoke demon gestures at you. Something smites you!
Your daeva's magic leaks into the air.
Your daeva falters for a moment.
The ghost moth stares at you.
You feel your power leaking away.
Your daeva's magic leaks into the air.
Your daeva falters for a moment.
The ghost moth stares at you.
You feel your power leaking away. The ghost moth stares at you.
Your daeva's magic leaks into the air.
Your daeva falters for a moment.
Your daeva falters for a moment.
Your daeva's magic leaks into the air.
Your daeva falters for a moment.
The ghost moth stares at you.
You feel your power leaking away.
You can drink potions again.
The ghost moth stares at you.
Your daeva's magic leaks into the air.
A neqoxec comes into view.
Your daeva's magic leaks into the air.
The neqoxec gestures at you.
You feel dopey. Something feeds on your intellect!
Your daeva's magic leaks into the air. x2
The ghost moth stares at you.
You feel your power leaking away.
Your daeva falters for a moment.
The smoke demon gestures at you. Something smites you!
You feel threatened and lose the ability to drink potions!
You die...

................#.#..##.....
................###.........
####..####..##..............
#..# #..##.............. #..#
#..##...#....###... #..#
#..##.¤##)...#.#... #..#
#..##..#.....###...
#######..####..##).#.).........
..............@)...#...........
..................###..........
.........####(...A#y#..........
.........# #..#(.###..........
.........# #..##..#3....$.....
.........####.)##..#...........
..................(##(###......
....................###y#######
#######..####.........###......


You could see a ghost moth (invisible, ally target), a smoke demon and a
friendly daeva (summoned, magic disrupted).

Vanquished Creatures
  2 dread liches (Zot:5)
  Khufu (Crypt:1)
  2 ancient liches (Zot:1)
  2 orbs of fire (Zot:5)
  2 juggernauts (Depths:2)
  Mennas (Tomb:2)
  Parghit (Depths:4)
  7 Killer Klowns (Zot:5)
  25 royal mummies
  2 pandemonium lords (Pan)
  Vv (Zot:4)
  Josephina (Crypt:2)
  Frederick (Depths:4)
  Margery (Depths:4)
  Bai Suzhen (Depths:1)
  4 curse toes
  7 caustic shrikes
  13 golden dragons
  the Enchantress (Depths:1)
  Arachne (Spider:2)
  A Tzitzimitl (Tomb:3)
  3 electric golems
  25 Brimstone Fiends (Pan)
  21 tentacled monstrosities
  An Ice Fiend (Pan)
  Asterion (Depths:2)
  3 quicksilver dragons
  9 liches
  A walking earthen tome (Depths:3)
  25 Orb Guardians (Zot:5)
  A walking crystal tome (Depths:3)
  21 titans
  6 deep elf blademasters
  6 deep elf master archers
  7 ancient champions
  11 death cobs
  2 tentacled starspawn (Abyss:3)
  5 Executioners (Pan)
  Agnes (D:14)
  13 sphinxes
  Kirke (Spider:1)
  11 shadow dragons
  3 revenants (Crypt:3)
  9 tengu reavers
  13 storm dragons
  9 draconian monks
  2 demonspawn warmongers (Pan)
  3 draconian knights
  21 fire giants
  3 emperor scorpions
  2 deep elf sorcerers (Vaults:5)
  A caustic shrike zombie (Crypt:1)
  2 iron dragons
  5 balrugs (Pan)
  19 vault wardens
  6 ghost moths
  18 frost giants
  2 cacodemons (Pan)
  9 draconian scorchers
  2 ghouls (Crypt:3)
  Louise (D:15)
  2 curse skulls (Crypt:2)
  3 draconian shifters
  5 draconian annihilators
  2 spriggan defenders (Depths:1)
  3 war gargoyles
  4 reapers
  9 draconian stormcallers
  10 vampire knights
  3 demonspawn corrupters (Pan)
  2 deep elf demonologists
  11 ironbound preservers
  3 bennus (Tomb:1)
  28 stone giants
  2 broodmothers (Spider:2)
  9 ironbound thunderhulks
  2 caustic shrike skeletons
  24 very ugly things
  4 demonspawn black suns (Pan)
  A spectral titan (Crypt:3)
  2 entropy weavers
  16 black draconians
  18 dire elephants
  3 deep elf annihilators
  Azrael (Spider:1)
  An elemental wellspring (Depths:2)
  15 green draconians
  11 lorocyprocas
  11 purple draconians
  18 white draconians
  10 spark wasps
  11 yellow draconians
  4 green deaths
  14 red draconians
  5 deep elf death magi
  Snorg (Orc:1)
  20 mummy priests
  2 spectral quicksilver dragons (Crypt:3)
  17 yaktaur captains
  11 merfolk javelineers
  3 crystal guardians
  5 fire dragons
  11 eidola
  7 blizzard demons
  14 ettins
  4 deep elf high priests (Vaults:5)
  7 merfolk impalers
  3 rakshasas
  A spectral spriggan (Crypt:3)
  3 jiangshi
  36 vault guards
  4 boulder beetles
  A great orb of eyes (Vaults:3)
  2 spectral krakens (Shoals:1)
  2 peacekeepers
  An ogre mage (D:15)
  5 hydras
  2 catoblepae
  2 anacondas (shapeshifter)
  10 ice dragons
  8 spriggan air magi
  7 two-headed ogres
  7 ironbound frosthearts
  A caustic shrike simulacrum (Crypt:2)
  3 ghost crabs (Shoals:1)
  2 spriggan skeletons
  4 radroaches
  8 merfolk avatars
  21 centaur warriors
  3 jorogumos
  108 death scarabs
  3 death knights
  4 merfolk aquamancers
  9 tengu warriors
  9 death yaks (Lair:5)
  6 deep troll shamans
  2 satyrs
  An Orb Guardian skeleton (Crypt:2)
  Urug (D:10)
  2 spectral storm dragons (Crypt:3)
  7 deep troll earth magi
  3 vampire magi
  An orc high priest (Orc:2)
  31 slime creatures
  A spectral naga (Crypt:3)
  5 spriggan berserkers
  10 deep elf knights
  5 thrashing horrors (Abyss:3)
  39 sun demons (Pan)
  9 soul eaters
  13 skeletal warriors
  5 hell knights
  2 wretched stars (Abyss:3)
  10 sixfirhies
  12 sea snakes
  3 pharaoh ants
  10 sun moths
  8 iron trolls
  11 shadow wraiths
  2 death drakes (Zot:1)
  A quicksilver dragon simulacrum (Depths:1)
  44 deep trolls
  7 steelbarb worms
  13 flayed ghosts
  An iron giant zombie (Tomb:3)
  2 spriggan simulacra
  An orange crystal statue (Depths:2)
  An obsidian statue (Zot:5)
  9 deep elf archers
  3 glowing orange brains
  4 shadow demons (Pan)
  2 shadow dragon zombies
  7 wizards
  9 orb spiders
  15 phantasmal warriors
  13 lindwurms
  A spectral iron dragon (Crypt:3)
  15 ironbound convokers
  2 bog bodies (Crypt:3)
  5 necromancers
  2 golden dragon skeletons
  31 harpies
  4 orc sorcerers (Orc:2)
  4 orc knights
  2 fire giant zombies
  7 deep elf pyromancers
  6 deep elf zephyrmancers
  A shining eye (shapeshifter) (Vaults:5)
  23 wolf spiders
  39 ugly things
  2 stone giant zombies (Depths:1)
  22 manticores
  A salamander (shapeshifter) (D:15)
  6 cyclopes
  16 fauns
  A shadow dragon skeleton (Zot:1)
  A salamander (Depths:4)
  A spectral alligator snapping turtle (Crypt:3)
  An oklob plant (D:10)
  A spectral ettin (Crypt:3)
  29 moths of wrath
  3 elephants (Lair:5)
  A rust devil (Pan)
  25 merfolk sirens
  A guardian serpent (shapeshifter) (D:15)
  A frost giant skeleton (Depths:1)
  A black mamba (Lair:1)
  A titan simulacrum (Crypt:2)
  7 water nymphs
  4 naga magi
  2 stone giant skeletons
  A centaur skeleton (Crypt:2)
  A torpor snail (shapeshifter) (Vaults:5)
  6 orange demons
  14 vault sentinels
  A black mamba (shapeshifter) (Vaults:5)
  4 dire elephant skeletons
  35 smoke demons
  A gargoyle (D:12)
  4 torpor snails
  A death yak zombie (Crypt:3)
  18 cane toads
  A rime drake (shapeshifter) (D:14)
  An unseen horror (shapeshifter) (D:15)
  39 demonic crawlers
  7 komodo dragons
  40 yaktaurs
  A yaktaur (shapeshifter) (D:15)
  A kobold demonologist (D:8)
  4 efreet
  27 freezing wraiths
  An ancient zyme (Abyss:3)
  47 guardian mummies
  A tormentor (Pan)
  2 ice devils
  7 tengu conjurers
  2 hellwings
  29 merfolk
  A spectral water nymph (Shoals:1)
  A queen bee (Spider:4)
  3 spectral harpies
  A troll (shapeshifter) (D:14)
  3 polar bears
  A shadow dragon simulacrum (Crypt:2)
  12 meliai
  A merfolk (shapeshifter) (Vaults:5)
  32 tarantellas
  9 trolls
  8 wind drakes
  3 hornets
  5 blink frogs (Lair:1)
  4 raiju (Abyss:3)
  18 dream sheep
  2 spectral manticores (Shoals:1)
  35 large abominations
  10 snapping turtles
  29 culicivoras
  Sigmund (D:2)
  13 flying skulls
  43 jumping spiders
  4 shadows
  3 wyverns
  A fire dragon skeleton (Tomb:1)
  A dire elephant simulacrum (Crypt:3)
  3 spriggans
  36 ynoxinuls
  4 hogs (Spider:1)
  A wyvern (shapeshifter) (D:12)
  17 water elementals
  2 vampires
  11 wraiths
  An ettin skeleton (Depths:1)
  A human (Spider:1)
  A yak (shapeshifter) (D:15)
  3 fire elementals (Spider:1)
  10 ushabtiu
  Eustachio (D:5)
  A fire bat (shapeshifter) (D:15)
  42 neqoxecs
  A black mamba skeleton (Tomb:2)
  An unseen horror simulacrum (D:8)
  51 yaks
  8 basilisks
  A redback (shapeshifter) (Depths:1)
  A golden eye (shapeshifter) (D:15)
  48 chaos spawn
  3 small abominations (Abyss:3)
  51 redbacks
  3 steam dragons
  5 vampire mosquitoes
  3 wargs
  A harpy simulacrum (Crypt:2)
  A naga zombie (Tomb:2)
  2 acid dragons
  A two-headed ogre zombie (Crypt:1)
  A water nymph zombie (Crypt:2)
  6 hell hounds
  15 water moccasins
  26 orc warriors
  A two-headed ogre skeleton (Crypt:3)
  3 ice beasts
  9 ogres
  3 black bears
  36 wolves
  2 dream sheep skeletons
  12 centaurs
  2 phantoms (D:5)
  A hog zombie (Crypt:2)
  A komodo dragon zombie (Crypt:3)
  10 kobold brigands
  2 gnoll sergeants
  13 bullfrogs
  A rime drake skeleton (Crypt:3)
  2 necrophages
  2 scorpions (Ossuary)
  A naga simulacrum (Crypt:2)
  2 hornet simulacra (D:8)
  7 wights (D:7)
  A water moccasin skeleton (Crypt:1)
  26 killer bees
  2 vampire bats (D:7)
  3 electric eels
  12 howler monkeys
  A bullfrog zombie (Ossuary)
  A quasit (Abyss:3)
  5 centaur zombies (Ossuary)
  4 human zombies
  13 hounds
  6 gnoll boudas
  27 orc priests
  An iron imp (D:5)
  4 iguanas
  26 orc wizards
  A scorpion zombie (Ossuary)
  3 centaur simulacra (D:8)
  41 mummies
  55 gnolls
  2 adders
  5 white imps
  5 ufetubi
  6 adder zombies (Ossuary)
  A worm (D:4)
  2 dart slugs (D:1)
  84 orcs
  5 bats
  4 bat skeletons
  4 bat zombies
  5 endoplasms
  3 giant cockroaches
  6 goblins
  2 hobgoblins
  11 jackals
  2 quokkas
  3 training dummies (D:6)
  5 ball pythons
  A ball python skeleton (Crypt:2)
  11 frilled lizards
  2 gnoll skeletons
  5 gnoll zombies (Ossuary)
  2 goblin skeletons (D:5)
  4 goblin zombies (Ossuary)
  A hobgoblin zombie (D:5)
  35 kobolds
  A kobold skeleton (D:5)
  5 kobold zombies (D:5)
  3 orc skeletons
  6 orc zombies
  A quokka zombie (Crypt:3)
  2 rats
  A river rat skeleton (Crypt:2)
  A block of ice (Pan)
  4 starspawn tentacles (Abyss:3)
  3 tentacles (Shoals:1)
3107 creatures vanquished.

Vanquished Creatures (collateral kills)
  A pandemonium lord (Pan)
  7 royal mummies
  4 Brimstone Fiends (Pan)
  A lich (Tomb:2)
  A deep elf blademaster (Crypt:3)
  A revenant (Tomb:1)
  A frost giant (Crypt:3)
  2 fire giants (Crypt:3)
  4 ghost moths (Pan)
  A demonspawn blood saint (Pan)
  A stone giant (Crypt:3)
  A demonspawn corrupter (Pan)
  A bennu (Tomb:1)
  6 mummy priests
  14 death scarabs
  2 sun demons (Pan)
  A skeletal warrior (Tomb:1)
  A large abomination (Pan)
  A shadow demon (Pan)
  2 deep elf zephyrmancers
  A smoke demon (Pan)
  An orange demon (Pan)
  2 demonic crawlers (Pan)
  8 guardian mummies
  A red devil (Pan)
  A flying skull (Tomb:2)
  An ushabti (Tomb:1)
  2 ynoxinuls (Pan)
  4 chaos spawn (Pan)
  2 neqoxecs (Pan)
  7 mummies
83 creatures vanquished.

Vanquished Creatures (others)
  A tentacled monstrosity (Zot:2)
  A ghost moth (Pan)
  A frost giant (Crypt:3)
  A lorocyproca (Pan)
  A large abomination (Pan)
  A sea snake (Shoals:2)
  A deep elf pyromancer (Crypt:3)
  A wizard (D:15)
  A demonic crawler (Pan)
  2 slime creatures
  A jumping spider (Spider:1)
  A yak (D:8)
  4 neqoxecs (Pan)
  A gnoll (D:9)
  An adder (D:6)
  A white imp (D:8)
  A block of ice (Pan)
  25 fungi
  164 plants
  9 tentacles (Shoals:1)
  13 withered plants
232 creatures vanquished.

Grand Total: 3422 creatures vanquished

Notes
Turn   | Place    | Note
-------+----------+-------------------------------------------
     0 | D:1      | qw the Gargoyle Fighter began the quest for the Orb.
     0 | D:1      | Reached XP level 1. HP: 14/14 MP: 1/1
     0 | D:1      | 0 ||| qw: Version: 0.1-a-119-g272c26d
     0 | D:1      | 0 ||| qw: Game counter: 10762
     0 | D:1      | 0 ||| qw: Always use a shield: true
     0 | D:1      | 0 ||| qw: God list: Okawaru
     0 | D:1      | 0 ||| qw: Allow faded altars: false
     0 | D:1      | 0 ||| qw: Do Orc after D:15 true
     0 | D:1      | 0 ||| qw: Do second Lair branch before Depths: true
     0 | D:1      | 0 ||| qw: Lair rune preference: random
     0 | D:1      | 0 ||| qw: Plans: Normal, Zot, God:TSO, Crypt, Tomb, Pan,
                  | Slime, Hells, Zig, Abyss, Orb
     0 | D:1      | 0 ||| PLANNING D:1-11
   360 | D:1      | Reached XP level 2. HP: 19/19 MP: 2/2
   392 | D:1      | 392 ||| Stepping ~*~*~tactically~*~*~ (stealth).
   397 | D:1      | 397 ||| Stepping ~*~*~tactically~*~*~ (stealth).
   926 | D:1      | Found a faded altar of an unknown god.
   963 | D:1      | Reached skill level 3 in Axes
   963 | D:1      | Reached XP level 3. HP: 23/23 MP: 3/3
  1002 | D:1      | 1002 ||| Stepping ~*~*~tactically~*~*~ (hiding).
  1207 | D:1      | 1207 ||| UPGRADING to +6 ring of strength.
  1208 | D:1      | 1208 ||| READING 4 scrolls labelled ZUEHAL NIUT.
  1209 | D:1      | 1209 ||| READING 3 scrolls of identify.
  1209 | D:1      | 1209 ||| IDENTIFYING murky dark potion
  1210 | D:1      | 1210 ||| READING 2 scrolls of identify.
  1210 | D:1      | 1210 ||| IDENTIFYING purple potion
  1333 | D:2      | 1333 ||| Stepping ~*~*~tactically~*~*~ (stealth).
  1334 | D:2      | 1334 ||| Stepping ~*~*~tactically~*~*~ (stealth).
  1340 | D:2      | 1340 ||| Stepping ~*~*~tactically~*~*~ (stealth).
  1341 | D:2      | 1341 ||| Stepping ~*~*~tactically~*~*~ (stealth).
  1347 | D:2      | Reached skill level 1 in Throwing
  1550 | D:2      | 1550 ||| FLEEEEING.
  1551 | D:2      | 1551 ||| FLEEEEING.
  1553 | D:2      | 1553 ||| FLEEEEING.
  1559 | D:2      | 1559 ||| Stepping ~*~*~tactically~*~*~ (stealth).
  1817 | D:2      | Noticed Sigmund
  1818 | D:2      | 1818 ||| Stepping ~*~*~tactically~*~*~ (hiding).
  1820 | D:2      | 1820 ||| Stepping ~*~*~tactically~*~*~ (hiding).
  1821 | D:2      | 1821 ||| Stepping ~*~*~tactically~*~*~ (hiding).
  1840 | D:2      | Killed Sigmund
  1841 | D:2      | Reached XP level 4. HP: 9/28 MP: 4/4
  1841 | D:2      | Reached XP level 5. HP: 10/32 MP: 5/5
  2442 | D:2      | 2442 ||| UPGRADING to ring of willpower.
  2443 | D:2      | 2443 ||| READING 2 scrolls labelled FISHRE BIUH.
  2444 | D:2      | 2444 ||| READING scroll labelled ETHAOFFUYLO.
  2445 | D:2      | 2445 ||| READING scroll labelled WAVONA ONABRE.
  2446 | D:2      | 2446 ||| READING 2 scrolls of identify.
  2446 | D:2      | 2446 ||| IDENTIFYING coppery potion
  2447 | D:2      | 2447 ||| DROPPING scroll of butterflies.
  2448 | D:2      | 2448 ||| DROPPING potion of magic.
  2560 | D:3      | Reached XP level 6. HP: 35/37 MP: 6/6
  2666 | D:3      | Reached skill level 1 in Dodging
  3071 | D:3      | Found a bloodstained altar of Trog.
  3074 | D:3      | 3074 ||| UPGRADING to +4 ring of protection.
  3076 | D:3      | 3076 ||| UPGRADING to +6 ring of strength.
  3078 | D:3      | 3078 ||| DROPPING ring of willpower.
  3079 | D:3      | 3079 ||| READING scroll labelled HITERU WOEWIC.
  3080 | D:3      | 3080 ||| READING 3 scrolls labelled GERE HE VEAMM.
  3084 | D:3      | 3084 ||| READING 4 scrolls of identify.
  3084 | D:3      | 3084 ||| IDENTIFYING sapphire potion
  3085 | D:3      | 3085 ||| DROPPING potion of berserk rage.
  3142 | D:4      | 3142 ||| Stepping ~*~*~tactically~*~*~ (hiding).
  3143 | D:4      | 3143 ||| Stepping ~*~*~tactically~*~*~ (hiding).
  3301 | D:4      | 3301 ||| DROPPING +0 club.
  3375 | D:4      | Found a staircase to the Ecumenical Temple.
  3376 | D:4      | 3376 ||| PLANNING TEMPLE
  3381 | D:4      | 3381 ||| DRINKING 2 fuming ruby potions.
  3382 | D:4      | 3382 ||| DROPPING potion of degeneration.
  3389 | Temple   | Entered the Ecumenical Temple
  3524 | Temple   | 3524 ||| PLANNING D:1-11
  3540 | Temple   | Became a worshipper of Warmaster Okawaru
  3813 | D:4      | 3813 ||| FLEEEEING.
  3814 | D:4      | 3814 ||| FLEEEEING.
  3815 | D:4      | 3815 ||| FLEEEEING.
  3816 | D:4      | 3816 ||| FLEEEEING.
  3817 | D:4      | 3817 ||| FLEEEEING.
  3818 | D:4      | 3818 ||| FLEEEEING.
  3819 | D:4      | 3819 ||| FLEEEEING.
  3820 | D:4      | 3820 ||| FLEEEEING.
  3821 | D:4      | 3821 ||| FLEEEEING.
  3822 | D:4      | 3822 ||| FLEEEEING.
  3823 | D:4      | 3823 ||| FLEEEEING.
  3824 | D:4      | 3824 ||| FLEEEEING.
  3825 | D:4      | 3825 ||| FLEEEEING.
  3826 | D:4      | 3826 ||| FLEEEEING.
  3827 | D:4      | 3827 ||| STAIRDANCE
  3888 | D:4      | 3888 ||| STAIRDANCE
  3893 | D:3      | Reached skill level 6 in Axes
  3943 | D:3      | 3943 ||| UPGRADING to +0 chain mail.
  3953 | D:3      | 3953 ||| DROPPING +0 scale mail.
  3981 | D:4      | 3981 ||| FLEEEEING.
  3982 | D:4      | Reached XP level 7. HP: 33/43 MP: 7/7
  3982 | D:4      | 3982 ||| FLEEEEING.
  3984 | D:4      | 3984 ||| FLEEEEING.
  3985 | D:4      | 3985 ||| FLEEEEING.
  3986 | D:4      | 3986 ||| STAIRDANCE
  4502 | D:4      | 4502 ||| READING scroll labelled JAISHR RAUPAPU.
  4502 | D:4      | Identified a scroll of acquirement
  4502 | D:4      | 4502 ||| ACQUIRING +2 pair of gloves "Obumorurr" {rCorr}
  4502 | D:4      | Acquired the +2 pair of gloves "Obumorurr" {rCorr}
  4504 | D:4      | 4504 ||| UPGRADING to +2 pair of gloves "Obumorurr"
                  | {rCorr}.
  4529 | D:5      | Entered Level 5 of the Dungeon
  4584 | D:5      | 4584 ||| FLEEEEING.
  4587 | D:5      | 4587 ||| STAIRDANCE
  4791 | D:5      | 4791 ||| Stepping ~*~*~tactically~*~*~ (hiding).
  4792 | D:5      | 4792 ||| Stepping ~*~*~tactically~*~*~ (hiding).
  4795 | D:5      | 4795 ||| Stepping ~*~*~tactically~*~*~ (hiding).
  4796 | D:5      | 4796 ||| Stepping ~*~*~tactically~*~*~ (hiding).
  4827 | D:5      | Noticed Eustachio
  4829 | D:5      | Reached * piety under Okawaru
  4830 | D:5      | 4830 ||| INVOKING Heroism.
  4841 | D:5      | 4841 ||| INVOKING Heroism.
  4871 | D:5      | HP: 11/44 [Eustachio/+0 rapier (4)]
  4872 | D:5      | 4872 ||| READING 2 scrolls of teleportation.
  4873 | D:5      | 4873 ||| DRINKING 3 potions of heal wounds.
  4876 | D:5      | 4876 ||| FLEEEEING.
  4877 | D:5      | 4877 ||| FLEEEEING.
  4878 | D:5      | 4878 ||| FLEEEEING.
  4879 | D:5      | 4879 ||| FLEEEEING.
  4884 | D:5      | 4884 ||| STAIRDANCE
  5084 | D:5      | 5084 ||| Stepping ~*~*~tactically~*~*~ (stealth).
  5091 | D:5      | Found a glowing golden altar of the Shining One.
  5100 | D:5      | 5100 ||| Stepping ~*~*~tactically~*~*~ (stealth).
  5106 | D:5      | 5106 ||| Stepping ~*~*~tactically~*~*~ (stealth).
  5108 | D:5      | Reached XP level 8. HP: 47/49 MP: 8/8
  5109 | D:5      | 5109 ||| Stepping ~*~*~tactically~*~*~ (stealth).
  5113 | D:5      | 5113 ||| Stepping ~*~*~tactically~*~*~ (stealth).
  5222 | D:5      | 5222 ||| INVOKING Heroism.
  5233 | D:5      | Killed Eustachio
  5460 | D:5      | Reached skill level 1 in Invocations
  5514 | D:5      | 5514 ||| UPGRADING to amulet of the acrobat.
  5519 | D:5      | 5519 ||| READING scroll labelled IXOAF WUSA.
  5520 | D:5      | 5520 ||| READING scroll labelled VOSAUNN BAJEI.
  5672 | D:6      | Identified the +0 cloak of Dawn {+Blink rN+ Str-5}
  5704 | D:6      | 5704 ||| Stepping ~*~*~tactically~*~*~ (stealth).
  5706 | D:6      | 5706 ||| Stepping ~*~*~tactically~*~*~ (hiding).
  5707 | D:6      | 5707 ||| Stepping ~*~*~tactically~*~*~ (hiding).
  5712 | D:6      | Reached skill level 3 in Invocations
  5719 | D:6      | 5719 ||| INVOKING Heroism.
  5726 | D:6      | Reached skill level 6 in Fighting
  5784 | D:6      | 5784 ||| DROPPING +0 whip.
  5813 | D:6      | Found a runed translucent door.
  5814 | D:6      | Noticed Crazy Yiuf
  5910 | D:6      | Found a runed translucent gate.
  5911 | D:6      | Found a runed translucent gate.
  5912 | D:6      | Found a runed translucent gate.
  5914 | D:6      | 5914 ||| INVOKING Heroism.
  6016 | D:6      | 6016 ||| Stepping ~*~*~tactically~*~*~ (hiding).
  6244 | D:6      | Reached XP level 9. HP: 55/55 MP: 10/12
  6349 | D:6      | 6349 ||| INVOKING Heroism.
  6456 | D:6      | Found Bafes's Firing Range.
  6493 | D:6      | 6493 ||| Stepping ~*~*~tactically~*~*~ (cloud).
  6497 | D:6      | 6497 ||| INVOKING Heroism.
  6498 | D:6      | 6498 ||| UPGRADING to +4 ring of slaying {mikee}.
  6710 | D:6      | Noticed qw's ghost (novice GrFi)
  6714 | D:6      | 6714 ||| DROPPING +0 cloak of Dawn {+Blink rN+ Str-5}.
  6715 | D:6      | 6715 ||| UPGRADING to +0 plate armour.
  6725 | D:6      | 6725 ||| DROPPING +0 chain mail.
  6726 | D:6      | 6726 ||| DROPPING +6 ring of strength.
  6727 | D:6      | 6727 ||| READING scroll labelled YTAF IREGGO.
  6728 | D:6      | 6728 ||| READING 3 scrolls labelled UNOSHO RIWEUSS.
  6729 | D:6      | 6729 ||| READING 2 scrolls of enchant weapon.
  6729 | D:6      | 6729 ||| ENCHANTING +1 war axe.
  6730 | D:6      | 6730 ||| READING scroll of enchant weapon.
  6730 | D:6      | 6730 ||| ENCHANTING +2 war axe.
  6731 | D:6      | 6731 ||| READING 7 scrolls of identify.
  6731 | D:6      | 6731 ||| IDENTIFYING murky cyan potion
  6739 | D:7      | Found Azug's Hydra Hut.
  6740 | D:7      | 6740 ||| PLANNING OSSUARY
  6741 | D:7      | Noticed a four-headed hydra
  6746 | D:7      | 6746 ||| BUYING +2 broad axe of flaming (249 gold).
  6746 | D:7      | Bought a +2 broad axe of flaming for 249 gold pieces
  6746 | D:7      | 6746 ||| SWAPPING to +2 broad axe of flaming.
  6747 | D:7      | 6747 ||| DROPPING +0 flail.
  6748 | D:7      | 6748 ||| DROPPING +3 war axe.
  6752 | D:7      | 6752 ||| Stepping ~*~*~tactically~*~*~ (stealth).
  6754 | D:7      | 6754 ||| Stepping ~*~*~tactically~*~*~ (hiding).
  6756 | D:7      | 6756 ||| INVOKING Heroism.
  6823 | D:7      | 6823 ||| INVOKING Heroism.
  6885 | D:7      | 6885 ||| READING scroll of acquirement.
  6885 | D:7      | 6885 ||| ACQUIRING +1 pair of gloves of Day {Str+2 Dex+8
                  | Stlth+}
  6885 | D:7      | Acquired the +1 pair of gloves of Day {Str+2 Dex+8 Stlth+}
  6887 | D:7      | 6887 ||| UPGRADING to +1 pair of gloves of Day {Str+2 Dex+8
                  | Stlth+}.
  6910 | D:7      | Found a sand-covered staircase.
  6935 | D:7      | 6935 ||| Stepping ~*~*~tactically~*~*~ (hiding).
  6937 | D:7      | 6937 ||| Stepping ~*~*~tactically~*~*~ (hiding).
  6946 | D:7      | Reached ** piety under Okawaru
  6995 | D:7      | Found a broken altar of Ashenzari.
  7031 | Ossuary  | Entered an ossuary
  7207 | Ossuary  | Reached skill level 9 in Axes
  7281 | Ossuary  | Noticed a silent spectre
  7317 | Ossuary  | 7317 ||| DRINKING 2 white potions.
  7318 | Ossuary  | 7318 ||| DROPPING potion of flight.
  7323 | D:7      | 7323 ||| PLANNING D:1-11
  7499 | D:7      | 7499 ||| Stepping ~*~*~tactically~*~*~ (cloud).
  7504 | D:7      | 7504 ||| INVOKING Heroism.
  7587 | D:7      | Reached *** piety under Okawaru
  7588 | D:7      | Reached skill level 6 in Armour
  7588 | D:7      | Reached XP level 10. HP: 63/63 MP: 13/13
  7622 | D:7      | 7622 ||| INVOKING Heroism.
  7653 | D:7      | Found an ancient bone altar of Kikubaaqudgha.
  7775 | D:7      | 7775 ||| READING scroll labelled CULEQIKISM.
  7776 | D:7      | 7776 ||| READING 2 scrolls labelled UNKUIBBIMAROE.
  7777 | D:7      | 7777 ||| READING 9 scrolls of identify.
  7777 | D:7      | 7777 ||| IDENTIFYING clear potion
  7778 | D:7      | 7778 ||| DROPPING scroll of vulnerability.
  7779 | D:7      | 7779 ||| DROPPING potion of ambrosia.
  7812 | D:8      | 7812 ||| Stepping ~*~*~tactically~*~*~ (hiding).
  7816 | D:8      | 7816 ||| INVOKING Heroism.
  7864 | D:8      | 7864 ||| READING scroll of enchant armour.
  7864 | D:8      | 7864 ||| ENCHANTING +0 plate armour.
  8014 | D:8      | Found a basalt altar of Yredelemnul.
  8055 | D:8      | 8055 ||| Stepping ~*~*~tactically~*~*~ (hiding).
  8056 | D:8      | 8056 ||| Stepping ~*~*~tactically~*~*~ (hiding).
  8213 | D:8      | 8213 ||| Stepping ~*~*~tactically~*~*~ (stealth).
  8215 | D:8      | 8215 ||| Stepping ~*~*~tactically~*~*~ (stealth).
  8220 | D:8      | 8220 ||| Stepping ~*~*~tactically~*~*~ (stealth).
  8223 | D:8      | 8223 ||| Stepping ~*~*~tactically~*~*~ (stealth).
  8452 | D:8      | 8452 ||| Stepping ~*~*~tactically~*~*~ (hiding).
  8453 | D:8      | 8453 ||| Stepping ~*~*~tactically~*~*~ (hiding).
  8474 | D:8      | 8474 ||| Stepping ~*~*~tactically~*~*~ (hiding).
  8479 | D:8      | 8479 ||| Stepping ~*~*~tactically~*~*~ (stealth).
  8481 | D:8      | 8481 ||| INVOKING Heroism.
  8624 | D:8      | 8624 ||| INVOKING Heroism.
  8626 | D:8      | 8626 ||| Stepping ~*~*~tactically~*~*~ (water).
  8630 | D:8      | Noticed a kobold demonologist
  8631 | D:8      | 8631 ||| Stepping ~*~*~tactically~*~*~ (water).
  8633 | D:8      | 8633 ||| Stepping ~*~*~tactically~*~*~ (stealth).
  8640 | D:8      | 8640 ||| INVOKING Heroism.
  8648 | D:8      | Received a gift from Okawaru
  8649 | D:8      | Killed a kobold demonologist
  8652 | D:8      | Reached **** piety under Okawaru
  8695 | D:8      | 8695 ||| INVOKING Heroism.
  8734 | D:8      | 8734 ||| INVOKING Heroism.
  8802 | D:8      | 8802 ||| INVOKING Heroism.
  8938 | D:8      | 8938 ||| Stepping ~*~*~tactically~*~*~ (stealth).
  8992 | D:8      | 8992 ||| INVOKING Heroism.
  9022 | D:8      | 9022 ||| FLEEEEING.
  9023 | D:8      | 9023 ||| FLEEEEING.
  9024 | D:8      | 9024 ||| FLEEEEING.
  9025 | D:8      | 9025 ||| FLEEEEING.
  9026 | D:8      | 9026 ||| FLEEEEING.
  9027 | D:8      | 9027 ||| FLEEEEING.
  9028 | D:8      | 9028 ||| FLEEEEING.
  9029 | D:8      | 9029 ||| FLEEEEING.
  9030 | D:8      | 9030 ||| FLEEEEING.
  9031 | D:8      | 9031 ||| FLEEEEING.
  9032 | D:8      | 9032 ||| FLEEEEING.
  9036 | D:8      | 9036 ||| Stepping ~*~*~tactically~*~*~ (hiding).
  9037 | D:8      | 9037 ||| FLEEEEING.
  9042 | D:8      | Reached XP level 11. HP: 50/68 MP: 14/14
  9243 | D:8      | 9243 ||| INVOKING Heroism.
  9248 | D:8      | 9248 ||| Stepping ~*~*~tactically~*~*~ (water).
  9428 | D:8      | 9428 ||| Stepping ~*~*~tactically~*~*~ (stealth).
  9430 | D:8      | 9430 ||| Stepping ~*~*~tactically~*~*~ (stealth).
  9466 | D:8      | 9466 ||| FLEEEEING.
  9467 | D:8      | 9467 ||| FLEEEEING.
  9473 | D:8      | 9473 ||| INVOKING Heroism.
  9569 | D:8      | 9569 ||| Stepping ~*~*~tactically~*~*~ (hiding).
  9702 | D:8      | 9702 ||| DRINKING 3 green potions.
  9750 | D:9      | 9750 ||| INVOKING Heroism.
  9762 | D:9      | 9762 ||| Stepping ~*~*~tactically~*~*~ (hiding).
  9790 | D:9      | 9790 ||| INVOKING Heroism.
  9795 | D:9      | Reached skill level 3 in Dodging
  9797 | D:9      | Noticed a two-headed ogre
  9801 | D:9      | Reached skill level 6 in Invocations
  9812 | D:9      | Killed a two-headed ogre
  9822 | D:9      | 9822 ||| INVOKING Heroism.
  9831 | D:9      | 9831 ||| FLEEEEING.
  9838 | D:9      | 9838 ||| INVOKING Heroism.
  9844 | D:9      | 9844 ||| FLEEEEING.
  9847 | D:9      | HP: 17/69 [electric eel/bolt of electricity (1)]
  9848 | D:9      | 9848 ||| READING 2 scrolls of teleportation.
  9849 | D:9      | 9849 ||| DRINKING 3 potions of heal wounds.
 10123 | D:9      | 10123 ||| INVOKING Heroism.
 10130 | D:9      | Reached skill level 9 in Fighting
 10192 | D:9      | 10192 ||| INVOKING Heroism.
 10294 | D:9      | Found Zuer's Weapon Emporium.
 10357 | D:9      | Found a sacrificial altar of Ru.
 10567 | D:9      | 10567 ||| READING 11 scrolls of identify.
 10567 | D:9      | 10567 ||| IDENTIFYING fizzy inky potion
 10588 | D:10     | Entered Level 10 of the Dungeon
 10589 | D:10     | 10589 ||| STAIRDANCE
 10597 | D:10     | 10597 ||| STAIRDANCE
 10613 | D:10     | 10613 ||| STAIRDANCE
 10615 | D:9      | 10615 ||| INVOKING Heroism.
 10696 | D:10     | Reached ***** piety under Okawaru
 10719 | D:10     | 10719 ||| Stepping ~*~*~tactically~*~*~ (stealth).
 10721 | D:10     | 10721 ||| Stepping ~*~*~tactically~*~*~ (stealth).
 10723 | D:10     | 10723 ||| Stepping ~*~*~tactically~*~*~ (hiding).
 10749 | D:10     | Found a staircase to the Lair.
 10750 | D:10     | Noticed an oklob plant
 10751 | D:10     | 10751 ||| INVOKING Heroism.
 10752 | D:10     | 10752 ||| INVOKING Finesse.
 10753 | D:10     | 10753 ||| INVOKING Finesse.
 10769 | D:10     | Killed an oklob plant
 10826 | D:10     | Found a staircase to the Orcish Mines.
 10869 | D:10     | Noticed a cyclops
 10870 | D:10     | 10870 ||| INVOKING Heroism.
 10885 | D:10     | Killed a cyclops
 10978 | D:10     | Found a radiant altar of Vehumet.
 11057 | D:10     | Found a white marble altar of Elyvilon.
 11062 | D:10     | 11062 ||| Stepping ~*~*~tactically~*~*~ (cloud).
 11063 | D:10     | 11063 ||| Stepping ~*~*~tactically~*~*~ (cloud).
 11065 | D:10     | 11065 ||| Stepping ~*~*~tactically~*~*~ (hiding).
 11066 | D:10     | 11066 ||| INVOKING Heroism.
 11067 | D:10     | 11067 ||| Stepping randomly (cloudy).
 11317 | D:10     | Found a shadowy altar of Dithmenos.
 11319 | D:10     | Found a sparkling altar of Nemelex Xobeh.
 11347 | D:10     | 11347 ||| INVOKING Heroism.
 11480 | D:10     | Noticed Urug
 11481 | D:10     | 11481 ||| INVOKING Heroism.
 11482 | D:10     | 11482 ||| INVOKING Finesse.
 11483 | D:10     | 11483 ||| INVOKING Finesse.
 11502 | D:10     | Killed Urug
 11502 | D:10     | Received a gift from Okawaru
 11767 | D:10     | 11767 ||| PLANNING LAIR
 11767 | D:10     | 11767 ||| UPGRADING to +0 buckler of reflection.
 11777 | D:10     | 11777 ||| DROPPING +0 buckler.
 11778 | D:10     | 11778 ||| DRINKING 2 pink potions.
 11779 | D:10     | 11779 ||| DROPPING potion of invisibility.
 11834 | Lair:1   | Entered Level 1 of the Lair of Beasts
 11835 | Lair:1   | 11835 ||| PLANNING GAUNTLET
 11851 | Lair:1   | Reached skill level 9 in Invocations
 11851 | Lair:1   | Reached XP level 12. HP: 76/76 MP: 18/18
 11877 | Lair:1   | 11877 ||| Stepping ~*~*~tactically~*~*~ (stealth).
 11880 | Lair:1   | 11880 ||| INVOKING Heroism.
 11885 | Lair:1   | Reached skill level 3 in Throwing
 11890 | Lair:1   | Received a gift from Okawaru
 11892 | Lair:1   | Reached skill level 12 in Axes
 12148 | Lair:1   | 12148 ||| INVOKING Heroism.
 12177 | Lair:1   | Received a gift from Okawaru
 12178 | Lair:1   | 12178 ||| Stepping ~*~*~tactically~*~*~ (stealth).
 12192 | Lair:1   | 12192 ||| Stepping ~*~*~tactically~*~*~ (stealth).
 12244 | Lair:1   | 12244 ||| Stepping ~*~*~tactically~*~*~ (stealth).
 12246 | Lair:1   | 12246 ||| INVOKING Heroism.
 12248 | Lair:1   | 12248 ||| Stepping ~*~*~tactically~*~*~ (stealth).
 12263 | Lair:1   | Reached skill level 6 in Shields
 12276 | Lair:1   | Identified the +8 hand axe of Premature Burial {venom,
                  | rElec Dex+3} (Okawaru gifted it to you on level 1 of the
                  | Lair of Beasts)
 12276 | Lair:1   | Received a gift from Okawaru
 12343 | Lair:1   | Found a runed translucent door.
 12360 | Lair:1   | 12360 ||| RIP GAUNTLET
 12397 | Lair:1   | 12397 ||| PLANNING LAIR
 12397 | Lair:1   | 12397 ||| Stepping ~*~*~tactically~*~*~ (hiding).
 12398 | Lair:1   | 12398 ||| INVOKING Heroism.
 12425 | Lair:1   | 12425 ||| Stepping ~*~*~tactically~*~*~ (stealth).
 12429 | Lair:1   | 12429 ||| Stepping ~*~*~tactically~*~*~ (stealth).
 12897 | Lair:1   | Noticed qw's ghost (journeyman MiBe)
 12897 | Lair:1   | Identified the +0 spear of Saltpetre {flame, Will++ Int+2}
 13122 | Lair:1   | 13122 ||| DROPPING ring of positive energy.
 13123 | Lair:1   | 13123 ||| READING 13 scrolls of identify.
 13123 | Lair:1   | 13123 ||| IDENTIFYING fizzy cyan potion
 13124 | Lair:1   | 13124 ||| DROPPING potion of brilliance.
 13217 | Lair:2   | 13217 ||| READING scroll of enchant armour.
 13217 | Lair:2   | 13217 ||| ENCHANTING +1 plate armour.
 13373 | Lair:2   | Found a transporter.
 13385 | Lair:2   | 13385 ||| Stepping ~*~*~tactically~*~*~ (hiding).
 13388 | Lair:2   | 13388 ||| Stepping ~*~*~tactically~*~*~ (hiding).
 13515 | Lair:2   | Found a staircase to the Shoals.
 13518 | Lair:2   | 13518 ||| INVOKING Heroism.
 13636 | Lair:2   | Found a transporter.
 13640 | Lair:2   | 13640 ||| INVOKING Heroism.
 13931 | Lair:3   | 13931 ||| INVOKING Heroism.
 13950 | Lair:3   | Reached XP level 13. HP: 63/82 MP: 20/20
 14065 | Lair:3   | Found an ornate altar of the Wu Jian Council.
 14065 | Lair:3   | Found a hide-covered altar of Uskayaw.
 14066 | Lair:3   | 14066 ||| INVOKING Heroism.
 14067 | Lair:3   | 14067 ||| INVOKING Finesse.
 14075 | Lair:3   | Received a gift from Okawaru
 14076 | Lair:3   | Reached skill level 9 in Armour
 14154 | Lair:3   | 14154 ||| INVOKING Heroism.
 14189 | Lair:3   | 14189 ||| FLEEEEING.
 14190 | Lair:3   | 14190 ||| FLEEEEING.
 14191 | Lair:3   | 14191 ||| FLEEEEING.
 14192 | Lair:3   | 14192 ||| FLEEEEING.
 14193 | Lair:3   | 14193 ||| FLEEEEING.
 14194 | Lair:3   | 14194 ||| FLEEEEING.
 14195 | Lair:3   | 14195 ||| FLEEEEING.
 14196 | Lair:3   | 14196 ||| FLEEEEING.
 14197 | Lair:3   | 14197 ||| FLEEEEING.
 14198 | Lair:3   | 14198 ||| FLEEEEING.
 14203 | Lair:3   | 14203 ||| FLEEEEING.
 14204 | Lair:3   | 14204 ||| FLEEEEING.
 14205 | Lair:3   | 14205 ||| FLEEEEING.
 14206 | Lair:3   | 14206 ||| STAIRDANCE
 14335 | Lair:3   | 14335 ||| Stepping ~*~*~tactically~*~*~ (hiding).
 14593 | Lair:3   | 14593 ||| READING scroll of enchant weapon.
 14593 | Lair:3   | 14593 ||| ENCHANTING +2 broad axe of flaming.
 14685 | Lair:3   | 14685 ||| INVOKING Heroism.
 14794 | Lair:3   | 14794 ||| INVOKING Heroism.
 14911 | Lair:3   | Found a hole to the Spider Nest.
 14957 | Lair:3   | You fall into a shaft and drop 2 floors!
 14957 | Lair:5   | Entered Level 5 of the Lair of Beasts
 14958 | Lair:5   | 14958 ||| INVOKING Heroism.
 14962 | Lair:5   | Identified the +9 falchion "Pusedireda" {speed, Will++}
                  | (Okawaru gifted it to you on level 5 of the Lair of Beasts)
 14962 | Lair:5   | Received a gift from Okawaru
 15054 | Lair:5   | 15054 ||| READING 15 scrolls of identify.
 15054 | Lair:5   | 15054 ||| IDENTIFYING grey potion
 15055 | Lair:5   | 15055 ||| READING 14 scrolls of identify.
 15055 | Lair:5   | 15055 ||| IDENTIFYING bubbling clear potion
 15063 | Lair:5   | 15063 ||| INVOKING Heroism.
 15064 | Lair:5   | 15064 ||| STAIRDANCE
 15513 | Lair:4   | 15513 ||| STAIRDANCE
 15540 | Lair:4   | 15540 ||| Stepping ~*~*~tactically~*~*~ (stealth).
 15541 | Lair:4   | 15541 ||| Stepping ~*~*~tactically~*~*~ (stealth).
 15542 | Lair:4   | 15542 ||| Stepping ~*~*~tactically~*~*~ (stealth).
 15727 | Lair:4   | Found a viscous altar of Jiyva.
 15727 | Lair:4   | Found a staircase to the Slime Pits.
 15740 | Lair:4   | Found a frozen archway.
 15741 | Lair:4   | 15741 ||| INVOKING Heroism.
 15759 | Lair:4   | 15759 ||| Stepping ~*~*~tactically~*~*~ (stealth).
 15761 | Lair:4   | 15761 ||| Stepping ~*~*~tactically~*~*~ (stealth).
 15771 | Lair:4   | 15771 ||| INVOKING Heroism.
 16052 | Lair:4   | 16052 ||| INVOKING Heroism.
 16289 | Lair:4   | 16289 ||| READING scroll labelled LUBOLEK RIHOP.
 16303 | Lair:5   | 16303 ||| STAIRDANCE
 16305 | Lair:4   | 16305 ||| INVOKING Heroism.
 16374 | Lair:5   | 16374 ||| INVOKING Heroism.
 16475 | Lair:5   | 16475 ||| INVOKING Heroism.
 16483 | Lair:5   | Identified the +0 helmet of Action {rPois Dex+2} (Okawaru
                  | gifted it to you on level 5 of the Lair of Beasts)
 16483 | Lair:5   | Received a gift from Okawaru
 16484 | Lair:5   | 16484 ||| Stepping ~*~*~tactically~*~*~ (stealth).
 16490 | Lair:5   | 16490 ||| Stepping ~*~*~tactically~*~*~ (stealth).
 16630 | Lair:5   | 16630 ||| INVOKING Heroism.
 16631 | Lair:5   | 16631 ||| INVOKING Finesse.
 16633 | Lair:5   | 16633 ||| Stepping ~*~*~tactically~*~*~ (stealth).
 16705 | Lair:5   | 16705 ||| Stepping ~*~*~tactically~*~*~ (stealth).
 16707 | Lair:5   | 16707 ||| Stepping ~*~*~tactically~*~*~ (stealth).
 16708 | Lair:5   | 16708 ||| Stepping ~*~*~tactically~*~*~ (stealth).
 16709 | Lair:5   | 16709 ||| Stepping ~*~*~tactically~*~*~ (stealth).
 16715 | Lair:5   | 16715 ||| INVOKING Heroism.
 16716 | Lair:5   | 16716 ||| Stepping ~*~*~tactically~*~*~ (stealth).
 16717 | Lair:5   | 16717 ||| INVOKING Finesse.
 16788 | Lair:5   | 16788 ||| INVOKING Heroism.
 16803 | Lair:5   | 16803 ||| Stepping ~*~*~tactically~*~*~ (stealth).
 16804 | Lair:5   | 16804 ||| Stepping ~*~*~tactically~*~*~ (stealth).
 16809 | Lair:5   | 16809 ||| Stepping ~*~*~tactically~*~*~ (stealth).
 16840 | Lair:5   | Gained mutation: Your large and strong wings let you fly.
                  | [Gargoyle growth]
 16840 | Lair:5   | Reached XP level 14. HP: 90/90 MP: 21/21
 16965 | Lair:5   | 16965 ||| INVOKING Heroism.
 16966 | Lair:5   | 16966 ||| Stepping ~*~*~tactically~*~*~ (stealth).
 16967 | Lair:5   | 16967 ||| INVOKING Finesse.
 16975 | Lair:5   | 16975 ||| Stepping ~*~*~tactically~*~*~ (stealth).
 16982 | Lair:5   | Reached skill level 6 in Throwing
 16999 | Lair:5   | Noticed a dire elephant
 17002 | Lair:5   | 17002 ||| Stepping ~*~*~tactically~*~*~ (stealth).
 17022 | Lair:5   | Killed a dire elephant
 17023 | Lair:5   | Reached skill level 15 in Axes
 17030 | Lair:5   | 17030 ||| INVOKING Heroism.
 17099 | Lair:5   | 17099 ||| Stepping ~*~*~tactically~*~*~ (stealth).
 17161 | Lair:5   | 17161 ||| Stepping ~*~*~tactically~*~*~ (stealth).
 17336 | Lair:5   | 17336 ||| READING scroll of enchant weapon.
 17336 | Lair:5   | 17336 ||| ENCHANTING +3 broad axe of flaming.
 17342 | Lair:5   | 17342 ||| Stepping ~*~*~tactically~*~*~ (stealth).
 17344 | Lair:5   | 17344 ||| Stepping ~*~*~tactically~*~*~ (stealth).
 17716 | Lair:5   | 17716 ||| Stepping ~*~*~tactically~*~*~ (stealth).
 17978 | Lair:5   | 17978 ||| READING scroll of enchant weapon.
 17978 | Lair:5   | 17978 ||| ENCHANTING +4 broad axe of flaming.
 17981 | Lair:5   | 17981 ||| PLANNING D:1-11
 17981 | Lair:5   | 17981 ||| UPGRADING to +0 helmet of Action {rPois Dex+2}.
 17986 | Lair:5   | 17986 ||| DROPPING scarf of harm.
 17987 | Lair:5   | 17987 ||| UPGRADING to +1 cloak.
 17992 | Lair:5   | 17992 ||| READING scroll labelled KUGAL IPRAE.
 18252 | D:11     | 18252 ||| STAIRDANCE
 18329 | D:11     | 18329 ||| Stepping ~*~*~tactically~*~*~ (stealth).
 18335 | D:11     | Received a gift from Okawaru
 18598 | D:11     | Found Suitz's General Store.
 18960 | D:11     | 18960 ||| BUYING +3 crown of Dyrovepreva {rElec Int+2 SInv}
                  | (579 gold).
 18960 | D:11     | Bought the +3 crown of Dyrovepreva {rElec Int+2 SInv} for
                  | 579 gold pieces
 18960 | D:11     | Found the +3 crown of Dyrovepreva {rElec Int+2 SInv}
 18960 | D:11     | 18960 ||| SHOPLISTING ring of ice (350 gold, have 270).
 18978 | D:11     | 18978 ||| PLANNING D
 18978 | D:11     | 18978 ||| UPGRADING to +3 crown of Dyrovepreva {rElec Int+2
                  | SInv}.
 18994 | D:11     | 18994 ||| DROPPING +0 helmet of Action {rPois Dex+2}.
 19024 | D:11     | 19024 ||| Stepping ~*~*~tactically~*~*~ (stealth).
 19063 | D:12     | 19063 ||| STAIRDANCE
 19075 | D:12     | 19075 ||| INVOKING Heroism.
 19146 | D:12     | Identified the +0 leather armour of Gusa {Will+ MP+9 Int+3
                  | Dex-5}
 19155 | D:12     | 19155 ||| FLEEEEING.
 19159 | D:12     | 19159 ||| STAIRDANCE
 19282 | D:12     | 19282 ||| Stepping ~*~*~tactically~*~*~ (stealth).
 19288 | D:12     | 19288 ||| Stepping ~*~*~tactically~*~*~ (stealth).
 19290 | D:12     | 19290 ||| INVOKING Heroism.
 19328 | D:12     | 19328 ||| Stepping ~*~*~tactically~*~*~ (stealth).
 19345 | D:12     | 19345 ||| Stepping ~*~*~tactically~*~*~ (stealth).
 19347 | D:12     | 19347 ||| Stepping ~*~*~tactically~*~*~ (hiding).
 19351 | D:12     | 19351 ||| INVOKING Heroism.
 19364 | D:12     | Reached skill level 12 in Fighting
 19396 | D:12     | 19396 ||| INVOKING Heroism.
 19397 | D:12     | 19397 ||| INVOKING Finesse.
 19457 | D:12     | 19457 ||| READING 6 scrolls of teleportation.
 19468 | D:12     | Received a gift from Okawaru
 19492 | D:12     | 19492 ||| READING 5 scrolls of teleportation.
 19503 | D:12     | 19503 ||| Stepping ~*~*~tactically~*~*~ (hiding).
 19507 | D:12     | 19507 ||| INVOKING Heroism.
 19769 | D:12     | 19769 ||| INVOKING Heroism.
 19776 | D:12     | Received a gift from Okawaru
 19904 | D:12     | 19904 ||| READING scroll of enchant weapon.
 19904 | D:12     | 19904 ||| ENCHANTING +5 broad axe of flaming.
 19956 | D:12     | 19956 ||| DROPPING amulet of faith.
 20035 | D:13     | 20035 ||| READING scroll of enchant armour.
 20035 | D:13     | 20035 ||| ENCHANTING +1 cloak.
 20059 | D:13     | 20059 ||| Stepping ~*~*~tactically~*~*~ (hiding).
 20061 | D:13     | 20061 ||| INVOKING Heroism.
 20066 | D:13     | 20066 ||| Stepping ~*~*~tactically~*~*~ (hiding).
 20070 | D:13     | HP: 22/92 [efreet/fireball (24)]
 20071 | D:13     | 20071 ||| READING 4 scrolls of teleportation.
 20072 | D:13     | 20072 ||| DRINKING 5 potions of heal wounds.
 20074 | D:13     | 20074 ||| DRINKING 4 potions of heal wounds.
 20369 | D:13     | 20369 ||| INVOKING Heroism.
 20384 | D:13     | Reached ****** piety under Okawaru
 20384 | D:13     | Received a gift from Okawaru
 20448 | D:13     | Found Ofagh's General Store.
 20450 | D:13     | 20450 ||| Stepping ~*~*~tactically~*~*~ (hiding).
 20518 | D:13     | 20518 ||| BUYING potion of magic (80 gold).
 20518 | D:13     | Bought a potion of magic for 80 gold pieces
 20518 | D:13     | 20518 ||| BUYING potion of mutation (80 gold).
 20518 | D:13     | Bought a potion of mutation for 80 gold pieces
 20518 | D:13     | 20518 ||| BUYING potion of mutation (80 gold).
 20518 | D:13     | Bought a potion of mutation for 80 gold pieces
 20518 | D:13     | 20518 ||| BUYING scroll of enchant weapon (75 gold).
 20518 | D:13     | Bought a scroll of enchant weapon for 75 gold pieces
 20518 | D:13     | 20518 ||| BUYING scroll of teleportation (30 gold).
 20518 | D:13     | Bought a scroll of teleportation for 30 gold pieces
 20518 | D:13     | 20518 ||| READING scroll of enchant weapon.
 20518 | D:13     | 20518 ||| ENCHANTING +6 broad axe of flaming.
 20551 | D:13     | 20551 ||| Stepping ~*~*~tactically~*~*~ (hiding).
 20742 | D:13     | 20742 ||| UPGRADING to +0 kite shield.
 20752 | D:13     | 20752 ||| DROPPING +0 buckler of reflection.
 20753 | D:13     | 20753 ||| READING 2 scrolls labelled KUWEIK ORHICHEGA.
 20754 | D:13     | 20754 ||| READING scroll labelled XUMMAERERA.
 20834 | D:13     | 20834 ||| DROPPING scroll of noise.
 20891 | D:14     | 20891 ||| Stepping ~*~*~tactically~*~*~ (stealth).
 20895 | D:14     | 20895 ||| INVOKING Heroism.
 20903 | D:14     | 20903 ||| Stepping ~*~*~tactically~*~*~ (stealth).
 20906 | D:14     | Reached XP level 15. HP: 96/96 MP: 20/22
 20908 | D:14     | 20908 ||| Stepping ~*~*~tactically~*~*~ (stealth).
 20911 | D:14     | 20911 ||| Stepping ~*~*~tactically~*~*~ (stealth).
 20914 | D:14     | 20914 ||| Stepping ~*~*~tactically~*~*~ (stealth).
 20915 | D:14     | 20915 ||| Stepping ~*~*~tactically~*~*~ (stealth).
 20916 | D:14     | 20916 ||| Stepping ~*~*~tactically~*~*~ (stealth).
 20919 | D:14     | 20919 ||| Stepping ~*~*~tactically~*~*~ (stealth).
 20980 | D:14     | 20980 ||| FLEEEEING.
 20981 | D:14     | 20981 ||| FLEEEEING.
 20982 | D:14     | 20982 ||| FLEEEEING.
 20983 | D:14     | 20983 ||| FLEEEEING.
 20984 | D:14     | 20984 ||| FLEEEEING.
 20985 | D:14     | 20985 ||| FLEEEEING.
 20986 | D:14     | 20986 ||| FLEEEEING.
 20987 | D:14     | 20987 ||| FLEEEEING.
 20988 | D:14     | 20988 ||| FLEEEEING.
 20989 | D:14     | 20989 ||| FLEEEEING.
 20990 | D:14     | 20990 ||| FLEEEEING.
 20991 | D:14     | 20991 ||| FLEEEEING.
 20992 | D:14     | 20992 ||| FLEEEEING.
 20993 | D:14     | 20993 ||| FLEEEEING.
 20994 | D:14     | 20994 ||| FLEEEEING.
 20995 | D:14     | 20995 ||| FLEEEEING.
 20996 | D:14     | 20996 ||| FLEEEEING.
 20997 | D:14     | 20997 ||| FLEEEEING.
 20998 | D:14     | 20998 ||| FLEEEEING.
 20999 | D:14     | 20999 ||| FLEEEEING.
 21000 | D:14     | 21000 ||| FLEEEEING.
 21001 | D:14     | 21001 ||| FLEEEEING.
 21002 | D:14     | 21002 ||| FLEEEEING.
 21003 | D:14     | 21003 ||| FLEEEEING.
 21004 | D:14     | 21004 ||| FLEEEEING.
 21006 | D:14     | 21006 ||| FLEEEEING.
 21007 | D:14     | 21007 ||| FLEEEEING.
 21008 | D:14     | 21008 ||| FLEEEEING.
 21009 | D:14     | 21009 ||| FLEEEEING.
 21010 | D:14     | 21010 ||| FLEEEEING.
 21011 | D:14     | 21011 ||| FLEEEEING.
 21012 | D:14     | 21012 ||| FLEEEEING.
 21013 | D:14     | 21013 ||| FLEEEEING.
 21014 | D:14     | 21014 ||| FLEEEEING.
 21015 | D:14     | 21015 ||| FLEEEEING.
 21016 | D:14     | 21016 ||| FLEEEEING.
 21017 | D:14     | 21017 ||| FLEEEEING.
 21018 | D:14     | 21018 ||| FLEEEEING.
 21019 | D:14     | 21019 ||| FLEEEEING.
 21020 | D:14     | 21020 ||| FLEEEEING.
 21024 | D:14     | 21024 ||| FLEEEEING.
 21025 | D:14     | 21025 ||| FLEEEEING.
 21026 | D:14     | 21026 ||| FLEEEEING.
 21027 | D:14     | 21027 ||| FLEEEEING.
 21029 | D:14     | 21029 ||| FLEEEEING.
 21030 | D:14     | 21030 ||| INVOKING Heroism.
 21080 | D:14     | 21080 ||| Stepping ~*~*~tactically~*~*~ (stealth).
 21092 | D:14     | Reached skill level 9 in Shields
 21274 | D:14     | 21274 ||| Stepping ~*~*~tactically~*~*~ (hiding).
 21275 | D:14     | 21275 ||| Stepping ~*~*~tactically~*~*~ (hiding).
 21433 | D:14     | 21433 ||| Stepping ~*~*~tactically~*~*~ (hiding).
 21549 | D:14     | 21549 ||| Stepping ~*~*~tactically~*~*~ (stealth).
 21557 | D:14     | Received a gift from Okawaru
 21565 | D:14     | 21565 ||| Stepping ~*~*~tactically~*~*~ (hiding).
 21629 | D:14     | Found a transporter.
 21632 | D:14     | Found a transporter.
 21632 | D:14     | Noticed Ficoysum's ghost (journeyman GnWn)
 21633 | D:14     | Noticed a tengu reaver
 21666 | D:14     | Found a gate to the Vaults.
 21722 | D:14     | 21722 ||| Stepping ~*~*~tactically~*~*~ (hiding).
 21728 | D:14     | 21728 ||| INVOKING Heroism.
 22145 | D:15     | Entered Level 15 of the Dungeon
 22145 | D:15     | Noticed Agnes
 22146 | D:15     | 22146 ||| STAIRDANCE
 22148 | D:14     | 22148 ||| INVOKING Heroism.
 22149 | D:14     | 22149 ||| INVOKING Finesse.
 22161 | D:14     | Killed Agnes
 22284 | D:15     | 22284 ||| FLEEEEING.
 22285 | D:15     | 22285 ||| FLEEEEING.
 22286 | D:15     | 22286 ||| FLEEEEING.
 22287 | D:15     | 22287 ||| FLEEEEING.
 22288 | D:15     | 22288 ||| FLEEEEING.
 22289 | D:15     | 22289 ||| STAIRDANCE
 22376 | D:15     | 22376 ||| INVOKING Heroism.
 22498 | D:15     | Noticed Louise
 22499 | D:15     | 22499 ||| INVOKING Heroism.
 22500 | D:15     | 22500 ||| INVOKING Finesse.
 22513 | D:15     | Killed Louise
 22585 | D:15     | 22585 ||| Stepping ~*~*~tactically~*~*~ (stealth).
 22592 | D:15     | 22592 ||| INVOKING Heroism.
 22593 | D:15     | Received a gift from Okawaru
 22599 | D:15     | Reached skill level 12 in Shields
 22772 | D:15     | Found a staircase to the Depths.
 22838 | D:15     | 22838 ||| INVOKING Heroism.
 22993 | D:15     | 22993 ||| INVOKING Heroism.
 23662 | D:15     | 23662 ||| PLANNING ORC
 23662 | D:15     | 23662 ||| UPGRADING to +0 tower shield.
 23672 | D:15     | 23672 ||| DROPPING +0 kite shield.
 23838 | Orc:1    | Entered Level 1 of the Orcish Mines
 23847 | Orc:1    | 23847 ||| Stepping ~*~*~tactically~*~*~ (hiding).
 24012 | Orc:1    | 24012 ||| Stepping ~*~*~tactically~*~*~ (hiding).
 24013 | Orc:1    | 24013 ||| Stepping ~*~*~tactically~*~*~ (stealth).
 24017 | Orc:1    | 24017 ||| Stepping ~*~*~tactically~*~*~ (stealth).
 24018 | Orc:1    | 24018 ||| Stepping ~*~*~tactically~*~*~ (stealth).
 24019 | Orc:1    | 24019 ||| Stepping ~*~*~tactically~*~*~ (stealth).
 24030 | Orc:1    | 24030 ||| Stepping ~*~*~tactically~*~*~ (stealth).
 24031 | Orc:1    | 24031 ||| Stepping ~*~*~tactically~*~*~ (stealth).
 24032 | Orc:1    | 24032 ||| Stepping ~*~*~tactically~*~*~ (stealth).
 24125 | Orc:1    | 24125 ||| Stepping ~*~*~tactically~*~*~ (hiding).
 24127 | Orc:1    | 24127 ||| INVOKING Heroism.
 24130 | Orc:1    | 24130 ||| Stepping ~*~*~tactically~*~*~ (hiding).
 24162 | Orc:1    | 24162 ||| Stepping ~*~*~tactically~*~*~ (stealth).
 24169 | Orc:1    | 24169 ||| Stepping ~*~*~tactically~*~*~ (stealth).
 24171 | Orc:1    | 24171 ||| Stepping ~*~*~tactically~*~*~ (stealth).
 24172 | Orc:1    | 24172 ||| Stepping ~*~*~tactically~*~*~ (stealth).
 24238 | Orc:1    | Noticed Snorg
 24238 | Orc:1    | 24238 ||| Stepping ~*~*~tactically~*~*~ (stealth).
 24240 | Orc:1    | 24240 ||| Stepping ~*~*~tactically~*~*~ (stealth).
 24242 | Orc:1    | 24242 ||| Stepping ~*~*~tactically~*~*~ (stealth).
 24246 | Orc:1    | 24246 ||| INVOKING Finesse.
 24247 | Orc:1    | 24247 ||| INVOKING Heroism.
 24257 | Orc:1    | Killed Snorg
 24435 | Orc:1    | 24435 ||| UPGRADING to +0 plate armour of cold resistance.
 24475 | Orc:2    | Entered Level 2 of the Orcish Mines
 24475 | Orc:2    | Found a staircase to the Elven Halls.
 24476 | Orc:2    | 24476 ||| STAIRDANCE
 24482 | Orc:2    | 24482 ||| STAIRDANCE
 24484 | Orc:1    | 24484 ||| INVOKING Heroism.
 24512 | Orc:2    | 24512 ||| STAIRDANCE
 24521 | Orc:2    | 24521 ||| STAIRDANCE
 24529 | Orc:2    | 24529 ||| STAIRDANCE
 24538 | Orc:2    | 24538 ||| STAIRDANCE
 24638 | Orc:2    | 24638 ||| INVOKING Heroism.
 24646 | Orc:2    | 24646 ||| Stepping ~*~*~tactically~*~*~ (stealth).
 24647 | Orc:2    | 24647 ||| Stepping ~*~*~tactically~*~*~ (stealth).
 24652 | Orc:2    | 24652 ||| Stepping ~*~*~tactically~*~*~ (stealth).
 24654 | Orc:2    | 24654 ||| Stepping ~*~*~tactically~*~*~ (hiding).
 24665 | Orc:2    | 24665 ||| Stepping ~*~*~tactically~*~*~ (hiding).
 24677 | Orc:2    | Found a runed translucent door.
 24682 | Orc:2    | Noticed qw's ghost (journeyman DsCA)
 24721 | Orc:2    | 24721 ||| Stepping ~*~*~tactically~*~*~ (stealth).
 24726 | Orc:2    | 24726 ||| Stepping ~*~*~tactically~*~*~ (stealth).
 24728 | Orc:2    | 24728 ||| INVOKING Heroism.
 24748 | Orc:2    | Identified the +0 pair of boots of Reason {Harm *Corrode
                  | Int+2} (Okawaru gifted it to you on level 2 of the Orcish
                  | Mines)
 24748 | Orc:2    | Received a gift from Okawaru
 24757 | Orc:2    | HP: 15/96 [orc knight/+0 war axe (11)]
 24758 | Orc:2    | 24758 ||| READING 8 scrolls of teleportation.
 24759 | Orc:2    | 24759 ||| DRINKING 3 potions of heal wounds.
 24760 | Orc:2    | 24760 ||| DRINKING 2 potions of heal wounds.
 24761 | Orc:2    | 24761 ||| DRINKING potion of heal wounds.
 24869 | Orc:2    | 24869 ||| Stepping ~*~*~tactically~*~*~ (stealth).
 24876 | Orc:2    | 24876 ||| Stepping ~*~*~tactically~*~*~ (stealth).
 24937 | Orc:2    | 24937 ||| INVOKING Heroism.
 24979 | Orc:2    | Found a burning altar of Makhleb.
 24990 | Orc:2    | 24990 ||| FLEEEEING.
 24991 | Orc:2    | 24991 ||| FLEEEEING.
 24992 | Orc:2    | 24992 ||| FLEEEEING.
 24993 | Orc:2    | 24993 ||| FLEEEEING.
 24994 | Orc:2    | 24994 ||| FLEEEEING.
 24995 | Orc:2    | 24995 ||| FLEEEEING.
 24996 | Orc:2    | 24996 ||| FLEEEEING.
 24997 | Orc:2    | 24997 ||| FLEEEEING.
 24998 | Orc:2    | 24998 ||| FLEEEEING.
 24999 | Orc:2    | 24999 ||| FLEEEEING.
 25000 | Orc:2    | 25000 ||| FLEEEEING.
 25001 | Orc:2    | 25001 ||| FLEEEEING.
 25002 | Orc:2    | 25002 ||| FLEEEEING.
 25003 | Orc:2    | 25003 ||| FLEEEEING.
 25004 | Orc:2    | 25004 ||| INVOKING Heroism.
 25048 | Orc:2    | 25048 ||| INVOKING Heroism.
 25086 | Orc:2    | 25086 ||| Stepping ~*~*~tactically~*~*~ (stealth).
 25096 | Orc:2    | 25096 ||| Stepping ~*~*~tactically~*~*~ (stealth).
 25097 | Orc:2    | 25097 ||| Stepping ~*~*~tactically~*~*~ (stealth).
 25137 | Orc:2    | 25137 ||| Stepping ~*~*~tactically~*~*~ (hiding).
 25144 | Orc:2    | 25144 ||| INVOKING Heroism.
 25166 | Orc:2    | 25166 ||| Stepping ~*~*~tactically~*~*~ (stealth).
 25257 | Orc:2    | Found Famest's Book Shoppe.
 25257 | Orc:2    | Found Leirghiul's Antique Weapon Shoppe.
 25263 | Orc:2    | Found Filasih's Jewellery Emporium.
 25265 | Orc:2    | Found Bium's Book Emporium.
 25269 | Orc:2    | 25269 ||| Stepping ~*~*~tactically~*~*~ (hiding).
 25270 | Orc:2    | 25270 ||| BUYING amulet of reflection (450 gold).
 25270 | Orc:2    | Bought an amulet of reflection for 450 gold pieces
 25270 | Orc:2    | 25270 ||| BUYING ring of fire (375 gold).
 25270 | Orc:2    | Bought a ring of fire for 375 gold pieces
 25377 | Orc:2    | 25377 ||| DROPPING +0 pair of boots of Reason {Harm
                  | *Corrode Int+2}.
 25636 | Orc:2    | 25636 ||| PLANNING SHOALS:1-3
 25636 | Orc:2    | 25636 ||| UPGRADING to amulet of reflection.
 25646 | Orc:2    | 25646 ||| DROPPING amulet of the acrobat.
 25727 | Shoals:1 | Entered Level 1 of the Shoals
 25736 | Shoals:1 | 25736 ||| Stepping ~*~*~tactically~*~*~ (hiding).
 25742 | Shoals:1 | 25742 ||| INVOKING Heroism.
 25750 | Shoals:1 | Reached XP level 16. HP: 76/101 MP: 21/23
 25941 | Shoals:1 | 25941 ||| INVOKING Heroism.
 25942 | Shoals:1 | 25942 ||| INVOKING Finesse.
 25994 | Shoals:1 | 25994 ||| INVOKING Heroism.
 25995 | Shoals:1 | 25995 ||| INVOKING Finesse.
 26192 | Shoals:1 | 26192 ||| READING scroll of brand weapon.
 26192 | Shoals:1 | 26192 ||| BRANDING +7 broad axe of flaming.
 26210 | Shoals:1 | 26210 ||| INVOKING Heroism.
 26225 | Shoals:1 | 26225 ||| INVOKING Heroism.
 26235 | Shoals:1 | Reached skill level 15 in Shields
 26282 | Shoals:1 | 26282 ||| INVOKING Heroism.
 26479 | Shoals:1 | Found Notwa's Assorted Antiques.
 26497 | Shoals:1 | 26497 ||| INVOKING Heroism.
 26543 | Shoals:1 | 26543 ||| INVOKING Heroism.
 26668 | Shoals:1 | 26668 ||| BUYING potion of might (144 gold).
 26668 | Shoals:1 | Bought a potion of might for 144 gold pieces
 26668 | Shoals:1 | 26668 ||| SHOPLISTING scroll of enchant armour (270 gold,
                  | have 157).
 26681 | Shoals:1 | 26681 ||| READING 3 scrolls of brand weapon.
 26681 | Shoals:1 | 26681 ||| BRANDING +7 vorpal broad axe.
 26682 | Shoals:1 | 26682 ||| READING 2 scrolls of brand weapon.
 26682 | Shoals:1 | 26682 ||| BRANDING +7 broad axe of venom.
 26683 | Shoals:1 | 26683 ||| READING scroll of brand weapon.
 26683 | Shoals:1 | 26683 ||| BRANDING +7 broad axe of electrocution.
 26754 | Shoals:1 | 26754 ||| INVOKING Heroism.
 26771 | Shoals:1 | Received a gift from Okawaru
 26950 | Shoals:1 | 26950 ||| Stepping ~*~*~tactically~*~*~ (stealth).
 26952 | Shoals:1 | 26952 ||| Stepping ~*~*~tactically~*~*~ (hiding).
 26954 | Shoals:1 | 26954 ||| Stepping ~*~*~tactically~*~*~ (hiding).
 26956 | Shoals:1 | 26956 ||| INVOKING Heroism.
 27018 | Shoals:1 | 27018 ||| INVOKING Heroism.
 27292 | Shoals:2 | 27292 ||| STAIRDANCE
 27293 | Shoals:2 | 27293 ||| INVOKING Heroism.
 27304 | Shoals:2 | Received a gift from Okawaru
 27347 | Shoals:2 | 27347 ||| INVOKING Heroism.
 27348 | Shoals:2 | 27348 ||| INVOKING Finesse.
 27604 | Shoals:2 | 27604 ||| INVOKING Heroism.
 27741 | Shoals:2 | Identified the +4 ring mail of Responsibility {Harm *Slow
                  | MP+9 Int+5} (Okawaru gifted it to you on level 2 of the
                  | Shoals)
 27741 | Shoals:2 | Received a gift from Okawaru
 27754 | Shoals:2 | 27754 ||| INVOKING Heroism.
 27935 | Shoals:2 | 27935 ||| INVOKING Heroism.
 28033 | Shoals:2 | 28033 ||| INVOKING Heroism.
 28108 | Shoals:2 | 28108 ||| Stepping ~*~*~tactically~*~*~ (stealth).
 28112 | Shoals:2 | 28112 ||| INVOKING Heroism.
 28440 | Shoals:2 | 28440 ||| INVOKING Heroism.
 28451 | Shoals:2 | HP: 25/101 [ice dragon (5)]
 28452 | Shoals:2 | 28452 ||| READING 7 scrolls of teleportation.
 28456 | Shoals:2 | 28456 ||| READING 6 scrolls of teleportation.
 28461 | Shoals:2 | 28461 ||| READING 5 scrolls of teleportation.
 28467 | Shoals:2 | 28467 ||| READING 4 scrolls of teleportation.
 28469 | Shoals:2 | HP: 15/101 [merfolk javelineer/javelin (5)]
 28473 | Shoals:2 | 28473 ||| READING 3 scrolls of teleportation.
 28596 | Shoals:2 | 28596 ||| FLEEEEING.
 28597 | Shoals:2 | 28597 ||| FLEEEEING.
 28616 | Shoals:2 | 28616 ||| FLEEEEING.
 28617 | Shoals:2 | 28617 ||| FLEEEEING.
 28618 | Shoals:2 | 28618 ||| FLEEEEING.
 28623 | Shoals:2 | 28623 ||| STAIRDANCE
 28849 | Shoals:2 | 28849 ||| INVOKING Heroism.
 28850 | Shoals:2 | 28850 ||| INVOKING Finesse.
 28909 | Shoals:2 | 28909 ||| Stepping ~*~*~tactically~*~*~ (hiding).
 28910 | Shoals:2 | 28910 ||| Stepping ~*~*~tactically~*~*~ (hiding).
 28911 | Shoals:2 | 28911 ||| Stepping ~*~*~tactically~*~*~ (hiding).
 28928 | Shoals:2 | 28928 ||| Stepping ~*~*~tactically~*~*~ (hiding).
 28943 | Shoals:2 | 28943 ||| Stepping ~*~*~tactically~*~*~ (hiding).
 28944 | Shoals:2 | 28944 ||| Stepping ~*~*~tactically~*~*~ (hiding).
 28971 | Shoals:2 | 28971 ||| Stepping ~*~*~tactically~*~*~ (stealth).
 28972 | Shoals:2 | 28972 ||| INVOKING Heroism.
 28973 | Shoals:2 | 28973 ||| INVOKING Finesse.
 29285 | Shoals:2 | 29285 ||| INVOKING Heroism.
 29297 | Shoals:2 | 29297 ||| Stepping ~*~*~tactically~*~*~ (cloud).
 29472 | Shoals:3 | Found Vedeewn's Book Emporium.
 29494 | Shoals:3 | 29494 ||| INVOKING Heroism.
 29601 | Shoals:3 | 29601 ||| INVOKING Heroism.
 29605 | Shoals:3 | Reached XP level 17. HP: 88/106 MP: 21/24
 29716 | Shoals:3 | 29716 ||| Stepping ~*~*~tactically~*~*~ (stealth).
 29781 | Shoals:3 | 29781 ||| INVOKING Heroism.
 29853 | Shoals:3 | 29853 ||| READING scroll of enchant armour.
 29853 | Shoals:3 | 29853 ||| ENCHANTING +0 plate armour of cold resistance.
 29876 | Shoals:3 | 29876 ||| Stepping ~*~*~tactically~*~*~ (hiding).
 30210 | Shoals:3 | 30210 ||| INVOKING Heroism.
 30607 | Shoals:3 | 30607 ||| PLANNING SPIDER:1-3
 30706 | Spider:1 | Entered Level 1 of the Spider Nest
 30713 | Spider:1 | 30713 ||| INVOKING Heroism.
 30717 | Spider:1 | Noticed Kirke
 30724 | Spider:1 | 30724 ||| Stepping ~*~*~tactically~*~*~ (stealth).
 30730 | Spider:1 | 30730 ||| DRINKING 2 potions of cancellation.
 30731 | Spider:1 | Killed Kirke
 30745 | Spider:1 | 30745 ||| Stepping ~*~*~tactically~*~*~ (stealth).
 30797 | Spider:1 | 30797 ||| Stepping ~*~*~tactically~*~*~ (hiding).
 30840 | Spider:1 | 30840 ||| Stepping ~*~*~tactically~*~*~ (stealth).
 30844 | Spider:1 | 30844 ||| Stepping ~*~*~tactically~*~*~ (stealth).
 30845 | Spider:1 | 30845 ||| Stepping ~*~*~tactically~*~*~ (stealth).
 30866 | Spider:1 | 30866 ||| Stepping ~*~*~tactically~*~*~ (stealth).
 30870 | Spider:1 | 30870 ||| INVOKING Heroism.
 30890 | Spider:1 | 30890 ||| Stepping ~*~*~tactically~*~*~ (stealth).
 30894 | Spider:1 | 30894 ||| Stepping ~*~*~tactically~*~*~ (stealth).
 30896 | Spider:1 | 30896 ||| Stepping ~*~*~tactically~*~*~ (stealth).
 30933 | Spider:1 | Noticed Azrael
 30935 | Spider:1 | 30935 ||| Stepping ~*~*~tactically~*~*~ (stealth).
 30942 | Spider:1 | 30942 ||| INVOKING Heroism.
 30945 | Spider:1 | Killed Azrael
 30973 | Spider:1 | Reached skill level 12 in Armour
 30976 | Spider:1 | 30976 ||| Stepping ~*~*~tactically~*~*~ (stealth).
 31048 | Spider:1 | 31048 ||| Stepping ~*~*~tactically~*~*~ (stealth).
 31051 | Spider:1 | 31051 ||| Stepping ~*~*~tactically~*~*~ (stealth).
 31168 | Spider:1 | 31168 ||| DROPPING +0 club.
 31189 | Spider:1 | 31189 ||| INVOKING Heroism.
 31191 | Spider:1 | 31191 ||| INVOKING Finesse.
 31213 | Spider:1 | Received a gift from Okawaru
 31262 | Spider:1 | Identified the ring "Zaum" {+Blink rF++ Will- MP+9 Slay+4}
 31463 | Spider:1 | 31463 ||| INVOKING Heroism.
 31478 | Spider:1 | 31478 ||| Stepping ~*~*~tactically~*~*~ (stealth).
 31480 | Spider:1 | 31480 ||| INVOKING Finesse.
 31503 | Spider:1 | 31503 ||| INVOKING Finesse.
 31519 | Spider:1 | Received a gift from Okawaru
 31534 | Spider:1 | 31534 ||| INVOKING Heroism.
 31538 | Spider:1 | 31538 ||| DRINKING 12 potions of curing.
 31538 | Spider:1 | 31538 ||| (to cure confusion)
 31573 | Spider:1 | 31573 ||| INVOKING Heroism.
 31579 | Spider:1 | 31579 ||| Stepping ~*~*~tactically~*~*~ (stealth).
 31608 | Spider:1 | 31608 ||| Stepping ~*~*~tactically~*~*~ (stealth).
 31609 | Spider:1 | 31609 ||| Stepping ~*~*~tactically~*~*~ (stealth).
 31610 | Spider:1 | 31610 ||| INVOKING Heroism.
 31612 | Spider:1 | 31612 ||| DRINKING 11 potions of curing.
 31612 | Spider:1 | 31612 ||| (to cure confusion)
 31851 | Spider:1 | Found a hide-covered altar of Uskayaw.
 31968 | Spider:1 | 31968 ||| DROPPING scarf of shadows.
 31969 | Spider:1 | 31969 ||| UPGRADING to ring "Zaum" {+Blink rF++ Will- MP+9
                  | Slay+4}.
 32009 | Spider:1 | 32009 ||| DROPPING ring of ice.
 32039 | Spider:2 | 32039 ||| Stepping ~*~*~tactically~*~*~ (hiding).
 32040 | Spider:2 | 32040 ||| INVOKING Heroism.
 32048 | Spider:2 | 32048 ||| INVOKING Finesse.
 32252 | Spider:2 | 32252 ||| READING scroll of enchant armour.
 32252 | Spider:2 | 32252 ||| ENCHANTING +1 plate armour of cold resistance.
 32285 | Spider:2 | 32285 ||| READING scroll of enchant weapon.
 32285 | Spider:2 | 32285 ||| ENCHANTING +7 broad axe of freezing.
 32300 | Spider:2 | 32300 ||| Stepping ~*~*~tactically~*~*~ (stealth).
 32301 | Spider:2 | 32301 ||| INVOKING Heroism.
 32344 | Spider:2 | Reached skill level 18 in Axes
 32367 | Spider:2 | Noticed Arachne
 32368 | Spider:2 | 32368 ||| INVOKING Finesse.
 32375 | Spider:2 | Killed Arachne
 32451 | Spider:2 | 32451 ||| Stepping ~*~*~tactically~*~*~ (hiding).
 32453 | Spider:2 | 32453 ||| INVOKING Heroism.
 32688 | Spider:2 | Reached XP level 18. HP: 111/112 MP: 25/25
 32692 | Spider:2 | 32692 ||| DROPPING +1 whip of flaming.
 33218 | Spider:2 | 33218 ||| INVOKING Heroism.
 33220 | Spider:2 | 33220 ||| DRINKING 10 potions of curing.
 33220 | Spider:2 | 33220 ||| (to cure confusion)
 33276 | Spider:2 | 33276 ||| DROPPING +0 ice dragon scales.
 33277 | Spider:2 | 33277 ||| DROPPING +2 plate armour.
 33284 | Spider:3 | 33284 ||| STAIRDANCE
 33289 | Spider:3 | 33289 ||| STAIRDANCE
 33296 | Spider:3 | 33296 ||| STAIRDANCE
 33298 | Spider:2 | 33298 ||| INVOKING Heroism.
 33398 | Spider:3 | 33398 ||| INVOKING Finesse.
 33440 | Spider:3 | 33440 ||| INVOKING Heroism.
 33441 | Spider:3 | 33441 ||| INVOKING Finesse.
 33568 | Spider:3 | 33568 ||| INVOKING Heroism.
 33580 | Spider:3 | Received a gift from Okawaru
 33712 | Spider:3 | Reached skill level 18 in Shields
 33722 | Spider:3 | 33722 ||| Stepping ~*~*~tactically~*~*~ (stealth).
 33743 | Spider:3 | 33743 ||| Stepping ~*~*~tactically~*~*~ (stealth).
 33819 | Spider:3 | Found a transporter.
 33825 | Spider:3 | Noticed qw's ghost (adept MiBe)
 33826 | Spider:3 | Found a transporter.
 33919 | Spider:3 | 33919 ||| INVOKING Heroism.
 33966 | Spider:3 | 33966 ||| Stepping ~*~*~tactically~*~*~ (stealth).
 33967 | Spider:3 | 33967 ||| Stepping ~*~*~tactically~*~*~ (stealth).
 33968 | Spider:3 | 33968 ||| Stepping ~*~*~tactically~*~*~ (stealth).
 33970 | Spider:3 | 33970 ||| Stepping ~*~*~tactically~*~*~ (stealth).
 33971 | Spider:3 | 33971 ||| Stepping ~*~*~tactically~*~*~ (stealth).
 34181 | Spider:3 | 34181 ||| READING scroll of enchant weapon.
 34181 | Spider:3 | 34181 ||| ENCHANTING +8 broad axe of freezing.
 34518 | Spider:3 | 34518 ||| PLANNING SHOALS:4
 34683 | Shoals:4 | Entered Level 4 of the Shoals
 34690 | Shoals:4 | 34690 ||| INVOKING Heroism.
 34691 | Shoals:4 | 34691 ||| INVOKING Finesse.
 34752 | Shoals:4 | 34752 ||| Stepping ~*~*~tactically~*~*~ (stealth).
 34753 | Shoals:4 | 34753 ||| Stepping ~*~*~tactically~*~*~ (hiding).
 34756 | Shoals:4 | 34756 ||| Stepping ~*~*~tactically~*~*~ (hiding).
 34757 | Shoals:4 | 34757 ||| INVOKING Finesse.
 34811 | Shoals:4 | 34811 ||| Stepping ~*~*~tactically~*~*~ (hiding).
 34814 | Shoals:4 | 34814 ||| INVOKING Heroism.
 34825 | Shoals:4 | Received a gift from Okawaru
 34902 | Shoals:4 | 34902 ||| INVOKING Heroism.
 35001 | Shoals:4 | 35001 ||| INVOKING Heroism.
 35161 | Shoals:4 | 35161 ||| INVOKING Heroism.
 35162 | Shoals:4 | 35162 ||| INVOKING Finesse.
 35205 | Shoals:4 | Reached skill level 6 in Dodging
 35211 | Shoals:4 | 35211 ||| Stepping ~*~*~tactically~*~*~ (hiding).
 35214 | Shoals:4 | 35214 ||| INVOKING Finesse.
 35215 | Shoals:4 | 35215 ||| Stepping ~*~*~tactically~*~*~ (hiding).
 35217 | Shoals:4 | 35217 ||| INVOKING Heroism.
 35370 | Shoals:4 | 35370 ||| INVOKING Heroism.
 35440 | Shoals:4 | 35440 ||| INVOKING Heroism.
 35532 | Shoals:4 | 35532 ||| Stepping ~*~*~tactically~*~*~ (hiding).
 35533 | Shoals:4 | 35533 ||| INVOKING Heroism.
 35560 | Shoals:4 | 35560 ||| INVOKING Heroism.
 35565 | Shoals:4 | 35565 ||| Stepping ~*~*~tactically~*~*~ (hiding).
 35566 | Shoals:4 | 35566 ||| INVOKING Finesse.
 35585 | Shoals:4 | Reached skill level 15 in Fighting
 35819 | Shoals:4 | Got a barnacled rune of Zot
 35959 | Shoals:4 | 35959 ||| Stepping ~*~*~tactically~*~*~ (hiding).
 35966 | Shoals:4 | 35966 ||| INVOKING Heroism.
 35967 | Shoals:4 | 35967 ||| INVOKING Finesse.
 36208 | Shoals:4 | 36208 ||| Stepping ~*~*~tactically~*~*~ (hiding).
 36212 | Shoals:4 | 36212 ||| INVOKING Heroism.
 36215 | Shoals:4 | Received a gift from Okawaru
 36291 | Shoals:4 | 36291 ||| Stepping ~*~*~tactically~*~*~ (hiding).
 36292 | Shoals:4 | 36292 ||| INVOKING Heroism.
 36293 | Shoals:4 | Identified the ring "Syuboc" {Will+ SInv}
 36576 | Shoals:4 | 36576 ||| PLANNING VAULTS:1-4
 36576 | Shoals:4 | 36576 ||| DROPPING amulet of magic regeneration.
 36799 | Vaults:1 | Entered Level 1 of the Vaults
 36809 | Vaults:1 | 36809 ||| Stepping ~*~*~tactically~*~*~ (stealth).
 36980 | Vaults:1 | Received a gift from Okawaru
 37075 | Vaults:1 | 37075 ||| Stepping ~*~*~tactically~*~*~ (stealth).
 37077 | Vaults:1 | 37077 ||| Stepping ~*~*~tactically~*~*~ (stealth).
 37091 | Vaults:1 | 37091 ||| Stepping ~*~*~tactically~*~*~ (hiding).
 37092 | Vaults:1 | 37092 ||| Stepping ~*~*~tactically~*~*~ (hiding).
 37202 | Vaults:1 | Identified the +6 shortbow "Kydeb" {speed, Drain Dex+4
                  | SInv}
 37235 | Vaults:1 | 37235 ||| Stepping ~*~*~tactically~*~*~ (stealth).
 37237 | Vaults:1 | 37237 ||| Stepping ~*~*~tactically~*~*~ (stealth).
 37239 | Vaults:1 | 37239 ||| INVOKING Finesse.
 37455 | Vaults:1 | 37455 ||| INVOKING Heroism.
 37463 | Vaults:1 | Reached XP level 19. HP: 113/124 MP: 26/26
 37483 | Vaults:1 | Reached skill level 9 in Throwing
 37484 | Vaults:1 | Received a gift from Okawaru
 37720 | Vaults:1 | Identified the +1 plate armour "Esaed" {Harm rElec Str+3}
                  | (Okawaru gifted it to you on level 1 of the Vaults)
 37720 | Vaults:1 | Received a gift from Okawaru
 38265 | Vaults:1 | 38265 ||| INVOKING Heroism.
 38406 | Vaults:2 | 38406 ||| INVOKING Heroism.
 38411 | Vaults:2 | 38411 ||| Stepping ~*~*~tactically~*~*~ (hiding).
 38422 | Vaults:2 | 38422 ||| Stepping ~*~*~tactically~*~*~ (hiding).
 38684 | Vaults:2 | 38684 ||| FLEEEEING.
 38685 | Vaults:2 | 38685 ||| FLEEEEING.
 38697 | Vaults:2 | 38697 ||| FLEEEEING.
 38698 | Vaults:2 | 38698 ||| FLEEEEING.
 38706 | Vaults:2 | 38706 ||| FLEEEEING.
 38707 | Vaults:2 | 38707 ||| FLEEEEING.
 38708 | Vaults:2 | 38708 ||| FLEEEEING.
 38709 | Vaults:2 | 38709 ||| FLEEEEING.
 38710 | Vaults:2 | 38710 ||| FLEEEEING.
 38711 | Vaults:2 | 38711 ||| FLEEEEING.
 38712 | Vaults:2 | 38712 ||| FLEEEEING.
 38718 | Vaults:2 | 38718 ||| FLEEEEING.
 38719 | Vaults:2 | 38719 ||| FLEEEEING.
 38720 | Vaults:2 | 38720 ||| FLEEEEING.
 38982 | Vaults:2 | 38982 ||| FLEEEEING.
 39112 | Vaults:2 | 39112 ||| INVOKING Heroism.
 39128 | Vaults:2 | 39128 ||| Stepping ~*~*~tactically~*~*~ (hiding).
 39136 | Vaults:2 | 39136 ||| INVOKING Heroism.
 39144 | Vaults:2 | 39144 ||| Stepping ~*~*~tactically~*~*~ (hiding).
 39145 | Vaults:2 | 39145 ||| Stepping ~*~*~tactically~*~*~ (hiding).
 39160 | Vaults:2 | 39160 ||| INVOKING Heroism.
 39393 | Vaults:2 | Found Heukapuv's Antique Armour Shop.
 39403 | Vaults:2 | 39403 ||| BUYING glowing helmet (210 gold).
 39403 | Vaults:2 | Bought a glowing helmet for 210 gold pieces
 39403 | Vaults:2 | 39403 ||| SHOPLISTING glowing plate armour (728 gold, have
                  | 539).
 39403 | Vaults:2 | 39403 ||| BUYING shiny helmet (210 gold).
 39403 | Vaults:2 | Bought a shiny helmet for 210 gold pieces
 39403 | Vaults:2 | 39403 ||| SHOPLISTING shiny plate armour (728 gold, have
                  | 329).
 39436 | Vaults:2 | 39436 ||| Stepping ~*~*~tactically~*~*~ (hiding).
 39499 | Vaults:2 | 39499 ||| Stepping ~*~*~tactically~*~*~ (stealth).
 39506 | Vaults:2 | 39506 ||| Stepping ~*~*~tactically~*~*~ (stealth).
 39520 | Vaults:2 | 39520 ||| INVOKING Heroism.
 39649 | Vaults:2 | 39649 ||| INVOKING Heroism.
 39651 | Vaults:2 | 39651 ||| INVOKING Finesse.
 39805 | Vaults:2 | 39805 ||| Stepping ~*~*~tactically~*~*~ (stealth).
 39806 | Vaults:2 | 39806 ||| Stepping ~*~*~tactically~*~*~ (stealth).
 39808 | Vaults:2 | 39808 ||| INVOKING Heroism.
 39902 | Vaults:2 | 39902 ||| Stepping ~*~*~tactically~*~*~ (stealth).
 39905 | Vaults:2 | Received a gift from Okawaru
 39930 | Vaults:2 | 39930 ||| INVOKING Heroism.
 40071 | Vaults:2 | 40071 ||| INVOKING Heroism.
 40081 | Vaults:2 | Reached skill level 15 in Armour
 40173 | Vaults:2 | 40173 ||| INVOKING Heroism.
 40175 | Vaults:2 | 40175 ||| Stepping ~*~*~tactically~*~*~ (stealth).
 40178 | Vaults:2 | 40178 ||| Stepping ~*~*~tactically~*~*~ (stealth).
 40194 | Vaults:2 | Received a gift from Okawaru
 40404 | Vaults:2 | 40404 ||| DROPPING +2 helmet of intelligence.
 40436 | Vaults:3 | 40436 ||| STAIRDANCE
 40442 | Vaults:3 | 40442 ||| INVOKING Heroism.
 40443 | Vaults:3 | 40443 ||| STAIRDANCE
 40448 | Vaults:2 | Reached XP level 20. HP: 128/132 MP: 27/27
 40461 | Vaults:3 | 40461 ||| STAIRDANCE
 40598 | Vaults:3 | Received a gift from Okawaru
 40599 | Vaults:3 | Found a staircase to the Crypt.
 40601 | Vaults:3 | 40601 ||| INVOKING Heroism.
 40839 | Vaults:3 | 40839 ||| Stepping ~*~*~tactically~*~*~ (hiding).
 40893 | Vaults:3 | 40893 ||| FLEEEEING.
 40904 | Vaults:3 | 40904 ||| FLEEEEING.
 40907 | Vaults:3 | 40907 ||| FLEEEEING.
 40914 | Vaults:3 | 40914 ||| STAIRDANCE
 41048 | Vaults:3 | 41048 ||| Stepping ~*~*~tactically~*~*~ (stealth).
 41050 | Vaults:3 | 41050 ||| Stepping ~*~*~tactically~*~*~ (hiding).
 41051 | Vaults:3 | 41051 ||| Stepping ~*~*~tactically~*~*~ (hiding).
 41052 | Vaults:3 | 41052 ||| Stepping ~*~*~tactically~*~*~ (hiding).
 41056 | Vaults:3 | 41056 ||| Stepping ~*~*~tactically~*~*~ (hiding).
 41057 | Vaults:3 | 41057 ||| Stepping ~*~*~tactically~*~*~ (hiding).
 41058 | Vaults:3 | 41058 ||| INVOKING Heroism.
 41205 | Vaults:3 | 41205 ||| Stepping ~*~*~tactically~*~*~ (stealth).
 41208 | Vaults:3 | 41208 ||| Stepping ~*~*~tactically~*~*~ (stealth).
 41214 | Vaults:3 | Identified the +1 cloak of the Beekeeper {rElec rF- rN+
                  | Str+3} (Okawaru gifted it to you on level 3 of the Vaults)
 41214 | Vaults:3 | Received a gift from Okawaru
 41258 | Vaults:3 | 41258 ||| Stepping ~*~*~tactically~*~*~ (hiding).
 41277 | Vaults:3 | 41277 ||| INVOKING Heroism.
 41301 | Vaults:3 | 41301 ||| Stepping ~*~*~tactically~*~*~ (hiding).
 41314 | Vaults:3 | 41314 ||| Stepping ~*~*~tactically~*~*~ (hiding).
 41322 | Vaults:3 | 41322 ||| INVOKING Heroism.
 41352 | Vaults:3 | 41352 ||| Stepping ~*~*~tactically~*~*~ (stealth).
 41354 | Vaults:3 | 41354 ||| Stepping ~*~*~tactically~*~*~ (stealth).
 41356 | Vaults:3 | 41356 ||| INVOKING Heroism.
 41360 | Vaults:3 | 41360 ||| Stepping ~*~*~tactically~*~*~ (hiding).
 41361 | Vaults:3 | 41361 ||| Stepping ~*~*~tactically~*~*~ (hiding).
 41464 | Vaults:3 | 41464 ||| INVOKING Heroism.
 41620 | Vaults:3 | Identified the +6 spear "Plog" {elec, Str+4 Int+2}
 41668 | Vaults:3 | 41668 ||| FLEEEEING.
 41669 | Vaults:3 | 41669 ||| FLEEEEING.
 41670 | Vaults:3 | 41670 ||| FLEEEEING.
 41671 | Vaults:3 | 41671 ||| FLEEEEING.
 41672 | Vaults:3 | 41672 ||| FLEEEEING.
 41674 | Vaults:3 | 41674 ||| STAIRDANCE
 41779 | Vaults:3 | 41779 ||| STAIRDANCE
 41799 | Vaults:3 | 41799 ||| STAIRDANCE
 41806 | Vaults:3 | 41806 ||| STAIRDANCE
 41835 | Vaults:3 | 41835 ||| STAIRDANCE
 41911 | Vaults:3 | 41911 ||| Stepping ~*~*~tactically~*~*~ (stealth).
 41912 | Vaults:3 | 41912 ||| Stepping ~*~*~tactically~*~*~ (stealth).
 41913 | Vaults:3 | 41913 ||| Stepping ~*~*~tactically~*~*~ (stealth).
 41919 | Vaults:3 | 41919 ||| INVOKING Heroism.
 41924 | Abyss:3  | Cast into level 3 of the Abyss (a wizard)
 41970 | Abyss:3  | 41970 ||| Stepping ~*~*~tactically~*~*~ (hiding).
 41976 | Abyss:3  | 41976 ||| Stepping ~*~*~tactically~*~*~ (hiding).
 41987 | Abyss:3  | Reached skill level 18 in Fighting
 42029 | Abyss:3  | 42029 ||| Stepping ~*~*~tactically~*~*~ (stealth).
 42034 | Abyss:3  | 42034 ||| Stepping ~*~*~tactically~*~*~ (hiding).
 42056 | Abyss:3  | 42056 ||| Stepping ~*~*~tactically~*~*~ (stealth).
 42078 | Abyss:3  | 42078 ||| Stepping ~*~*~tactically~*~*~ (hiding).
 42087 | Abyss:3  | 42087 ||| Stepping ~*~*~tactically~*~*~ (hiding).
 42089 | Abyss:3  | 42089 ||| Stepping ~*~*~tactically~*~*~ (hiding).
 42090 | Abyss:3  | 42090 ||| Stepping ~*~*~tactically~*~*~ (stealth).
 42118 | Abyss:3  | 42118 ||| Stepping ~*~*~tactically~*~*~ (stealth).
 42119 | Abyss:3  | 42119 ||| Stepping ~*~*~tactically~*~*~ (stealth).
 42129 | Abyss:3  | 42129 ||| Stepping ~*~*~tactically~*~*~ (hiding).
 42133 | Abyss:3  | 42133 ||| INVOKING Heroism.
 42134 | Abyss:3  | 42134 ||| INVOKING Finesse.
 42178 | Abyss:3  | 42178 ||| Stepping ~*~*~tactically~*~*~ (stealth).
 42184 | Abyss:3  | 42184 ||| Stepping ~*~*~tactically~*~*~ (stealth).
 42186 | Abyss:3  | 42186 ||| Stepping ~*~*~tactically~*~*~ (hiding).
 42212 | Abyss:3  | 42212 ||| Stepping ~*~*~tactically~*~*~ (hiding).
 42213 | Abyss:3  | 42213 ||| Stepping ~*~*~tactically~*~*~ (stealth).
 42214 | Abyss:3  | 42214 ||| Stepping ~*~*~tactically~*~*~ (stealth).
 42215 | Abyss:3  | 42215 ||| Stepping ~*~*~tactically~*~*~ (stealth).
 42238 | Abyss:3  | 42238 ||| Stepping ~*~*~tactically~*~*~ (hiding).
 42242 | Vaults:3 | Escaped the Abyss
 42243 | Vaults:3 | 42243 ||| INVOKING Heroism.
 42263 | Vaults:3 | Identified the +0 battleaxe "Foygicli" {speed, rF+ Str+3}
                  | (Okawaru gifted it to you on level 3 of the Vaults)
 42263 | Vaults:3 | Received a gift from Okawaru
 42393 | Vaults:3 | 42393 ||| Stepping ~*~*~tactically~*~*~ (hiding).
 42395 | Vaults:3 | 42395 ||| Stepping ~*~*~tactically~*~*~ (stealth).
 42396 | Vaults:3 | 42396 ||| Stepping ~*~*~tactically~*~*~ (hiding).
 42483 | Vaults:3 | 42483 ||| Stepping ~*~*~tactically~*~*~ (stealth).
 42485 | Vaults:3 | 42485 ||| Stepping ~*~*~tactically~*~*~ (hiding).
 42494 | Vaults:3 | 42494 ||| FLEEEEING.
 42495 | Vaults:3 | 42495 ||| FLEEEEING.
 42496 | Vaults:3 | 42496 ||| FLEEEEING.
 42497 | Vaults:3 | 42497 ||| FLEEEEING.
 42498 | Vaults:3 | 42498 ||| FLEEEEING.
 42499 | Vaults:3 | 42499 ||| FLEEEEING.
 42500 | Vaults:3 | 42500 ||| FLEEEEING.
 42502 | Vaults:3 | 42502 ||| FLEEEEING.
 42503 | Vaults:3 | 42503 ||| FLEEEEING.
 42504 | Vaults:3 | 42504 ||| FLEEEEING.
 42570 | Vaults:3 | 42570 ||| Stepping ~*~*~tactically~*~*~ (hiding).
 42606 | Vaults:3 | 42606 ||| Stepping ~*~*~tactically~*~*~ (stealth).
 43091 | Vaults:4 | 43091 ||| INVOKING Heroism.
 43542 | Vaults:4 | Reached XP level 21. HP: 141/141 MP: 28/28
 43623 | Vaults:4 | 43623 ||| Stepping ~*~*~tactically~*~*~ (hiding).
 43626 | Vaults:4 | 43626 ||| Stepping ~*~*~tactically~*~*~ (hiding).
 43628 | Vaults:4 | 43628 ||| Stepping ~*~*~tactically~*~*~ (hiding).
 43743 | Vaults:4 | 43743 ||| Stepping ~*~*~tactically~*~*~ (stealth).
 43744 | Vaults:4 | 43744 ||| Stepping ~*~*~tactically~*~*~ (stealth).
 43929 | Vaults:4 | 43929 ||| INVOKING Heroism.
 44044 | Vaults:4 | 44044 ||| Stepping ~*~*~tactically~*~*~ (hiding).
 44355 | Vaults:4 | Received a gift from Okawaru
 44359 | Vaults:4 | 44359 ||| INVOKING Heroism.
 44657 | Vaults:4 | 44657 ||| Stepping ~*~*~tactically~*~*~ (hiding).
 44682 | Vaults:4 | 44682 ||| INVOKING Heroism.
 44791 | Vaults:4 | 44791 ||| PLANNING SPIDER:4
 45098 | Spider:4 | Entered Level 4 of the Spider Nest
 45145 | Spider:4 | 45145 ||| Stepping ~*~*~tactically~*~*~ (stealth).
 45198 | Spider:4 | 45198 ||| Stepping ~*~*~tactically~*~*~ (hiding).
 45259 | Spider:4 | 45259 ||| Stepping ~*~*~tactically~*~*~ (stealth).
 45364 | Spider:4 | 45364 ||| INVOKING Heroism.
 45372 | Spider:4 | HP: 33/142 [meliai/divine providence (8)]
 45373 | Spider:4 | 45373 ||| READING 6 scrolls of teleportation.
 45373 | Spider:4 | HP: 5/142 [meliai/divine providence (17)]
 45374 | Spider:4 | 45374 ||| DRINKING 5 potions of heal wounds.
 45421 | Spider:4 | 45421 ||| FLEEEEING.
 45422 | Spider:4 | 45422 ||| INVOKING Heroism.
 45430 | Spider:4 | 45430 ||| Stepping ~*~*~tactically~*~*~ (hiding).
 45739 | Spider:4 | 45739 ||| INVOKING Heroism.
 45746 | Spider:4 | 45746 ||| Stepping ~*~*~tactically~*~*~ (stealth).
 45757 | Spider:4 | 45757 ||| Stepping ~*~*~tactically~*~*~ (stealth).
 45854 | Spider:4 | 45854 ||| Stepping ~*~*~tactically~*~*~ (stealth).
 45866 | Spider:4 | 45866 ||| Stepping ~*~*~tactically~*~*~ (stealth).
 45869 | Spider:4 | 45869 ||| Stepping ~*~*~tactically~*~*~ (stealth).
 45873 | Spider:4 | 45873 ||| Stepping ~*~*~tactically~*~*~ (stealth).
 45879 | Spider:4 | 45879 ||| INVOKING Heroism.
 45886 | Spider:4 | 45886 ||| Stepping ~*~*~tactically~*~*~ (hiding).
 45895 | Spider:4 | 45895 ||| Stepping ~*~*~tactically~*~*~ (hiding).
 45896 | Spider:4 | 45896 ||| Stepping ~*~*~tactically~*~*~ (hiding).
 45909 | Spider:4 | 45909 ||| Stepping ~*~*~tactically~*~*~ (hiding).
 45912 | Spider:4 | 45912 ||| INVOKING Heroism.
 45937 | Spider:4 | 45937 ||| Stepping ~*~*~tactically~*~*~ (stealth).
 45974 | Spider:4 | 45974 ||| Stepping ~*~*~tactically~*~*~ (stealth).
 46009 | Spider:4 | 46009 ||| Stepping ~*~*~tactically~*~*~ (stealth).
 46010 | Spider:4 | 46010 ||| Stepping ~*~*~tactically~*~*~ (stealth).
 46013 | Spider:4 | 46013 ||| Stepping ~*~*~tactically~*~*~ (hiding).
 46031 | Spider:4 | Received a gift from Okawaru
 46062 | Spider:4 | 46062 ||| Stepping ~*~*~tactically~*~*~ (stealth).
 46089 | Spider:4 | 46089 ||| Stepping ~*~*~tactically~*~*~ (stealth).
 46092 | Spider:4 | 46092 ||| Stepping ~*~*~tactically~*~*~ (stealth).
 46102 | Spider:4 | 46102 ||| Stepping ~*~*~tactically~*~*~ (stealth).
 46156 | Spider:4 | 46156 ||| INVOKING Heroism.
 46221 | Spider:4 | 46221 ||| Stepping ~*~*~tactically~*~*~ (stealth).
 46228 | Spider:4 | 46228 ||| Stepping ~*~*~tactically~*~*~ (hiding).
 46321 | Spider:4 | Got a gossamer rune of Zot
 46485 | Spider:4 | 46485 ||| Stepping ~*~*~tactically~*~*~ (stealth).
 46488 | Spider:4 | 46488 ||| Stepping ~*~*~tactically~*~*~ (hiding).
 46492 | Spider:4 | 46492 ||| DRINKING 14 potions of curing.
 46492 | Spider:4 | 46492 ||| (to cure confusion)
 46493 | Spider:4 | 46493 ||| DRINKING 13 potions of curing.
 46493 | Spider:4 | 46493 ||| (to cure confusion)
 46494 | Spider:4 | 46494 ||| DRINKING 12 potions of curing.
 46494 | Spider:4 | 46494 ||| (to cure confusion)
 46700 | Spider:4 | 46700 ||| PLANNING DEPTHS
 46700 | Spider:4 | 46700 ||| DROPPING +2 pair of gloves.
 46701 | Spider:4 | 46701 ||| DROPPING scarf of shadows.
 46702 | Spider:4 | 46702 ||| DROPPING +0 hat of willpower.
 46955 | Depths:1 | Entered Level 1 of the Depths
 46959 | Depths:1 | 46959 ||| INVOKING Heroism.
 46986 | Depths:1 | 46986 ||| INVOKING Finesse.
 46986 | Depths:1 | Paralysed by a vampire knight for 3 turns
 47004 | Depths:1 | Noticed a caustic shrike
 47013 | Depths:1 | Received a gift from Okawaru
 47015 | Depths:1 | 47015 ||| Stepping ~*~*~tactically~*~*~ (hiding).
 47018 | Depths:1 | Killed a caustic shrike
 47037 | Depths:1 | 47037 ||| INVOKING Heroism.
 47334 | Depths:1 | Received a gift from Okawaru
 47377 | Depths:1 | 47377 ||| Stepping ~*~*~tactically~*~*~ (hiding).
 47530 | Depths:1 | 47530 ||| Stepping ~*~*~tactically~*~*~ (stealth).
 47531 | Depths:1 | 47531 ||| Stepping ~*~*~tactically~*~*~ (stealth).
 47533 | Depths:1 | 47533 ||| Stepping ~*~*~tactically~*~*~ (stealth).
 47556 | Depths:1 | Reached skill level 9 in Dodging
 47569 | Depths:1 | 47569 ||| Stepping ~*~*~tactically~*~*~ (stealth).
 47602 | Depths:1 | Found a gateway to Hell.
 47604 | Depths:1 | 47604 ||| Stepping ~*~*~tactically~*~*~ (stealth).
 47611 | Depths:1 | 47611 ||| INVOKING Heroism.
 47677 | Depths:1 | 47677 ||| Stepping ~*~*~tactically~*~*~ (hiding).
 47678 | Depths:1 | 47678 ||| Stepping ~*~*~tactically~*~*~ (hiding).
 47679 | Depths:1 | 47679 ||| Stepping ~*~*~tactically~*~*~ (hiding).
 47684 | Depths:1 | 47684 ||| INVOKING Heroism.
 47696 | Depths:1 | 47696 ||| Stepping ~*~*~tactically~*~*~ (hiding).
 47770 | Depths:1 | Received a gift from Okawaru
 47850 | Depths:1 | 47850 ||| Stepping ~*~*~tactically~*~*~ (hiding).
 47882 | Depths:1 | 47882 ||| INVOKING Heroism.
 47883 | Depths:1 | 47883 ||| INVOKING Finesse.
 48141 | Depths:1 | Noticed Bai Suzhen
 48156 | Depths:1 | Killed Bai Suzhen
 48163 | Depths:1 | 48163 ||| DRINKING 11 potions of curing.
 48163 | Depths:1 | 48163 ||| (to cure confusion)
 48165 | Depths:1 | Reached XP level 22. HP: 144/150 MP: 29/29
 48175 | Depths:1 | Noticed the Enchantress
 48176 | Depths:1 | 48176 ||| INVOKING Heroism.
 48177 | Depths:1 | 48177 ||| INVOKING Finesse.
 48183 | Depths:1 | Killed the Enchantress
 48284 | Depths:1 | 48284 ||| Stepping ~*~*~tactically~*~*~ (hiding).
 48288 | Depths:1 | 48288 ||| Stepping ~*~*~tactically~*~*~ (hiding).
 48397 | Depths:1 | Identified the +2 battleaxe of the Little People {drain,
                  | rN+ Will+ Str-2 Dex+5}
 48412 | Depths:1 | 48412 ||| READING scroll of acquirement.
 48412 | Depths:1 | 48412 ||| ACQUIRING amulet of Jealousy {Harm rN+ Regen+
                  | Dex+5}
 48412 | Depths:1 | Acquired the amulet of Jealousy {Harm rN+ Regen+ Dex+5}
 48469 | Depths:1 | 48469 ||| DROPPING +6 ring of intelligence.
 48509 | Depths:2 | 48509 ||| STAIRDANCE
 48519 | Depths:2 | 48519 ||| STAIRDANCE
 48547 | Depths:2 | 48547 ||| INVOKING Heroism.
 48548 | Depths:2 | 48548 ||| INVOKING Finesse.
 48556 | Depths:2 | 48556 ||| Stepping ~*~*~tactically~*~*~ (stealth).
 48603 | Depths:2 | 48603 ||| INVOKING Heroism.
 48617 | Depths:2 | 48617 ||| Stepping ~*~*~tactically~*~*~ (stealth).
 48619 | Depths:2 | 48619 ||| Stepping ~*~*~tactically~*~*~ (stealth).
 48622 | Depths:2 | Received a gift from Okawaru
 48716 | Depths:2 | 48716 ||| Stepping ~*~*~tactically~*~*~ (hiding).
 48745 | Depths:2 | 48745 ||| Stepping ~*~*~tactically~*~*~ (hiding).
 48752 | Depths:2 | 48752 ||| Stepping ~*~*~tactically~*~*~ (stealth).
 48804 | Depths:2 | Found a one-way gate leading to the halls of Pandemonium.
 48805 | Depths:2 | 48805 ||| INVOKING Heroism.
 48890 | Depths:2 | 48890 ||| INVOKING Heroism.
 48892 | Depths:2 | 48892 ||| INVOKING Finesse.
 48963 | Depths:2 | 48963 ||| FLEEEEING.
 48964 | Depths:2 | 48964 ||| FLEEEEING.
 48968 | Depths:2 | Identified the +1 acid dragon scales of Cizaf {rC+ rCorr
                  | Str+2} (Okawaru gifted it to you on level 2 of the Depths)
 48968 | Depths:2 | Received a gift from Okawaru
 48969 | Depths:2 | 48969 ||| FLEEEEING.
 48970 | Depths:2 | 48970 ||| FLEEEEING.
 48980 | Depths:2 | 48980 ||| FLEEEEING.
 48981 | Depths:2 | 48981 ||| FLEEEEING.
 49041 | Depths:2 | 49041 ||| INVOKING Heroism.
 49042 | Depths:2 | 49042 ||| INVOKING Finesse.
 49140 | Depths:2 | 49140 ||| INVOKING Heroism.
 49141 | Depths:2 | 49141 ||| Stepping ~*~*~tactically~*~*~ (hiding).
 49143 | Depths:2 | 49143 ||| Stepping ~*~*~tactically~*~*~ (hiding).
 49168 | Depths:2 | 49168 ||| INVOKING Finesse.
 49169 | Depths:2 | Noticed a golden dragon
 49198 | Depths:2 | Reached skill level 18 in Armour
 49200 | Depths:2 | 49200 ||| Stepping ~*~*~tactically~*~*~ (hiding).
 49216 | Depths:2 | 49216 ||| INVOKING Heroism.
 49224 | Depths:2 | Killed a golden dragon
 49275 | Depths:2 | 49275 ||| INVOKING Heroism.
 49276 | Depths:2 | 49276 ||| INVOKING Finesse.
 49536 | Depths:2 | 49536 ||| Stepping ~*~*~tactically~*~*~ (hiding).
 49537 | Depths:2 | 49537 ||| INVOKING Heroism.
 49547 | Depths:2 | Paralysed by a sphinx for 5 turns
 49553 | Depths:2 | 49553 ||| INVOKING Finesse.
 49565 | Depths:2 | Noticed a golden dragon
 49566 | Depths:2 | 49566 ||| FLEEEEING.
 49826 | Depths:2 | 49826 ||| INVOKING Heroism.
 49835 | Depths:2 | Killed a golden dragon
 49841 | Depths:2 | 49841 ||| Stepping ~*~*~tactically~*~*~ (hiding).
 49842 | Depths:2 | 49842 ||| Stepping ~*~*~tactically~*~*~ (hiding).
 49843 | Depths:2 | 49843 ||| Stepping ~*~*~tactically~*~*~ (hiding).
 49853 | Depths:2 | Noticed a golden dragon
 49868 | Depths:2 | Killed a golden dragon
 49869 | Depths:2 | Reached skill level 21 in Shields
 49874 | Depths:2 | Noticed a juggernaut
 49879 | Depths:2 | Noticed a juggernaut
 49882 | Depths:2 | Noticed a caustic shrike
 49888 | Depths:2 | Killed a juggernaut
 49894 | Depths:2 | HP: 31/152 [juggernaut (10)]
 49895 | Depths:2 | 49895 ||| READING 9 scrolls of teleportation.
 49896 | Depths:2 | 49896 ||| DRINKING 4 potions of heal wounds.
 49897 | Depths:2 | 49897 ||| DRINKING 3 potions of heal wounds.
 49897 | Depths:2 | Found a radiant altar of Vehumet.
 50187 | Depths:2 | Identified the +0 hat of Gujaedgh {+Blink}
 50192 | Depths:2 | Noticed Asterion
 50193 | Depths:2 | 50193 ||| INVOKING Heroism.
 50208 | Depths:2 | Killed Asterion
 50406 | Depths:2 | Identified the +2 hat of Calculation {rC+}
 50420 | Depths:2 | Found the +5 robe of Night {Dark Will+ SInv}
 50428 | Depths:2 | Identified the -1 hat of the Red Camelopard {rF++}
 50448 | Depths:2 | 50448 ||| INVOKING Heroism.
 50675 | Depths:2 | 50675 ||| INVOKING Heroism.
 50734 | Depths:2 | 50734 ||| INVOKING Heroism.
 50851 | Depths:2 | 50851 ||| Stepping ~*~*~tactically~*~*~ (stealth).
 50853 | Depths:2 | 50853 ||| Stepping ~*~*~tactically~*~*~ (hiding).
 50858 | Depths:2 | 50858 ||| INVOKING Heroism.
 50869 | Depths:2 | Noticed a golden dragon
 50872 | Depths:2 | 50872 ||| DROPPING +0 acid dragon scales.
 50878 | Depths:2 | 50878 ||| DROPPING +2 hat.
 50879 | Depths:2 | 50879 ||| DROPPING +2 hat.
 50880 | Depths:2 | 50880 ||| DROPPING +0 hat of Gujaedgh {+Blink}.
 50881 | Depths:2 | 50881 ||| DROPPING +1 hat.
 50882 | Depths:2 | 50882 ||| READING 8 scrolls of teleportation.
 50981 | Depths:2 | 50981 ||| INVOKING Heroism.
 50991 | Depths:2 | Killed a golden dragon
 50992 | Depths:2 | Reached skill level 21 in Fighting
 51083 | Depths:2 | 51083 ||| UPGRADING to +0 gold dragon scales.
 51086 | Depths:2 | 51086 ||| DRINKING 11 potions of curing.
 51086 | Depths:2 | 51086 ||| (to cure confusion)
 51087 | Depths:2 | 51087 ||| Stepping ~*~*~tactically~*~*~ (hiding).
 51090 | Depths:2 | Paralysed by a sphinx for 3 turns
 51094 | Depths:2 | 51094 ||| DRINKING 10 potions of curing.
 51094 | Depths:2 | 51094 ||| (to cure confusion)
 51101 | Depths:2 | 51101 ||| UPGRADING to +0 gold dragon scales.
 51111 | Depths:2 | 51111 ||| DROPPING +2 plate armour of cold resistance.
 51112 | Depths:2 | 51112 ||| DROPPING +2 plate armour of fire resistance.
 51113 | Depths:2 | 51113 ||| UPGRADING to +1 cloak of the Beekeeper {rElec rF-
                  | rN+ Str+3}.
 51140 | Depths:2 | 51140 ||| Stepping ~*~*~tactically~*~*~ (hiding).
 51231 | Depths:2 | 51231 ||| INVOKING Heroism.
 51249 | Depths:2 | Killed a caustic shrike
 51256 | Depths:2 | 51256 ||| INVOKING Finesse.
 51261 | Depths:2 | Killed a juggernaut
 51264 | Depths:2 | 51264 ||| Stepping ~*~*~tactically~*~*~ (hiding).
 51265 | Depths:2 | 51265 ||| Stepping ~*~*~tactically~*~*~ (hiding).
 51266 | Depths:2 | 51266 ||| Stepping ~*~*~tactically~*~*~ (hiding).
 51266 | Depths:2 | Noticed a caustic shrike
 51281 | Depths:2 | Killed a caustic shrike
 51292 | Depths:2 | 51292 ||| Stepping ~*~*~tactically~*~*~ (stealth).
 51294 | Depths:2 | 51294 ||| Stepping ~*~*~tactically~*~*~ (stealth).
 51447 | Depths:2 | Noticed a caustic shrike
 51448 | Depths:2 | 51448 ||| INVOKING Heroism.
 51462 | Depths:2 | Killed a caustic shrike
 51463 | Depths:2 | Reached XP level 23. HP: 160/160 MP: 30/30
 51514 | Depths:2 | Identified the +8 sling "Erayss" {vorpal, Fly rElec rN+}
 51613 | Depths:3 | 51613 ||| INVOKING Heroism.
 51620 | Depths:3 | Received a gift from Okawaru
 51630 | Depths:3 | 51630 ||| Stepping ~*~*~tactically~*~*~ (stealth).
 51632 | Depths:3 | 51632 ||| INVOKING Finesse.
 51659 | Depths:3 | 51659 ||| INVOKING Heroism.
 51673 | Depths:3 | Received a gift from Okawaru
 51680 | Depths:3 | 51680 ||| FLEEEEING.
 51681 | Depths:3 | 51681 ||| FLEEEEING.
 51682 | Depths:3 | 51682 ||| FLEEEEING.
 51683 | Depths:3 | 51683 ||| FLEEEEING.
 51684 | Depths:3 | 51684 ||| FLEEEEING.
 51685 | Depths:3 | 51685 ||| FLEEEEING.
 51686 | Depths:3 | 51686 ||| FLEEEEING.
 51687 | Depths:3 | 51687 ||| FLEEEEING.
 51688 | Depths:3 | 51688 ||| FLEEEEING.
 51689 | Depths:3 | 51689 ||| INVOKING Finesse.
 51728 | Depths:3 | 51728 ||| FLEEEEING.
 51732 | Depths:3 | 51732 ||| STAIRDANCE
 51995 | Depths:3 | 51995 ||| Stepping ~*~*~tactically~*~*~ (hiding).
 51996 | Depths:3 | 51996 ||| Stepping ~*~*~tactically~*~*~ (hiding).
 52117 | Depths:3 | 52117 ||| Stepping ~*~*~tactically~*~*~ (hiding).
 52118 | Depths:3 | 52118 ||| INVOKING Heroism.
 52402 | Depths:3 | 52402 ||| Stepping ~*~*~tactically~*~*~ (stealth).
 52435 | Depths:3 | Identified the +0 robe "Maffito" {Drain Fly Str-5 Slay+4}
 52438 | Depths:3 | 52438 ||| Stepping ~*~*~tactically~*~*~ (hiding).
 52439 | Depths:3 | 52439 ||| Stepping ~*~*~tactically~*~*~ (hiding).
 52440 | Depths:3 | 52440 ||| Stepping ~*~*~tactically~*~*~ (hiding).
 52480 | Depths:3 | 52480 ||| Stepping ~*~*~tactically~*~*~ (hiding).
 52503 | Depths:3 | 52503 ||| INVOKING Heroism.
 52504 | Depths:3 | 52504 ||| INVOKING Finesse.
 52529 | Depths:3 | 52529 ||| Stepping ~*~*~tactically~*~*~ (stealth).
 52552 | Depths:3 | 52552 ||| Stepping ~*~*~tactically~*~*~ (hiding).
 52553 | Depths:3 | 52553 ||| Stepping ~*~*~tactically~*~*~ (hiding).
 52556 | Depths:3 | 52556 ||| Stepping ~*~*~tactically~*~*~ (stealth).
 52589 | Depths:3 | 52589 ||| Stepping ~*~*~tactically~*~*~ (hiding).
 52720 | Depths:3 | 52720 ||| Stepping ~*~*~tactically~*~*~ (stealth).
 52722 | Depths:3 | 52722 ||| Stepping ~*~*~tactically~*~*~ (stealth).
 52724 | Depths:3 | 52724 ||| INVOKING Heroism.
 52728 | Depths:3 | 52728 ||| Stepping ~*~*~tactically~*~*~ (stealth).
 52748 | Depths:3 | Received a gift from Okawaru
 52815 | Depths:3 | Found a shimmering blue altar of Sif Muna.
 53009 | Depths:3 | 53009 ||| Stepping ~*~*~tactically~*~*~ (stealth).
 53010 | Depths:3 | 53010 ||| Stepping ~*~*~tactically~*~*~ (stealth).
 53016 | Depths:3 | 53016 ||| Stepping ~*~*~tactically~*~*~ (hiding).
 53113 | Depths:3 | 53113 ||| INVOKING Finesse.
 53116 | Depths:3 | 53116 ||| INVOKING Heroism.
 53279 | Depths:3 | 53279 ||| INVOKING Heroism.
 53302 | Depths:3 | Found a one-way gate to the infinite horrors of the Abyss.
 53427 | Depths:3 | Found Ilin's Book Boutique.
 53428 | Depths:3 | Found Mirep's Jewellery Emporium.
 53428 | Depths:3 | Found Rotexteh's Jewellery Emporium.
 53434 | Depths:3 | 53434 ||| BUYING amulet "Teeklata" {Faith Will+ Str+5
                  | Int+2} (740 gold).
 53434 | Depths:3 | Bought the amulet "Teeklata" {Faith Will+ Str+5 Int+2} for
                  | 740 gold pieces
 53434 | Depths:3 | 53434 ||| BUYING ring of Pizempac {rCorr Int+4 Stlth+} (420
                  | gold).
 53434 | Depths:3 | Bought the ring of Pizempac {rCorr Int+4 Stlth+} for 420
                  | gold pieces
 53479 | Depths:3 | 53479 ||| INVOKING Heroism.
 53559 | Depths:3 | 53559 ||| UPGRADING to amulet "Teeklata" {Faith Will+ Str+5
                  | Int+2}.
 53591 | Depths:4 | Entered Level 4 of the Depths
 53618 | Depths:4 | 53618 ||| Stepping ~*~*~tactically~*~*~ (stealth).
 53619 | Depths:4 | 53619 ||| Stepping ~*~*~tactically~*~*~ (stealth).
 53637 | Depths:4 | Found Ofuytoec's Distillery.
 53643 | Depths:4 | Found Xaffyl's Weapon Shop.
 53646 | Depths:4 | 53646 ||| BUYING potion of cancellation (136 gold).
 53646 | Depths:4 | Bought a potion of cancellation for 136 gold pieces
 53646 | Depths:4 | 53646 ||| BUYING potion of haste (170 gold).
 53646 | Depths:4 | Bought a potion of haste for 170 gold pieces
 53678 | Depths:4 | Found a snail-covered altar of Cheibriados.
 53680 | Depths:4 | Found a white marble altar of Elyvilon.
 53680 | Depths:4 | Found a shimmering altar of Xom.
 53682 | Depths:4 | Found an opulent altar of Gozag.
 53682 | Depths:4 | Found a hide-covered altar of Uskayaw.
 53682 | Depths:4 | Found a bloodstained altar of Trog.
 53697 | Depths:4 | Found a one-way gateway to a ziggurat.
 53697 | Depths:4 | Noticed Frederick
 53698 | Depths:4 | 53698 ||| Stepping ~*~*~tactically~*~*~ (hiding).
 53699 | Depths:4 | 53699 ||| Stepping ~*~*~tactically~*~*~ (hiding).
 53701 | Depths:4 | 53701 ||| INVOKING Heroism.
 53702 | Depths:4 | 53702 ||| INVOKING Finesse.
 53718 | Depths:4 | Killed Frederick
 53719 | Depths:4 | Reached skill level 21 in Armour
 53991 | Depths:4 | Noticed Parghit
 53992 | Depths:4 | 53992 ||| INVOKING Heroism.
 53993 | Depths:4 | 53993 ||| INVOKING Finesse.
 54024 | Depths:4 | Killed Parghit
 54121 | Depths:4 | 54121 ||| Stepping ~*~*~tactically~*~*~ (hiding).
 54122 | Depths:4 | 54122 ||| Stepping ~*~*~tactically~*~*~ (hiding).
 54126 | Depths:4 | Received a gift from Okawaru
 54130 | Depths:4 | 54130 ||| Stepping ~*~*~tactically~*~*~ (stealth).
 54240 | Depths:4 | 54240 ||| INVOKING Heroism.
 54503 | Depths:4 | Noticed Margery
 54504 | Depths:4 | 54504 ||| Stepping ~*~*~tactically~*~*~ (hiding).
 54523 | Depths:4 | Killed Margery
 54523 | Depths:4 | Received a gift from Okawaru
 54648 | Depths:4 | 54648 ||| Stepping ~*~*~tactically~*~*~ (hiding).
 54771 | Depths:4 | 54771 ||| Stepping ~*~*~tactically~*~*~ (hiding).
 54777 | Depths:4 | 54777 ||| INVOKING Heroism.
 54783 | Depths:4 | Reached skill level 12 in Throwing
 54800 | Depths:4 | 54800 ||| Stepping ~*~*~tactically~*~*~ (hiding).
 54806 | Depths:4 | Received a gift from Okawaru
 54928 | Depths:4 | 54928 ||| INVOKING Heroism.
 54929 | Depths:4 | 54929 ||| INVOKING Finesse.
 55012 | Depths:4 | Received a gift from Okawaru
 55132 | Depths:4 | 55132 ||| Stepping ~*~*~tactically~*~*~ (hiding).
 55224 | Depths:4 | Noticed a caustic shrike
 55224 | Depths:4 | Noticed a caustic shrike
 55224 | Depths:4 | Noticed a caustic shrike
 55225 | Depths:4 | 55225 ||| INVOKING Heroism.
 55226 | Depths:4 | 55226 ||| INVOKING Finesse.
 55233 | Depths:4 | Killed a caustic shrike
 55237 | Depths:4 | Killed a caustic shrike
 55238 | Depths:4 | Killed a caustic shrike
 55238 | Depths:4 | Received a gift from Okawaru
 55434 | Depths:4 | 55434 ||| Stepping ~*~*~tactically~*~*~ (hiding).
 55437 | Depths:4 | 55437 ||| INVOKING Heroism.
 55442 | Depths:4 | Noticed a golden dragon
 55450 | Depths:4 | Killed a golden dragon
 55564 | Depths:4 | 55564 ||| Stepping ~*~*~tactically~*~*~ (stealth).
 55613 | Depths:4 | Found a gate to the Realm of Zot.
 55622 | Depths:4 | 55622 ||| Stepping ~*~*~tactically~*~*~ (stealth).
 55762 | Depths:4 | 55762 ||| PLANNING VAULTS:5
 55762 | Depths:4 | 55762 ||| DROPPING +1 plate armour "Esaed" {Harm rElec
                  | Str+3}.
 55763 | Depths:4 | 55763 ||| UPGRADING to +6 gold dragon scales.
 55773 | Depths:4 | 55773 ||| DROPPING +0 gold dragon scales.
 55774 | Depths:4 | 55774 ||| UPGRADING to +0 pair of boots.
 55779 | Depths:4 | 55779 ||| DROPPING 42 boomerangs.
 55780 | Depths:4 | 55780 ||| DROPPING silver boomerang.
 56173 | Vaults:5 | Entered Level 5 of the Vaults
 56174 | Vaults:5 | 56174 ||| INVOKING Heroism.
 56175 | Vaults:5 | 56175 ||| STAIRDANCE
 56190 | Vaults:5 | 56190 ||| STAIRDANCE
 56238 | Vaults:5 | 56238 ||| STAIRDANCE
 56240 | Vaults:4 | 56240 ||| INVOKING Heroism.
 56243 | Vaults:4 | Reached XP level 24. HP: 136/166 MP: 30/30
 56248 | Vaults:4 | Received a gift from Okawaru
 56361 | Vaults:5 | 56361 ||| STAIRDANCE
 56363 | Vaults:4 | 56363 ||| INVOKING Heroism.
 56366 | Vaults:4 | 56366 ||| DRINKING 9 potions of curing.
 56366 | Vaults:4 | 56366 ||| (to cure confusion)
 56476 | Vaults:5 | 56476 ||| INVOKING Heroism.
 56516 | Vaults:5 | 56516 ||| Stepping ~*~*~tactically~*~*~ (stealth).
 56517 | Vaults:5 | 56517 ||| INVOKING Finesse.
 56559 | Vaults:5 | 56559 ||| Stepping ~*~*~tactically~*~*~ (hiding).
 56570 | Vaults:5 | Identified the +5 chain mail "Etaadi" {rPois rF+ Dex+6}
                  | (Okawaru gifted it to you on level 5 of the Vaults)
 56570 | Vaults:5 | Received a gift from Okawaru
 56642 | Vaults:5 | 56642 ||| Stepping ~*~*~tactically~*~*~ (hiding).
 56646 | Vaults:5 | 56646 ||| FLEEEEING.
 56647 | Vaults:5 | 56647 ||| FLEEEEING.
 56648 | Vaults:5 | 56648 ||| FLEEEEING.
 56657 | Vaults:5 | 56657 ||| Stepping ~*~*~tactically~*~*~ (stealth).
 56673 | Vaults:5 | Gained mutation: You are occasionally teleported next to
                  | monsters. [a shining eye]
 56702 | Vaults:5 | 56702 ||| DRINKING 8 potions of mutation.
 56702 | Vaults:5 | Lost mutation: You are occasionally teleported next to
                  | monsters. [potion of mutation]
 56702 | Vaults:5 | Gained mutation: You are partially covered in large bone
                  | plates. (SH +4) [potion of mutation]
 56702 | Vaults:5 | Gained mutation: You possess an exceptional clarity of
                  | mind. [potion of mutation]
 56702 | Vaults:5 | Gained mutation: You expend magic power (3 MP) to
                  | strengthen your wands. [potion of mutation]
 56777 | Vaults:5 | 56777 ||| Stepping ~*~*~tactically~*~*~ (hiding).
 56779 | Vaults:5 | 56779 ||| Stepping ~*~*~tactically~*~*~ (hiding).
 56860 | Vaults:5 | 56860 ||| FLEEEEING.
 56861 | Vaults:5 | 56861 ||| FLEEEEING.
 56993 | Vaults:5 | 56993 ||| Stepping ~*~*~tactically~*~*~ (hiding).
 56999 | Vaults:5 | 56999 ||| INVOKING Heroism.
 57032 | Vaults:5 | 57032 ||| Stepping ~*~*~tactically~*~*~ (stealth).
 57041 | Vaults:5 | 57041 ||| INVOKING Heroism.
 57053 | Vaults:5 | 57053 ||| Stepping ~*~*~tactically~*~*~ (hiding).
 57096 | Vaults:5 | 57096 ||| Stepping ~*~*~tactically~*~*~ (stealth).
 57098 | Vaults:5 | 57098 ||| Stepping ~*~*~tactically~*~*~ (stealth).
 57113 | Vaults:5 | Identified the +10 hand axe "Duiria" {flame, Will+}
 57201 | Vaults:5 | Identified the +4 great mace "Ogreslayer" {venom, rC+
                  | Will+}
 57293 | Vaults:5 | Got a silver rune of Zot
 57297 | Vaults:5 | Identified the +3 scale mail of Follow the Leader {rElec
                  | rPois rN+ Str+3}
 57376 | Vaults:5 | 57376 ||| Stepping ~*~*~tactically~*~*~ (hiding).
 57381 | Vaults:5 | 57381 ||| INVOKING Heroism.
 57382 | Vaults:5 | 57382 ||| INVOKING Finesse.
 57480 | Vaults:5 | 57480 ||| INVOKING Heroism.
 57498 | Vaults:5 | 57498 ||| Stepping ~*~*~tactically~*~*~ (hiding).
 57504 | Vaults:5 | 57504 ||| Stepping ~*~*~tactically~*~*~ (hiding).
 57511 | Vaults:5 | 57511 ||| INVOKING Heroism.
 57512 | Vaults:5 | 57512 ||| INVOKING Finesse.
 57521 | Vaults:5 | Received a gift from Okawaru
 57528 | Vaults:5 | Received a gift from Okawaru
 57558 | Vaults:5 | 57558 ||| Stepping ~*~*~tactically~*~*~ (stealth).
 57815 | Vaults:5 | 57815 ||| Stepping ~*~*~tactically~*~*~ (hiding).
 57816 | Vaults:5 | 57816 ||| INVOKING Heroism.
 58032 | Vaults:5 | Identified the +10 shortbow "Gaomagou" {flame, *Slow +Blink
                  | Fly}
 58064 | Vaults:5 | Found Sohufoid's Antique Weapon Boutique.
 58118 | Vaults:5 | Received a gift from Okawaru
 58140 | Vaults:5 | 58140 ||| FLEEEEING.
 58141 | Vaults:5 | 58141 ||| FLEEEEING.
 58142 | Vaults:5 | 58142 ||| FLEEEEING.
 58143 | Vaults:5 | 58143 ||| FLEEEEING.
 58144 | Vaults:5 | 58144 ||| FLEEEEING.
 58145 | Vaults:5 | 58145 ||| FLEEEEING.
 58146 | Vaults:5 | 58146 ||| FLEEEEING.
 58147 | Vaults:5 | 58147 ||| FLEEEEING.
 58148 | Vaults:5 | 58148 ||| FLEEEEING.
 58149 | Vaults:5 | 58149 ||| FLEEEEING.
 58152 | Vaults:5 | 58152 ||| INVOKING Heroism.
 58167 | Vaults:5 | Received a gift from Okawaru
 58174 | Vaults:5 | Received a gift from Okawaru
 58204 | Vaults:5 | 58204 ||| FLEEEEING.
 58205 | Vaults:5 | 58205 ||| FLEEEEING.
 58206 | Vaults:5 | 58206 ||| FLEEEEING.
 58207 | Vaults:5 | 58207 ||| FLEEEEING.
 58208 | Vaults:5 | 58208 ||| FLEEEEING.
 58209 | Vaults:5 | 58209 ||| FLEEEEING.
 58210 | Vaults:5 | 58210 ||| FLEEEEING.
 58211 | Vaults:5 | 58211 ||| FLEEEEING.
 58212 | Vaults:5 | 58212 ||| FLEEEEING.
 58213 | Vaults:5 | 58213 ||| FLEEEEING.
 58214 | Vaults:5 | 58214 ||| FLEEEEING.
 58215 | Vaults:5 | 58215 ||| FLEEEEING.
 58216 | Vaults:5 | 58216 ||| FLEEEEING.
 58217 | Vaults:5 | 58217 ||| FLEEEEING.
 58218 | Vaults:5 | 58218 ||| STAIRDANCE
 58574 | Vaults:5 | 58574 ||| Stepping ~*~*~tactically~*~*~ (hiding).
 58691 | Vaults:5 | Identified the +9 short sword of Qazlal's Regard {chaos,
                  | +Blink Stlth+}
 58721 | Vaults:5 | Identified the +9 hand axe of the Ecumenical Temple
                  | {vorpal, rN++ Str-2}
 58724 | Vaults:5 | 58724 ||| READING scroll of acquirement.
 58724 | Vaults:5 | 58724 ||| ACQUIRING ring of Qine {rF+ Will++ Int+2 Dex-5}
 58724 | Vaults:5 | Acquired the ring of Qine {rF+ Will++ Int+2 Dex-5}
 58726 | Vaults:5 | 58726 ||| UPGRADING to ring of Qine {rF+ Will++ Int+2
                  | Dex-5}.
 58736 | Vaults:5 | Identified the +4 flail "Giantslayer" {freeze, Str+2}
 59203 | Vaults:5 | Identified the +0 robe of Lethargy {rF+ Regen+ rCorr}
 59298 | Vaults:5 | 59298 ||| PLANNING SHOPPING SPREE
 59298 | Vaults:5 | 59298 ||| UPGRADING to scarf of repulsion.
 59308 | Vaults:5 | 59308 ||| UPGRADING to +4 ring of protection.
 59310 | Vaults:5 | 59310 ||| UPGRADING to ring "Zaum" {+Blink rF++ Will- MP+9
                  | Slay+4}.
 59312 | Vaults:5 | 59312 ||| UPGRADING to +1 cloak of the Beekeeper {rElec rF-
                  | rN+ Str+3}.
 59322 | Vaults:5 | 59322 ||| DROPPING scarf of repulsion.
 59662 | Shoals:1 | 59662 ||| BUYING scroll of enchant armour (270 gold).
 59662 | Shoals:1 | Bought a scroll of enchant armour for 270 gold pieces
 59662 | Shoals:1 | 59662 ||| BUYING scroll of enchant armour (270 gold).
 59662 | Shoals:1 | Bought a scroll of enchant armour for 270 gold pieces
 59662 | Shoals:1 | 59662 ||| READING 2 scrolls of enchant armour.
 59662 | Shoals:1 | 59662 ||| ENCHANTING +6 gold dragon scales.
 59663 | Shoals:1 | 59663 ||| READING scroll of enchant armour.
 59663 | Shoals:1 | 59663 ||| ENCHANTING +7 gold dragon scales.
 59927 | Vaults:2 | 59927 ||| PLANNING ZOT
 60294 | Zot:1    | Entered Level 1 of the Realm of Zot
 60301 | Zot:1    | Identified the amulet of Immuq {RegenMP rPois rC+}
 60325 | Zot:1    | 60325 ||| INVOKING Heroism.
 60338 | Zot:1    | Identified the +2 ring mail of the Devil's Advocate
                  | {Rampage} (Okawaru gifted it to you on level 1 of the Realm
                  | of Zot)
 60338 | Zot:1    | Received a gift from Okawaru
 60411 | Zot:1    | Reached XP level 25. HP: 126/176 MP: 30/30
 60726 | Zot:1    | 60726 ||| INVOKING Heroism.
 60962 | Zot:1    | 60962 ||| Stepping ~*~*~tactically~*~*~ (stealth).
 60989 | Zot:1    | 60989 ||| Stepping ~*~*~tactically~*~*~ (hiding).
 61003 | Zot:1    | Noticed an ancient lich
 61004 | Zot:1    | 61004 ||| INVOKING Heroism.
 61004 | Zot:1    | Noticed an ancient lich
 61005 | Zot:1    | 61005 ||| INVOKING Finesse.
 61017 | Zot:1    | Killed an ancient lich
 61026 | Zot:1    | Killed an ancient lich
 61033 | Zot:1    | 61033 ||| Stepping ~*~*~tactically~*~*~ (hiding).
 61111 | Zot:1    | You are sucked into a shaft and drop 1 floor!
 61112 | Zot:2    | 61112 ||| UPGRADING to +2 cloak.
 61211 | Zot:1    | 61211 ||| INVOKING Heroism.
 61595 | Zot:1    | 61595 ||| Stepping ~*~*~tactically~*~*~ (hiding).
 61600 | Zot:1    | 61600 ||| INVOKING Heroism.
 61650 | Zot:1    | 61650 ||| READING scroll of acquirement.
 61650 | Zot:1    | 61650 ||| ACQUIRING ring of protection from fire
 61650 | Zot:1    | Acquired a ring of protection from fire
 61652 | Zot:1    | 61652 ||| DROPPING ring of fire.
 61688 | Zot:1    | 61688 ||| Stepping ~*~*~tactically~*~*~ (hiding).
 61855 | Zot:1    | 61855 ||| Stepping ~*~*~tactically~*~*~ (hiding).
 61864 | Zot:1    | 61864 ||| INVOKING Heroism.
 62159 | Zot:2    | 62159 ||| Stepping ~*~*~tactically~*~*~ (hiding).
 62219 | Zot:2    | 62219 ||| Stepping ~*~*~tactically~*~*~ (hiding).
 62224 | Zot:2    | 62224 ||| INVOKING Heroism.
 62231 | Zot:2    | Received a gift from Okawaru
 62240 | Zot:2    | Found a transporter.
 62243 | Zot:2    | Noticed a Killer Klown
 62244 | Zot:2    | Noticed qw's ghost (veteran MiBe)
 62245 | Zot:2    | Noticed a Killer Klown
 62245 | Zot:2    | Noticed a dread lich
 62245 | Zot:2    | Noticed a Killer Klown
 62261 | Zot:2    | Noticed a dread lich
 62263 | Zot:2    | Noticed a dread lich
 62481 | Zot:2    | Found a transporter.
 62533 | Zot:2    | 62533 ||| INVOKING Heroism.
 62544 | Zot:2    | Received a gift from Okawaru
 62567 | Zot:2    | Reached skill level 24 in Fighting
 62699 | Zot:2    | 62699 ||| INVOKING Heroism.
 62806 | Zot:2    | 62806 ||| INVOKING Heroism.
 63006 | Zot:2    | 63006 ||| INVOKING Heroism.
 63166 | Zot:2    | 63166 ||| INVOKING Heroism.
 63180 | Zot:2    | Received a gift from Okawaru
 63266 | Zot:2    | 63266 ||| DROPPING ring of magical power.
 63358 | Zot:3    | 63358 ||| Stepping ~*~*~tactically~*~*~ (hiding).
 63435 | Zot:3    | 63435 ||| INVOKING Heroism.
 63486 | Zot:3    | 63486 ||| INVOKING Heroism.
 63528 | Zot:3    | 63528 ||| Stepping ~*~*~tactically~*~*~ (hiding).
 63538 | Zot:3    | 63538 ||| Stepping ~*~*~tactically~*~*~ (hiding).
 63546 | Zot:3    | 63546 ||| INVOKING Heroism.
 63602 | Zot:3    | Received a gift from Okawaru
 63678 | Zot:3    | 63678 ||| Stepping ~*~*~tactically~*~*~ (stealth).
 63932 | Zot:3    | 63932 ||| INVOKING Heroism.
 63979 | Zot:3    | Identified the +0 pair of boots "Baihiops" {rElec rC+}
                  | (Okawaru gifted it to you on level 3 of the Realm of Zot)
 63979 | Zot:3    | Received a gift from Okawaru
 64133 | Zot:3    | 64133 ||| INVOKING Heroism.
 64345 | Zot:3    | 64345 ||| UPGRADING to +0 pair of boots "Baihiops" {rElec
                  | rC+}.
 64355 | Zot:3    | 64355 ||| DROPPING +0 pair of boots.
 64423 | Zot:4    | 64423 ||| INVOKING Heroism.
 64433 | Zot:4    | Reached XP level 26. HP: 181/188 MP: 30/30
 64545 | Zot:4    | Noticed Vv
 64546 | Zot:4    | 64546 ||| Stepping ~*~*~tactically~*~*~ (hiding).
 64549 | Zot:4    | 64549 ||| DRINKING 6 potions of resistance.
 64550 | Zot:4    | 64550 ||| INVOKING Heroism.
 64551 | Zot:4    | 64551 ||| INVOKING Finesse.
 64574 | Zot:4    | Killed Vv
 64889 | Zot:4    | 64889 ||| INVOKING Heroism.
 64901 | Zot:4    | Reached skill level 15 in Throwing
 64950 | Zot:4    | 64950 ||| Stepping ~*~*~tactically~*~*~ (stealth).
 64951 | Zot:4    | 64951 ||| Stepping ~*~*~tactically~*~*~ (stealth).
 64955 | Zot:4    | 64955 ||| INVOKING Heroism.
 65145 | Zot:4    | 65145 ||| INVOKING Heroism.
 65166 | Zot:4    | 65166 ||| INVOKING Heroism.
 65469 | Zot:4    | 65469 ||| INVOKING Heroism.
 66028 | Zot:4    | Identified the +2 falchion of the Tent {vorpal, Str+2}
 66070 | Zot:5    | Entered Level 5 of the Realm of Zot
 66094 | Zot:5    | 66094 ||| INVOKING Heroism.
 66167 | Zot:5    | 66167 ||| INVOKING Heroism.
 66237 | Zot:5    | 66237 ||| INVOKING Heroism.
 66422 | Zot:5    | Received a gift from Okawaru
 66423 | Zot:5    | 66423 ||| FLEEEEING.
 66424 | Zot:5    | 66424 ||| FLEEEEING.
 66562 | Zot:5    | Noticed a dread lich
 66563 | Zot:5    | 66563 ||| INVOKING Heroism.
 66563 | Zot:5    | Paralysed by a dread lich for 2 turns
 66565 | Zot:5    | 66565 ||| INVOKING Finesse.
 66568 | Zot:5    | Killed a dread lich
 66568 | Zot:5    | Identified the +1 hand crossbow of Okawaru's Envy {venom,
                  | Fragile rElec Will+ Dex+4} (Okawaru gifted it to you on
                  | level 5 of the Realm of Zot)
 66568 | Zot:5    | Received a gift from Okawaru
 66600 | Zot:5    | 66600 ||| Stepping ~*~*~tactically~*~*~ (hiding).
 66601 | Zot:5    | Noticed a Killer Klown
 66602 | Zot:5    | 66602 ||| INVOKING Heroism.
 66602 | Zot:5    | Noticed a Killer Klown
 66615 | Zot:5    | Killed a Killer Klown
 66616 | Zot:5    | Reached skill level 12 in Dodging
 66628 | Zot:5    | 66628 ||| Stepping ~*~*~tactically~*~*~ (hiding).
 66634 | Zot:5    | Killed a Killer Klown
 66671 | Zot:5    | 66671 ||| INVOKING Finesse.
 66672 | Zot:5    | 66672 ||| INVOKING Finesse.
 66674 | Zot:5    | Noticed an orb of fire
 66680 | Zot:5    | 66680 ||| INVOKING Heroism.
 66699 | Zot:5    | Killed an orb of fire
 66700 | Zot:5    | Noticed a Killer Klown
 66730 | Zot:5    | Killed a Killer Klown
 66730 | Zot:5    | Received a gift from Okawaru
 66858 | Zot:5    | Identified the +2 hand axe "Tiobam" {freeze, Stlth+}
                  | (Okawaru gifted it to you on level 5 of the Realm of Zot)
 66858 | Zot:5    | Received a gift from Okawaru
 66867 | Zot:5    | 66867 ||| Stepping ~*~*~tactically~*~*~ (stealth).
 66869 | Zot:5    | 66869 ||| INVOKING Heroism.
 66901 | Zot:5    | Noticed a Killer Klown
 66901 | Zot:5    | Noticed an orb of fire
 66901 | Zot:5    | Noticed a Killer Klown
 66902 | Zot:5    | 66902 ||| Stepping ~*~*~tactically~*~*~ (hiding).
 66903 | Zot:5    | 66903 ||| INVOKING Finesse.
 66906 | Zot:5    | Gained mutation: You occasionally shout uncontrollably at
                  | your foes. [an orb of fire]
 66912 | Zot:5    | Noticed a Killer Klown
 66920 | Zot:5    | Killed an orb of fire
 66921 | Zot:5    | Noticed a Killer Klown
 66924 | Zot:5    | Killed a Killer Klown
 66930 | Zot:5    | Killed a Killer Klown
 66938 | Zot:5    | Noticed a dread lich
 66948 | Zot:5    | Reached XP level 27. HP: 177/197 MP: 31/31
 66952 | Zot:5    | Reached skill level 27 in Fighting
 66955 | Zot:5    | Received a gift from Okawaru
 66962 | Zot:5    | Killed a dread lich
 67000 | Zot:5    | 67000 ||| Stepping ~*~*~tactically~*~*~ (stealth).
 67069 | Zot:5    | 67069 ||| INVOKING Heroism.
 67116 | Zot:5    | 67116 ||| Stepping ~*~*~tactically~*~*~ (hiding).
 67122 | Zot:5    | 67122 ||| INVOKING Heroism.
 67443 | Zot:5    | 67443 ||| PLANNING CONVERSION TO THE SHINING ONE
 67443 | Zot:5    | 67443 ||| UPGRADING to +1 cloak of the Beekeeper {rElec rF-
                  | rN+ Str+3}.
 68024 | D:5      | Fell from the grace of Okawaru
 68024 | D:5      | Became a worshipper of the Shining One
 68025 | D:5      | 68025 ||| PLANNING CRYPT
 68284 | Crypt:1  | Entered Level 1 of the Crypt
 68287 | Crypt:1  | Paralysed by a vampire knight for 4 turns
 68303 | Crypt:1  | Reached * piety under the Shining One
 68314 | Crypt:1  | Reached skill level 12 in Invocations
 68435 | Crypt:1  | 68435 ||| Stepping ~*~*~tactically~*~*~ (hiding).
 68442 | Crypt:1  | Reached ** piety under the Shining One
 68448 | Crypt:1  | 68448 ||| Stepping ~*~*~tactically~*~*~ (hiding).
 68556 | Crypt:1  | Noticed a royal mummy
 68557 | Crypt:1  | Noticed Khufu
 68557 | Crypt:1  | Noticed a royal mummy
 68573 | Crypt:1  | Killed a royal mummy
 68586 | Crypt:1  | HP: 46/199 [??? (8)]
 68587 | Crypt:1  | 68587 ||| READING 13 scrolls of teleportation.
 68588 | Crypt:1  | 68588 ||| DRINKING 7 potions of heal wounds.
 68597 | Crypt:1  | Reached *** piety under the Shining One
 69006 | Crypt:1  | 69006 ||| Stepping ~*~*~tactically~*~*~ (hiding).
 69008 | Crypt:1  | 69008 ||| INVOKING Cleansing Flame.
 69015 | Crypt:1  | Killed a royal mummy
 69027 | Crypt:1  | Killed Khufu
 69474 | Crypt:1  | 69474 ||| Stepping ~*~*~tactically~*~*~ (stealth).
 69475 | Crypt:1  | 69475 ||| Stepping ~*~*~tactically~*~*~ (stealth).
 69529 | Crypt:1  | 69529 ||| UPGRADING to +2 helmet.
 69539 | Crypt:1  | 69539 ||| DROPPING +3 crown of Dyrovepreva {rElec Int+2
                  | SInv}.
 69540 | Crypt:1  | 69540 ||| DROPPING ring "Syuboc" {Will+ SInv}.
 69566 | Crypt:2  | Reached **** piety under the Shining One
 69609 | Crypt:2  | 69609 ||| Stepping ~*~*~tactically~*~*~ (stealth).
 69610 | Crypt:2  | 69610 ||| Stepping ~*~*~tactically~*~*~ (stealth).
 69670 | Crypt:2  | Reached ***** piety under the Shining One
 69672 | Crypt:2  | 69672 ||| INVOKING Cleansing Flame.
 69673 | Crypt:2  | 69673 ||| INVOKING Cleansing Flame.
 69684 | Crypt:2  | 69684 ||| FLEEEEING.
 69685 | Crypt:2  | 69685 ||| FLEEEEING.
 69686 | Crypt:2  | 69686 ||| FLEEEEING.
 69687 | Crypt:2  | 69687 ||| FLEEEEING.
 69688 | Crypt:2  | 69688 ||| FLEEEEING.
 69689 | Crypt:2  | 69689 ||| FLEEEEING.
 69690 | Crypt:2  | 69690 ||| FLEEEEING.
 69691 | Crypt:2  | 69691 ||| FLEEEEING.
 69692 | Crypt:2  | 69692 ||| FLEEEEING.
 69693 | Crypt:2  | 69693 ||| FLEEEEING.
 69694 | Crypt:2  | 69694 ||| FLEEEEING.
 69695 | Crypt:2  | 69695 ||| FLEEEEING.
 69707 | Crypt:2  | 69707 ||| FLEEEEING.
 69708 | Crypt:2  | 69708 ||| FLEEEEING.
 69709 | Crypt:2  | 69709 ||| FLEEEEING.
 69715 | Crypt:2  | 69715 ||| STAIRDANCE
 70009 | Crypt:2  | Identified the ring of Seeso {Ice *Slow +Blink rElec Dex+8}
 70009 | Crypt:2  | Noticed Josephina
 70025 | Crypt:2  | Killed Josephina
 70027 | Crypt:2  | 70027 ||| Stepping ~*~*~tactically~*~*~ (stealth).
 70100 | Crypt:2  | 70100 ||| Stepping ~*~*~tactically~*~*~ (hiding).
 70291 | Crypt:2  | 70291 ||| INVOKING Cleansing Flame.
 70407 | Crypt:2  | 70407 ||| Stepping ~*~*~tactically~*~*~ (stealth).
 70657 | Crypt:3  | Entered Level 3 of the Crypt
 70671 | Crypt:3  | Reached skill level 15 in Invocations
 70673 | Crypt:3  | Reached ****** piety under the Shining One
 70693 | Crypt:3  | 70693 ||| INVOKING Brand Weapon With Holy Wrath.
 70693 | Crypt:3  | Identified a +9 broad axe of holy wrath (a +9 broad axe of
                  | freezing blessed by the Shining One)
 70693 | Crypt:3  | Received a gift from the Shining One
 70754 | Crypt:3  | Found a runed translucent door.
 70756 | Crypt:3  | Noticed Hali's ghost (veteran FoFi)
 70835 | Crypt:3  | 70835 ||| Stepping ~*~*~tactically~*~*~ (stealth).
 70894 | Crypt:3  | 70894 ||| DROPPING amulet of Jealousy {Harm rN+ Regen+
                  | Dex+5}.
 70895 | Crypt:3  | 70895 ||| Stepping randomly (cloudy).
 70899 | Crypt:3  | 70899 ||| Stepping ~*~*~tactically~*~*~ (cloud).
 70900 | Crypt:3  | 70900 ||| Stepping ~*~*~tactically~*~*~ (hiding).
 70901 | Crypt:3  | 70901 ||| Stepping ~*~*~tactically~*~*~ (hiding).
 70902 | Crypt:3  | 70902 ||| Stepping ~*~*~tactically~*~*~ (hiding).
 70903 | Crypt:3  | 70903 ||| Stepping ~*~*~tactically~*~*~ (hiding).
 70904 | Crypt:3  | 70904 ||| INVOKING Cleansing Flame.
 70905 | Crypt:3  | 70905 ||| INVOKING Cleansing Flame.
 70906 | Crypt:3  | 70906 ||| INVOKING Cleansing Flame.
 71100 | Crypt:3  | 71100 ||| Stepping ~*~*~tactically~*~*~ (hiding).
 71253 | Crypt:3  | 71253 ||| Stepping ~*~*~tactically~*~*~ (stealth).
 71315 | Crypt:3  | 71315 ||| FLEEEEING.
 71316 | Crypt:3  | 71316 ||| FLEEEEING.
 71317 | Crypt:3  | 71317 ||| FLEEEEING.
 71318 | Crypt:3  | 71318 ||| FLEEEEING.
 71394 | Crypt:3  | Found a staircase to the Tomb.
 71436 | Crypt:3  | Identified the +0 ring mail of Patience {Harm rPois}
 71499 | Crypt:3  | 71499 ||| Stepping ~*~*~tactically~*~*~ (stealth).
 71550 | Crypt:3  | 71550 ||| Stepping ~*~*~tactically~*~*~ (stealth).
 71643 | Crypt:3  | 71643 ||| FLEEEEING.
 71652 | Crypt:3  | 71652 ||| FLEEEEING.
 71653 | Crypt:3  | 71653 ||| FLEEEEING.
 71654 | Crypt:3  | 71654 ||| FLEEEEING.
 71655 | Crypt:3  | 71655 ||| FLEEEEING.
 71656 | Crypt:3  | 71656 ||| FLEEEEING.
 71657 | Crypt:3  | 71657 ||| FLEEEEING.
 71658 | Crypt:3  | 71658 ||| FLEEEEING.
 71659 | Crypt:3  | 71659 ||| FLEEEEING.
 71683 | Crypt:3  | 71683 ||| Stepping randomly (cloudy).
 71765 | Crypt:3  | 71765 ||| Stepping ~*~*~tactically~*~*~ (hiding).
 71766 | Crypt:3  | 71766 ||| Stepping ~*~*~tactically~*~*~ (hiding).
 71826 | Crypt:3  | 71826 ||| INVOKING Summon Divine Warrior.
 71923 | Crypt:3  | 71923 ||| INVOKING Summon Divine Warrior.
 71929 | Crypt:3  | HP: 49/199 [fire giant/+0 great sword of flaming[the fury
                  | of Okawaru] (16)]
 71930 | Crypt:3  | 71930 ||| READING 13 scrolls of teleportation.
 71931 | Crypt:3  | 71931 ||| DRINKING 6 potions of heal wounds.
 72011 | Crypt:3  | 72011 ||| INVOKING Summon Divine Warrior.
 72018 | Crypt:3  | HP: 45/199 [frost giant/bolt of cold[the fury of Okawaru]
                  | (6)]
 72019 | Crypt:3  | 72019 ||| READING 12 scrolls of teleportation.
 72020 | Crypt:3  | 72020 ||| DRINKING 5 potions of heal wounds.
 72396 | Crypt:3  | Identified the ring "Sougedai" {rPois rC+++}
 72414 | Crypt:3  | Identified the +2 flail of Midsummer {vorpal, rF+ Will+
                  | Stlth+}
 72420 | Crypt:3  | Identified the +12 hand axe of Darkness {flame, rC+}
 72579 | Crypt:3  | Identified the +1 leather armour of Action {Str+2}
 72678 | Crypt:3  | Found the +3 Mad Mage's Maulers {Infuse+∞ RegenMP Int-3}
 72827 | Crypt:3  | 72827 ||| PLANNING TOMB
 72827 | Crypt:3  | 72827 ||| UPGRADING to +2 cloak.
 72837 | Crypt:3  | 72837 ||| UPGRADING to +2 pair of boots.
 72847 | Crypt:3  | 72847 ||| DROPPING ring of protection from cold.
 72921 | Tomb:1   | Entered Level 1 of the Tomb of the Ancients
 73017 | Tomb:1   | Paralysed by a sphinx for 4 turns
 73229 | Tomb:1   | 73229 ||| INVOKING Cleansing Flame.
 73230 | Tomb:1   | 73230 ||| INVOKING Cleansing Flame.
 73572 | Tomb:1   | Noticed a royal mummy
 73573 | Tomb:1   | 73573 ||| Stepping ~*~*~tactically~*~*~ (hiding).
 73575 | Tomb:1   | 73575 ||| Stepping ~*~*~tactically~*~*~ (hiding).
 73576 | Tomb:1   | 73576 ||| INVOKING Summon Divine Warrior.
 73581 | Tomb:1   | Killed a royal mummy
 73712 | Tomb:1   | 73712 ||| Stepping ~*~*~tactically~*~*~ (stealth).
 73722 | Tomb:1   | 73722 ||| Stepping ~*~*~tactically~*~*~ (stealth).
 73731 | Tomb:1   | 73731 ||| Stepping ~*~*~tactically~*~*~ (hiding).
 73834 | Tomb:1   | Noticed a royal mummy
 73834 | Tomb:1   | 73834 ||| INVOKING Cleansing Flame.
 73835 | Tomb:1   | 73835 ||| INVOKING Cleansing Flame.
 73836 | Tomb:1   | 73836 ||| INVOKING Summon Divine Warrior.
 73838 | Tomb:1   | Killed a royal mummy
 73926 | Tomb:1   | 73926 ||| INVOKING Cleansing Flame.
 74178 | Tomb:2   | 74178 ||| DRINKING 8 potions of haste.
 74179 | Tomb:2   | 74179 ||| DRINKING 10 potions of attraction.
 74179 | Tomb:2   | Noticed a royal mummy
 74180 | Tomb:2   | 74180 ||| INVOKING Summon Divine Warrior.
 74183 | Tomb:2   | 74183 ||| INVOKING Cleansing Flame.
 74185 | Tomb:2   | 74185 ||| INVOKING Cleansing Flame.
 74186 | Tomb:2   | Killed a royal mummy
 74187 | Tomb:2   | Reached skill level 18 in Invocations
 74188 | Tomb:2   | Noticed a royal mummy
 74191 | Tomb:2   | 74191 ||| INVOKING Cleansing Flame.
 74194 | Tomb:2   | Noticed a royal mummy
 74195 | Tomb:2   | Noticed a royal mummy
 74196 | Tomb:2   | Killed a royal mummy
 74200 | Tomb:2   | Killed a royal mummy
 74204 | Tomb:2   | Killed a royal mummy
 74429 | Tomb:2   | 74429 ||| INVOKING Cleansing Flame.
 74453 | Tomb:2   | 74453 ||| INVOKING Cleansing Flame.
 74776 | Tomb:1   | Noticed a royal mummy
 74777 | Tomb:1   | 74777 ||| INVOKING Summon Divine Warrior.
 74780 | Tomb:1   | 74780 ||| INVOKING Cleansing Flame.
 74781 | Tomb:1   | 74781 ||| INVOKING Cleansing Flame.
 74782 | Tomb:1   | 74782 ||| INVOKING Cleansing Flame.
 74782 | Tomb:1   | Killed a royal mummy
 74860 | Tomb:1   | Noticed a royal mummy
 74863 | Tomb:1   | 74863 ||| INVOKING Cleansing Flame.
 74865 | Tomb:1   | Killed a royal mummy
 74997 | Tomb:1   | Noticed a royal mummy
 75001 | Tomb:1   | 75001 ||| INVOKING Cleansing Flame.
 75002 | Tomb:1   | 75002 ||| INVOKING Cleansing Flame.
 75003 | Tomb:1   | Noticed a royal mummy
 75005 | Tomb:1   | Killed a royal mummy
 75006 | Tomb:1   | 75006 ||| INVOKING Cleansing Flame.
 75007 | Tomb:1   | 75007 ||| INVOKING Cleansing Flame.
 75008 | Tomb:1   | 75008 ||| INVOKING Cleansing Flame.
 75009 | Tomb:1   | 75009 ||| INVOKING Cleansing Flame.
 75009 | Tomb:1   | Killed a royal mummy
 75099 | Tomb:1   | Noticed a royal mummy
 75100 | Tomb:1   | 75100 ||| INVOKING Summon Divine Warrior.
 75101 | Tomb:1   | 75101 ||| INVOKING Cleansing Flame.
 75105 | Tomb:1   | Killed a royal mummy
 75111 | Tomb:1   | Noticed a royal mummy
 75114 | Tomb:1   | Killed a royal mummy
 75123 | Tomb:1   | Noticed a royal mummy
 75124 | Tomb:1   | 75124 ||| INVOKING Cleansing Flame.
 75125 | Tomb:1   | 75125 ||| INVOKING Cleansing Flame.
 75126 | Tomb:1   | 75126 ||| INVOKING Cleansing Flame.
 75127 | Tomb:1   | 75127 ||| INVOKING Cleansing Flame.
 75127 | Tomb:1   | Killed a royal mummy
 75133 | Tomb:1   | Noticed a royal mummy
 75134 | Tomb:1   | 75134 ||| INVOKING Cleansing Flame.
 75135 | Tomb:1   | 75135 ||| INVOKING Cleansing Flame.
 75136 | Tomb:1   | 75136 ||| INVOKING Cleansing Flame.
 75136 | Tomb:1   | Killed a royal mummy
 75154 | Tomb:1   | Noticed a royal mummy
 75162 | Tomb:1   | Killed a royal mummy
 75165 | Tomb:1   | HP: 48/199 [deep elf blademaster/+0 rapier[the fury of
                  | Okawaru] (7)]
 75166 | Tomb:1   | 75166 ||| READING 11 scrolls of teleportation.
 75167 | Tomb:1   | 75167 ||| DRINKING 5 potions of heal wounds.
 75500 | Tomb:1   | 75500 ||| UPGRADING to +1 cloak of the Beekeeper {rElec rF-
                  | rN+ Str+3}.
 75610 | Tomb:1   | 75610 ||| Stepping ~*~*~tactically~*~*~ (hiding).
 75678 | Tomb:1   | 75678 ||| READING scroll of enchant armour.
 75678 | Tomb:1   | 75678 ||| ENCHANTING +8 gold dragon scales.
 75750 | Tomb:1   | Noticed a royal mummy
 75751 | Tomb:1   | 75751 ||| INVOKING Summon Divine Warrior.
 75754 | Tomb:1   | 75754 ||| INVOKING Cleansing Flame.
 75755 | Tomb:1   | 75755 ||| INVOKING Cleansing Flame.
 75756 | Tomb:1   | 75756 ||| INVOKING Cleansing Flame.
 75757 | Tomb:1   | 75757 ||| INVOKING Cleansing Flame.
 75759 | Tomb:1   | Killed a royal mummy
 75848 | Tomb:1   | Noticed a royal mummy
 75852 | Tomb:1   | Noticed a royal mummy
 75856 | Tomb:1   | Killed a royal mummy
 75860 | Tomb:1   | 75860 ||| INVOKING Cleansing Flame.
 75861 | Tomb:1   | 75861 ||| INVOKING Summon Divine Warrior.
 75864 | Tomb:1   | Killed a royal mummy
 75867 | Tomb:1   | Noticed a royal mummy
 75871 | Tomb:1   | 75871 ||| INVOKING Cleansing Flame.
 75872 | Tomb:1   | 75872 ||| INVOKING Cleansing Flame.
 75873 | Tomb:1   | 75873 ||| INVOKING Cleansing Flame.
 75874 | Tomb:1   | 75874 ||| INVOKING Cleansing Flame.
 75875 | Tomb:1   | 75875 ||| INVOKING Cleansing Flame.
 75875 | Tomb:1   | Killed a royal mummy
 75876 | Tomb:1   | Reached skill level 21 in Invocations
 75878 | Tomb:1   | Noticed a royal mummy
 75879 | Tomb:1   | 75879 ||| INVOKING Cleansing Flame.
 75880 | Tomb:1   | 75880 ||| INVOKING Cleansing Flame.
 75882 | Tomb:1   | Killed a royal mummy
 75882 | Tomb:1   | Noticed a royal mummy
 75883 | Tomb:1   | 75883 ||| INVOKING Cleansing Flame.
 75884 | Tomb:1   | 75884 ||| DRINKING 7 potions of magic.
 75885 | Tomb:1   | 75885 ||| INVOKING Cleansing Flame.
 75885 | Tomb:1   | Killed a royal mummy
 76070 | Tomb:1   | Was forgiven by Okawaru
 76594 | Tomb:2   | 76594 ||| INVOKING Cleansing Flame.
 76594 | Tomb:2   | Noticed Mennas
 76595 | Tomb:2   | 76595 ||| INVOKING Cleansing Flame.
 76596 | Tomb:2   | 76596 ||| INVOKING Summon Divine Warrior.
 76618 | Tomb:2   | Killed Mennas
 76825 | Tomb:3   | Entered Level 3 of the Tomb of the Ancients
 76826 | Tomb:3   | 76826 ||| DRINKING 7 potions of haste.
 76827 | Tomb:3   | 76827 ||| DRINKING 9 potions of attraction.
 76833 | Tomb:3   | 76833 ||| INVOKING Cleansing Flame.
 76834 | Tomb:3   | 76834 ||| INVOKING Cleansing Flame.
 76835 | Tomb:3   | 76835 ||| INVOKING Summon Divine Warrior.
 76837 | Tomb:3   | 76837 ||| INVOKING Cleansing Flame.
 76849 | Tomb:3   | 76849 ||| INVOKING Cleansing Flame.
 76859 | Tomb:3   | Noticed a royal mummy
 76862 | Tomb:3   | 76862 ||| INVOKING Cleansing Flame.
 76862 | Tomb:3   | Noticed a royal mummy
 76863 | Tomb:3   | 76863 ||| INVOKING Cleansing Flame.
 76864 | Tomb:3   | 76864 ||| INVOKING Cleansing Flame.
 76867 | Tomb:3   | 76867 ||| INVOKING Cleansing Flame.
 76867 | Tomb:3   | Killed a royal mummy
 76868 | Tomb:3   | 76868 ||| INVOKING Cleansing Flame.
 76869 | Tomb:3   | 76869 ||| INVOKING Cleansing Flame.
 76869 | Tomb:3   | Killed a royal mummy
 76871 | Tomb:3   | 76871 ||| INVOKING Cleansing Flame.
 76872 | Tomb:3   | 76872 ||| INVOKING Cleansing Flame.
 76873 | Tomb:3   | 76873 ||| INVOKING Cleansing Flame.
 76874 | Tomb:3   | HP: 37/199 [mummy priest/divine providence (14)]
 76875 | Tomb:3   | 76875 ||| READING 10 scrolls of teleportation.
 76876 | Tomb:3   | 76876 ||| DRINKING 4 potions of heal wounds.
 76877 | Tomb:3   | 76877 ||| INVOKING Cleansing Flame.
 76878 | Tomb:3   | Reached skill level 24 in Invocations
 76888 | Tomb:3   | HP: 45/199 [torment (8)]
 76889 | Tomb:3   | 76889 ||| READING 9 scrolls of teleportation.
 76890 | Tomb:3   | 76890 ||| DRINKING 3 potions of heal wounds.
 76891 | Tomb:3   | 76891 ||| DRINKING 2 potions of heal wounds.
 76899 | Tomb:3   | 76899 ||| INVOKING Summon Divine Warrior.
 76903 | Tomb:3   | 76903 ||| INVOKING Cleansing Flame.
 76909 | Tomb:3   | Noticed a royal mummy
 76912 | Tomb:3   | 76912 ||| INVOKING Cleansing Flame.
 76913 | Tomb:3   | 76913 ||| INVOKING Cleansing Flame.
 76913 | Tomb:3   | Killed a royal mummy
 76935 | Tomb:3   | Noticed a royal mummy
 76939 | Tomb:3   | 76939 ||| INVOKING Cleansing Flame.
 76940 | Tomb:3   | Killed a royal mummy
 76980 | Tomb:3   | Noticed a royal mummy
 76985 | Tomb:3   | Killed a royal mummy
 77000 | Tomb:3   | Noticed a royal mummy
 77002 | Tomb:3   | Noticed a royal mummy
 77006 | Tomb:3   | Killed a royal mummy
 77014 | Tomb:3   | Killed a royal mummy
 77228 | Tomb:3   | Identified the ring of Vyigolo {rC+ rCorr Str+3}
 77267 | Tomb:3   | Noticed a royal mummy
 77270 | Tomb:3   | 77270 ||| INVOKING Cleansing Flame.
 77271 | Tomb:3   | 77271 ||| INVOKING Cleansing Flame.
 77273 | Tomb:3   | Noticed a royal mummy
 77274 | Tomb:3   | Killed a royal mummy
 77283 | Tomb:3   | Killed a royal mummy
 77542 | Tomb:3   | Identified the amulet of the Enemy {Reflect rPois Regen+
                  | SH+5}
 77605 | Tomb:3   | Got a golden rune of Zot
 77645 | Tomb:3   | 77645 ||| PLANNING PAN
 77645 | Tomb:3   | 77645 ||| UPGRADING to +2 cloak.
 77655 | Tomb:3   | 77655 ||| DROPPING amulet of reflection.
 77656 | Tomb:3   | 77656 ||| UPGRADING to amulet of the Enemy {Reflect rPois
                  | Regen+ SH+5}.
 77666 | Tomb:3   | 77666 ||| UPGRADING to +1 cloak of the Beekeeper {rElec rF-
                  | rN+ Str+3}.
 77676 | Tomb:3   | 77676 ||| DROPPING amulet "Teeklata" {Faith Will+ Str+5
                  | Int+2}.
 77677 | Tomb:3   | 77677 ||| DROPPING ring of protection from cold.
 77678 | Tomb:3   | 77678 ||| DROPPING ring of resist corrosion.
 77679 | Tomb:3   | 77679 ||| DROPPING ring of see invisible.
 77680 | Tomb:3   | 77680 ||| UPGRADING to ring of Vyigolo {rC+ rCorr Str+3}.
 77751 | Tomb:1   | 77751 ||| INVOKING Cleansing Flame.
 77752 | Tomb:1   | 77752 ||| INVOKING Cleansing Flame.
 78205 | Pan      | Entered Pandemonium
 78210 | Pan      | 78210 ||| Stepping ~*~*~tactically~*~*~ (stealth).
 78211 | Pan      | 78211 ||| Stepping ~*~*~tactically~*~*~ (stealth).
 78265 | Pan      | 78265 ||| Stepping ~*~*~tactically~*~*~ (stealth).
 78266 | Pan      | 78266 ||| Stepping ~*~*~tactically~*~*~ (stealth).
 78268 | Pan      | 78268 ||| Stepping ~*~*~tactically~*~*~ (hiding).
 78465 | Pan      | Found an exit through the horrors of the Abyss.
 78489 | Pan      | 78489 ||| Stepping ~*~*~tactically~*~*~ (hiding).
 78542 | Pan      | 78542 ||| Stepping ~*~*~tactically~*~*~ (stealth).
 78566 | Pan      | Gained mutation: You occasionally lose the ability to read
                  | scrolls when taking damage. [a neqoxec]
 78568 | Pan      | 78568 ||| DRINKING 10 potions of mutation.
 78568 | Pan      | Lost mutation: You expend magic power (3 MP) to strengthen
                  | your wands. [potion of mutation]
 78568 | Pan      | Lost mutation: You occasionally shout uncontrollably at
                  | your foes. [potion of mutation]
 78568 | Pan      | Gained mutation: You are partially covered in iridescent
                  | scales. (AC +2) [potion of mutation]
 78568 | Pan      | Gained mutation: Your spells are a little easier to cast,
                  | but a little less powerful. [potion of mutation]
 78568 | Pan      | Gained mutation: You have sharp fingernails. [potion of
                  | mutation]
 78569 | Pan      | 78569 ||| DRINKING 9 potions of mutation.
 78569 | Pan      | Lost mutation: You are partially covered in iridescent
                  | scales. (AC +2) [potion of mutation]
 78569 | Pan      | Lost mutation: Your spells are a little easier to cast, but
                  | a little less powerful. [potion of mutation]
 78569 | Pan      | Lost mutation: You are partially covered in large bone
                  | plates. (SH +4) [potion of mutation]
 78569 | Pan      | Gained mutation: You are occasionally teleported next to
                  | monsters. [potion of mutation]
 78570 | Pan      | 78570 ||| DRINKING 8 potions of mutation.
 78570 | Pan      | Lost mutation: You occasionally lose the ability to read
                  | scrolls when taking damage. [potion of mutation]
 78570 | Pan      | Lost mutation: You have sharp fingernails. [potion of
                  | mutation]
 78570 | Pan      | Gained mutation: You are clumsy. (Dex -2) [potion of
                  | mutation]
 78571 | Pan      | 78571 ||| DRINKING 7 potions of mutation.
 78571 | Pan      | Lost mutation: You possess an exceptional clarity of mind.
                  | [potion of mutation]
 78571 | Pan      | Lost mutation: You are occasionally teleported next to
                  | monsters. [potion of mutation]
 78571 | Pan      | Lost mutation: You are clumsy. (Dex -2) [potion of
                  | mutation]
 78571 | Pan      | Gained mutation: You have a pair of small horns on your
                  | head. [potion of mutation]
 78571 | Pan      | Gained mutation: Your spells are a little harder to cast,
                  | but a little more powerful. [potion of mutation]
 78651 | Pan      | 78651 ||| DRINKING 6 potions of resistance.
 78652 | Pan      | 78652 ||| INVOKING Summon Divine Warrior.
 78656 | Pan      | 78656 ||| INVOKING Cleansing Flame.
 78719 | Pan      | Noticed Roiderae the pandemonium lord
 78731 | Pan      | Killed Roiderae the pandemonium lord
 78835 | Pan      | 78835 ||| DROPPING +2 helmet.
 78836 | Pan      | 78836 ||| UPGRADING to +2 hat of Calculation {rC+}.
 78841 | Pan      | 78841 ||| UPGRADING to +4 ring of protection.
 78896 | Pan      | 78896 ||| Stepping ~*~*~tactically~*~*~ (stealth).
 78897 | Pan      | 78897 ||| Stepping ~*~*~tactically~*~*~ (stealth).
 79012 | Pan      | 79012 ||| Stepping ~*~*~tactically~*~*~ (hiding).
 79013 | Pan      | 79013 ||| Stepping ~*~*~tactically~*~*~ (hiding).
 79100 | Pan      | 79100 ||| Stepping ~*~*~tactically~*~*~ (hiding).
 79109 | Pan      | Gained mutation: You are dopey. (Int -2) [a neqoxec]
 79117 | Pan      | Noticed Uffomur the pandemonium lord
 79118 | Pan      | 79118 ||| Stepping ~*~*~tactically~*~*~ (hiding).
 79123 | Pan      | 79123 ||| INVOKING Summon Divine Warrior.
 79130 | Pan      | Killed Uffomur the pandemonium lord
 79241 | Pan      | 79241 ||| Stepping ~*~*~tactically~*~*~ (hiding).
 79242 | Pan      | 79242 ||| Stepping ~*~*~tactically~*~*~ (hiding).
 79521 | Pan      | 79521 ||| Stepping ~*~*~tactically~*~*~ (stealth).
 79837 | Pan      | 79837 ||| Stepping ~*~*~tactically~*~*~ (stealth).
 79865 | Pan      | 79865 ||| UPGRADING to +2 cloak.
 79866 | Pan      | 79866 ||| UPGRADING to +2 cloak.
 79868 | Pan      | 79868 ||| UPGRADING to +2 cloak.
 79921 | Pan      | 79921 ||| DRINKING 20 potions of curing.
 79921 | Pan      | 79921 ||| (to cure confusion)
 79922 | Pan      | 79922 ||| DRINKING 19 potions of curing.
 79922 | Pan      | 79922 ||| (to cure confusion)
 79923 | Pan      | 79923 ||| DRINKING 5 potions of resistance.
 79926 | Pan      | 79926 ||| INVOKING Summon Divine Warrior.
 80083 | Pan      | Noticed Puten the pandemonium lord
 80223 | Pan      | 80223 ||| READING 8 scrolls of teleportation.
 80280 | Pan      | Reached skill level 1 in Short Blades
 80280 | Pan      | 80280 ||| READING 7 scrolls of teleportation.
 80327 | Pan      | Gained mutation: You do not regenerate when monsters are
                  | visible. [a neqoxec]
 80328 | Pan      | 80328 ||| Stepping ~*~*~tactically~*~*~ (hiding).
 80346 | Pan      | 80346 ||| DRINKING 6 potions of mutation.
 80346 | Pan      | Lost mutation: Your spells are a little harder to cast, but
                  | a little more powerful. [potion of mutation]
 80346 | Pan      | Lost mutation: You have a pair of small horns on your head.
                  | [potion of mutation]
 80346 | Pan      | Lost mutation: You are dopey. (Int -2) [potion of mutation]
 80346 | Pan      | Gained mutation: Your flesh is heat resistant. (rF+)
                  | [potion of mutation]
 80346 | Pan      | Gained mutation: Your spells are a little harder to cast,
                  | but a little more powerful. [potion of mutation]
 80347 | Pan      | 80347 ||| DRINKING 5 potions of mutation.
 80347 | Pan      | Lost mutation: Your flesh is heat resistant. (rF+) [potion
                  | of mutation]
 80347 | Pan      | Lost mutation: Your spells are a little harder to cast, but
                  | a little more powerful. [potion of mutation]
 80347 | Pan      | Lost mutation: You do not regenerate when monsters are
                  | visible. [potion of mutation]
 80347 | Pan      | Gained mutation: You are robust. (+10% HP) [potion of
                  | mutation]
 80347 | Pan      | Gained mutation: Potions are less effective at restoring
                  | your health. [potion of mutation]
 80347 | Pan      | Gained mutation: You have a pair of small horns on your
                  | head. [potion of mutation]
 80348 | Pan      | 80348 ||| DRINKING 4 potions of mutation.
 80348 | Pan      | Lost mutation: You have a pair of small horns on your head.
                  | [potion of mutation]
 80348 | Pan      | Lost mutation: You are robust. (+10% HP) [potion of
                  | mutation]
 80348 | Pan      | Lost mutation: Potions are less effective at restoring your
                  | health. [potion of mutation]
 80348 | Pan      | Gained mutation: You have hidden genetic potential. [potion
                  | of mutation]
 80348 | Pan      | Gained mutation: Your mind is acute. (Int +4, Str/Dex -1)
                  | [potion of mutation]
 80348 | Pan      | Gained mutation: You are strong-willed. (Will+) [potion of
                  | mutation]
 80358 | Pan      | 80358 ||| DRINKING 6 potions of cancellation.
 80365 | Pan      | 80365 ||| DRINKING 5 potions of cancellation.
 80366 | Pan      | 80366 ||| READING 6 scrolls of teleportation.
 80370 | Pan      | 80370 ||| READING 5 scrolls of teleportation.
 80374 | Pan      | 80374 ||| READING 4 scrolls of teleportation.
 80374 | Pan      | Gained mutation: You sometimes lose your temper in combat.
                  | [a neqoxec]
 80375 | Pan      | HP: 14/199 [Puten the pandemonium lord/great icy blast
                  | (40)]
 80376 | Pan      | 80376 ||| DRINKING 3 potions of heal wounds.
 80387 | Pan      | 80387 ||| DRINKING 4 potions of cancellation.
 80388 | Pan      | 80388 ||| DRINKING 2 potions of heal wounds.
 80392 | Pan      | 80392 ||| INVOKING Summon Divine Warrior.
 80450 | Pan      | 80450 ||| DRINKING 3 potions of mutation.
 80450 | Pan      | Lost mutation: You are strong-willed. (Will+) [potion of
                  | mutation]
 80450 | Pan      | Lost mutation: You sometimes lose your temper in combat.
                  | [potion of mutation]
 80450 | Pan      | Lost mutation: Your mind is acute. (Int +4, Str/Dex -1)
                  | [potion of mutation]
 80450 | Pan      | Gained mutation: You are weak. (Str -2) [potion of
                  | mutation]
 80450 | Pan      | Gained mutation: You are strong-willed. (Will+) [potion of
                  | mutation]
 80450 | Pan      | Gained mutation: Your natural rate of healing is unusually
                  | fast. [potion of mutation]
 80536 | Pan      | 80536 ||| Stepping ~*~*~tactically~*~*~ (stealth).
 80539 | Pan      | 80539 ||| Stepping ~*~*~tactically~*~*~ (stealth).
 80540 | Pan      | 80540 ||| Stepping ~*~*~tactically~*~*~ (stealth).
 80592 | Pan      | 80592 ||| Stepping ~*~*~tactically~*~*~ (stealth).
 80597 | Pan      | 80597 ||| Stepping ~*~*~tactically~*~*~ (stealth).
 80613 | Pan      | 80613 ||| Stepping ~*~*~tactically~*~*~ (stealth).
 80721 | Pan      | 80721 ||| Stepping ~*~*~tactically~*~*~ (stealth).
 80722 | Pan      | 80722 ||| Stepping ~*~*~tactically~*~*~ (stealth).
 80724 | Pan      | 80724 ||| Stepping ~*~*~tactically~*~*~ (stealth).
 80726 | Pan      | 80726 ||| Stepping ~*~*~tactically~*~*~ (stealth).
 80728 | Pan      | 80728 ||| Stepping ~*~*~tactically~*~*~ (stealth).
 80736 | Pan      | Reached skill level 3 in Short Blades
 80749 | Pan      | 80749 ||| Stepping ~*~*~tactically~*~*~ (stealth).
 80789 | Pan      | 80789 ||| Stepping ~*~*~tactically~*~*~ (stealth).
 80790 | Pan      | 80790 ||| Stepping ~*~*~tactically~*~*~ (stealth).
 81214 | Pan      | 81214 ||| Stepping ~*~*~tactically~*~*~ (stealth).
 81303 | Pan      | 81303 ||| Stepping ~*~*~tactically~*~*~ (hiding).
 81313 | Pan      | 81313 ||| INVOKING Summon Divine Warrior.
 81316 | Pan      | 81316 ||| INVOKING Cleansing Flame.
 81332 | Pan      | Killed Puten the pandemonium lord
 81412 | Pan      | 81412 ||| Stepping ~*~*~tactically~*~*~ (stealth).
 81526 | Pan      | 81526 ||| INVOKING Summon Divine Warrior.
 81526 | Pan      | Identified the +10 tower shield "Lyvanadei" {Int-5 Dex+5}
 81537 | Pan      | HP: 29/199 [Brimstone Fiend/damnation (39)]
 81538 | Pan      | 81538 ||| READING 3 scrolls of teleportation.
 81538 | Pan      | HP: 2/199 [Brimstone Fiend/damnation (29)]
 81539 | Pan      | 81539 ||| DRINKING potion of heal wounds.
 81541 | Pan      | Found a runed translucent door.
 81542 | Pan      | 81542 ||| READING 2 scrolls of teleportation.
 81700 | Pan      | 81700 ||| Stepping ~*~*~tactically~*~*~ (stealth).
 81701 | Pan      | 81701 ||| Stepping ~*~*~tactically~*~*~ (stealth).
 81715 | Pan      | Found an exit through the horrors of the Abyss.
 81959 | Pan      | Gained mutation: Armour fits poorly on your strangely
                  | shaped body. [a neqoxec]
 81963 | Pan      | 81963 ||| DRINKING 2 potions of mutation.
 81963 | Pan      | Lost mutation: You have hidden genetic potential. [potion
                  | of mutation]
 81963 | Pan      | Lost mutation: You are strong-willed. (Will+) [potion of
                  | mutation]
 81963 | Pan      | Gained mutation: You occasionally lose the ability to drink
                  | potions when taking damage. [potion of mutation]
 81963 | Pan      | Gained mutation: You possess an exceptional clarity of
                  | mind. [potion of mutation]
 81964 | Pan      | 81964 ||| DRINKING potion of mutation.
 81964 | Pan      | Lost mutation: Armour fits poorly on your strangely shaped
                  | body. [potion of mutation]
 81964 | Pan      | Lost mutation: You possess an exceptional clarity of mind.
                  | [potion of mutation]
 81964 | Pan      | Lost mutation: You occasionally lose the ability to drink
                  | potions when taking damage. [potion of mutation]
 81964 | Pan      | Gained mutation: Armour fits poorly on your strangely
                  | shaped body. [potion of mutation]
 81964 | Pan      | Gained mutation: You have a pair of small horns on your
                  | head. [potion of mutation]
 81964 | Pan      | Gained mutation: You are very weak. (Str -4) [potion of
                  | mutation]
 81964 | Pan      | Gained mutation: You expend magic power (3 MP) to
                  | strengthen your wands. [potion of mutation]
 81965 | Pan      | 81965 ||| Stepping ~*~*~tactically~*~*~ (stealth).
 82171 | Pan      | 82171 ||| DRINKING 6 potions of magic.
 82172 | Pan      | 82172 ||| INVOKING Cleansing Flame.
 82173 | Pan      | 82173 ||| INVOKING Cleansing Flame.
 82174 | Pan      | 82174 ||| INVOKING Cleansing Flame.
 82175 | Pan      | 82175 ||| INVOKING Summon Divine Warrior.
 82177 | Pan      | Reached skill level 27 in Invocations
 82185 | Pan      | 82185 ||| Stepping ~*~*~tactically~*~*~ (cloud).
 82736 | Pan      | Lost mutation: Your natural rate of healing is unusually
                  | fast. [a neqoxec]
 82763 | Pan      | 82763 ||| INVOKING Summon Divine Warrior.
 82791 | Pan      | 82791 ||| INVOKING Summon Divine Warrior.
 82803 | Pan      | 82803 ||| DRINKING 5 potions of magic.
 82804 | Pan      | 82804 ||| INVOKING Summon Divine Warrior.
 82817 | Pan      | 82817 ||| INVOKING Summon Divine Warrior.
 82865 | Pan      | 82865 ||| Stepping ~*~*~tactically~*~*~ (stealth).
 83114 | Pan      | 83114 ||| Stepping ~*~*~tactically~*~*~ (hiding).
 83701 | Pan      | Gained mutation: You occasionally lose the ability to read
                  | scrolls when taking damage. [a neqoxec]
 83705 | Pan      | Gained mutation: You occasionally lose the ability to drink
                  | potions when taking damage. [a neqoxec]
 83708 | Pan      | 83708 ||| Stepping ~*~*~tactically~*~*~ (stealth).
 83911 | Pan      | 83911 ||| Stepping ~*~*~tactically~*~*~ (stealth).
 83913 | Pan      | 83913 ||| Stepping ~*~*~tactically~*~*~ (stealth).
 83915 | Pan      | 83915 ||| Stepping ~*~*~tactically~*~*~ (stealth).
 83986 | Pan      | 83986 ||| Stepping ~*~*~tactically~*~*~ (stealth).
 83995 | Pan      | 83995 ||| Stepping ~*~*~tactically~*~*~ (stealth).
 84161 | Pan      | 84161 ||| Stepping ~*~*~tactically~*~*~ (stealth).
 84170 | Pan      | 84170 ||| Stepping ~*~*~tactically~*~*~ (stealth).
 84208 | Pan      | 84208 ||| Stepping ~*~*~tactically~*~*~ (stealth).
 84209 | Pan      | 84209 ||| Stepping ~*~*~tactically~*~*~ (stealth).
 84219 | Pan      | 84219 ||| Stepping ~*~*~tactically~*~*~ (stealth).
 84222 | Pan      | 84222 ||| Stepping ~*~*~tactically~*~*~ (stealth).
 84224 | Pan      | 84224 ||| Stepping ~*~*~tactically~*~*~ (stealth).
 84259 | Pan      | 84259 ||| Stepping ~*~*~tactically~*~*~ (stealth).
 84261 | Pan      | 84261 ||| Stepping ~*~*~tactically~*~*~ (stealth).
 84263 | Pan      | 84263 ||| Stepping ~*~*~tactically~*~*~ (stealth).
 84267 | Pan      | 84267 ||| Stepping ~*~*~tactically~*~*~ (stealth).
 84268 | Pan      | 84268 ||| Stepping ~*~*~tactically~*~*~ (stealth).
 84280 | Pan      | 84280 ||| Stepping ~*~*~tactically~*~*~ (stealth).
 84293 | Pan      | 84293 ||| Stepping ~*~*~tactically~*~*~ (stealth).
 84294 | Pan      | 84294 ||| Stepping ~*~*~tactically~*~*~ (stealth).
 84302 | Pan      | 84302 ||| Stepping ~*~*~tactically~*~*~ (stealth).
 84306 | Pan      | 84306 ||| Stepping ~*~*~tactically~*~*~ (stealth).
 84307 | Pan      | 84307 ||| Stepping ~*~*~tactically~*~*~ (stealth).
 84309 | Pan      | 84309 ||| Stepping ~*~*~tactically~*~*~ (stealth).
 84310 | Pan      | 84310 ||| Stepping ~*~*~tactically~*~*~ (stealth).
 84311 | Pan      | 84311 ||| Stepping ~*~*~tactically~*~*~ (stealth).
 84315 | Pan      | 84315 ||| Stepping randomly (cloudy).
 84317 | Pan      | 84317 ||| Stepping randomly (cloudy).
 84318 | Pan      | 84318 ||| Stepping randomly (cloudy).
 84319 | Pan      | 84319 ||| Stepping randomly (cloudy).
 84325 | Pan      | 84325 ||| Stepping randomly (cloudy).
 84326 | Pan      | 84326 ||| Stepping randomly (cloudy).
 84328 | Pan      | 84328 ||| Stepping ~*~*~tactically~*~*~ (stealth).
 84335 | Pan      | 84335 ||| Stepping ~*~*~tactically~*~*~ (stealth).
 84337 | Pan      | 84337 ||| Stepping ~*~*~tactically~*~*~ (stealth).
 84338 | Pan      | 84338 ||| Stepping ~*~*~tactically~*~*~ (stealth).
 84340 | Pan      | 84340 ||| Stepping ~*~*~tactically~*~*~ (stealth).
 84353 | Pan      | 84353 ||| Stepping ~*~*~tactically~*~*~ (stealth).
 84522 | Pan      | 84522 ||| Stepping ~*~*~tactically~*~*~ (hiding).
 84587 | Pan      | 84587 ||| Stepping ~*~*~tactically~*~*~ (stealth).
 84588 | Pan      | 84588 ||| Stepping ~*~*~tactically~*~*~ (stealth).
 84616 | Pan      | 84616 ||| Stepping ~*~*~tactically~*~*~ (stealth).
 84619 | Pan      | 84619 ||| Stepping ~*~*~tactically~*~*~ (stealth).
 84620 | Pan      | 84620 ||| Stepping ~*~*~tactically~*~*~ (stealth).
 84669 | Pan      | Gained mutation: Your magical capacity is low. (-10% MP) [a
                  | neqoxec]
 84783 | Pan      | 84783 ||| Stepping ~*~*~tactically~*~*~ (stealth).
 84784 | Pan      | 84784 ||| Stepping ~*~*~tactically~*~*~ (stealth).
 84864 | Pan      | 84864 ||| Stepping ~*~*~tactically~*~*~ (stealth).
 84866 | Pan      | 84866 ||| Stepping ~*~*~tactically~*~*~ (stealth).
 84868 | Pan      | 84868 ||| Stepping ~*~*~tactically~*~*~ (stealth).
 84869 | Pan      | 84869 ||| Stepping ~*~*~tactically~*~*~ (stealth).
 85217 | Pan      | 85217 ||| Stepping ~*~*~tactically~*~*~ (stealth).
 85555 | Pan      | 85555 ||| Stepping ~*~*~tactically~*~*~ (stealth).
 85557 | Pan      | 85557 ||| Stepping ~*~*~tactically~*~*~ (stealth).
 85580 | Pan      | 85580 ||| DRINKING 4 potions of magic.
 85580 | Pan      | Lost intelligence.
 85617 | Pan      | 85617 ||| INVOKING Summon Divine Warrior.
 85820 | Pan      | Gained mutation: You do not regenerate when monsters are
                  | visible. [a neqoxec]
 85901 | Pan      | Reached skill level 24 in Armour
 85974 | Pan      | 85974 ||| Stepping ~*~*~tactically~*~*~ (stealth).
 85988 | Pan      | 85988 ||| Stepping ~*~*~tactically~*~*~ (stealth).
 85994 | Pan      | 85994 ||| Stepping ~*~*~tactically~*~*~ (stealth).
 86063 | Pan      | 86063 ||| Stepping ~*~*~tactically~*~*~ (stealth).
 86191 | Pan      | 86191 ||| Stepping ~*~*~tactically~*~*~ (stealth).
 86307 | Pan      | Gained mutation: You are clumsy. (Dex -2) [a neqoxec]
 86427 | Pan      | Gained mutation: You sometimes lose the ability to read
                  | scrolls when taking damage. [a neqoxec]
 86511 | Pan      | 86511 ||| Stepping ~*~*~tactically~*~*~ (stealth).
 86513 | Pan      | 86513 ||| Stepping ~*~*~tactically~*~*~ (stealth).
 86528 | Pan      | 86528 ||| Stepping ~*~*~tactically~*~*~ (stealth).
 86789 | Pan      | 86789 ||| Stepping ~*~*~tactically~*~*~ (stealth).
 86980 | Pan      | 86980 ||| Stepping ~*~*~tactically~*~*~ (hiding).
 86981 | Pan      | 86981 ||| Stepping ~*~*~tactically~*~*~ (hiding).
 87041 | Pan      | 87041 ||| Stepping ~*~*~tactically~*~*~ (stealth).
 87215 | Pan      | 87215 ||| Stepping ~*~*~tactically~*~*~ (stealth).
 87217 | Pan      | 87217 ||| Stepping ~*~*~tactically~*~*~ (hiding).
 87240 | Pan      | 87240 ||| Stepping ~*~*~tactically~*~*~ (stealth).
 87315 | Pan      | 87315 ||| Stepping ~*~*~tactically~*~*~ (stealth).
 87319 | Pan      | 87319 ||| Stepping ~*~*~tactically~*~*~ (stealth).
 87497 | Pan      | 87497 ||| Stepping ~*~*~tactically~*~*~ (stealth).
 87510 | Pan      | 87510 ||| Stepping ~*~*~tactically~*~*~ (stealth).
 87669 | Pan      | 87669 ||| Stepping ~*~*~tactically~*~*~ (hiding).
 87751 | Pan      | 87751 ||| Stepping ~*~*~tactically~*~*~ (stealth).
 87786 | Pan      | 87786 ||| Stepping ~*~*~tactically~*~*~ (stealth).
 87787 | Pan      | 87787 ||| Stepping ~*~*~tactically~*~*~ (stealth).
 87788 | Pan      | 87788 ||| Stepping ~*~*~tactically~*~*~ (stealth).
 87789 | Pan      | 87789 ||| Stepping ~*~*~tactically~*~*~ (stealth).
 87829 | Pan      | 87829 ||| Stepping ~*~*~tactically~*~*~ (stealth).
 87858 | Pan      | 87858 ||| Stepping ~*~*~tactically~*~*~ (stealth).
 87940 | Pan      | 87940 ||| Stepping ~*~*~tactically~*~*~ (stealth).
 87970 | Pan      | 87970 ||| Stepping ~*~*~tactically~*~*~ (stealth).
 87971 | Pan      | 87971 ||| Stepping ~*~*~tactically~*~*~ (stealth).
 87979 | Pan      | 87979 ||| Stepping ~*~*~tactically~*~*~ (stealth).
 87985 | Pan      | 87985 ||| Stepping ~*~*~tactically~*~*~ (stealth).
 87994 | Pan      | 87994 ||| Stepping ~*~*~tactically~*~*~ (stealth).
 87995 | Pan      | 87995 ||| Stepping ~*~*~tactically~*~*~ (stealth).
 88107 | Pan      | 88107 ||| Stepping ~*~*~tactically~*~*~ (stealth).
 88110 | Pan      | 88110 ||| Stepping ~*~*~tactically~*~*~ (stealth).
 88111 | Pan      | 88111 ||| Stepping ~*~*~tactically~*~*~ (stealth).
 88113 | Pan      | 88113 ||| Stepping ~*~*~tactically~*~*~ (stealth).
 88114 | Pan      | 88114 ||| Stepping ~*~*~tactically~*~*~ (stealth).
 88133 | Pan      | 88133 ||| Stepping ~*~*~tactically~*~*~ (stealth).
 88147 | Pan      | 88147 ||| Stepping ~*~*~tactically~*~*~ (stealth).
 88160 | Pan      | 88160 ||| Stepping ~*~*~tactically~*~*~ (stealth).
 88161 | Pan      | 88161 ||| Stepping ~*~*~tactically~*~*~ (stealth).
 88162 | Pan      | 88162 ||| Stepping ~*~*~tactically~*~*~ (stealth).
 88220 | Pan      | 88220 ||| Stepping ~*~*~tactically~*~*~ (stealth).
 88221 | Pan      | 88221 ||| Stepping ~*~*~tactically~*~*~ (stealth).
 88268 | Pan      | 88268 ||| Stepping ~*~*~tactically~*~*~ (stealth).
 88282 | Pan      | 88282 ||| Stepping ~*~*~tactically~*~*~ (stealth).
 88344 | Pan      | Gained mutation: Your magical capacity is very low. (-20%
                  | MP) [a neqoxec]
 88439 | Pan      | 88439 ||| Stepping ~*~*~tactically~*~*~ (hiding).
 88595 | Pan      | 88595 ||| Stepping ~*~*~tactically~*~*~ (stealth).
 88597 | Pan      | 88597 ||| Stepping ~*~*~tactically~*~*~ (stealth).
 88604 | Pan      | 88604 ||| Stepping ~*~*~tactically~*~*~ (stealth).
 88758 | Pan      | 88758 ||| Stepping ~*~*~tactically~*~*~ (stealth).
 88759 | Pan      | 88759 ||| Stepping ~*~*~tactically~*~*~ (stealth).
 88824 | Pan      | Gained mutation: You occasionally shout uncontrollably at
                  | your foes. [a neqoxec]
 89042 | Pan      | 89042 ||| Stepping ~*~*~tactically~*~*~ (stealth).
 89044 | Pan      | 89044 ||| Stepping ~*~*~tactically~*~*~ (stealth).
 89224 | Pan      | 89224 ||| DRINKING 3 potions of magic.
 89225 | Pan      | 89225 ||| INVOKING Summon Divine Warrior.
 89227 | Pan      | 89227 ||| INVOKING Cleansing Flame.
 89265 | Pan      | Gained mutation: Your spells are a little easier to cast,
                  | but a little less powerful. [a neqoxec]
 89287 | Pan      | Gained mutation: You sometimes lose the ability to drink
                  | potions when taking damage. [a neqoxec]
 89327 | Pan      | 89327 ||| INVOKING Cleansing Flame.
 89446 | Pan      | 89446 ||| Stepping ~*~*~tactically~*~*~ (stealth).
 89972 | Pan      | 89972 ||| INVOKING Cleansing Flame.
 89977 | Pan      | Gained mutation: You are frail. (-10% HP) [a neqoxec]
 90017 | Pan      | HP: 36/179 [smoke demon/divine providence (12)]
 90023 | Pan      | HP: 22/179 [smoke demon/divine providence (14)]
 90023 | Pan      | HP: 8/179 [smoke demon/divine providence (14)]
 90034 | Pan      | Killed from afar by a smoke demon

Levels and vault maps discovered:
D:1:      dpeg_arrival_rhombus, layout_basic, serial_forest,
          infiniplex_forest_straight_3, infiniplex_forest_lined_4_way,
          infiniplex_forest_join, infiniplex_forest_diagonal,
          ebering_ecumenical_altar_abandoned, minivault_27
D:2:      layout_loops_cross, serial_forest, infiniplex_forest_lined_corner,
          infiniplex_forest_lined_2, infiniplex_forest_clump_tiny,
          infiniplex_forest_corner_1, infiniplex_forest_clump_C,
          infiniplex_forest_lined_3, infiniplex_forest_straight_4,
          infiniplex_forest_pool, minmay_lizard_pond, uniq_sigmund
D:3:      layout_rooms, lemuel_coloured_pillars_altar
D:4:      layout_loops_ring, minmay_temple_entry_proselytizer
D:5:      layout_cave_pools, nicolae_tso_besieged_by_evil, uniq_eustachio
D:6:      layout_basic, gammafunk_ghost_necromancy,
          chequers_serial_rivers_large_a, hex_large, nicolae_shop_firing_range,
          uniq_crazy_yiuf_cottage
D:7:      layout_cave_pools, mainiacjoe_overflow_tiny_flanked,
          kennysheep_vampire_church, lightli_ossuary_entry_decrepit_ruins,
          grunt_ministairs_13, doesnt_shop_hydraphobe
D:8:      lemuel_castle_with_subvaults [lemuel_castle_interior_carwin_2],
          layout_basic, old_standard_altar, serial_ice, serial_ice_o,
          serial_ice_b, serial_ice_f, serial_ice_g, serial_ice_e, serial_ice_c,
          serial_ice_l, serial_ice_n, serial_ice_a, serial_ice_m
D:9:      layout_cave_pools, nicolae_ru_the_path_less_chosen, serial_gnoll_camp,
          gnoll_camp_mini_shop, gnoll_camp_mini_doghouse, gnoll_camp_mini_hut,
          gnoll_camp_mini_hut, gnoll_camp_huts_moat
D:10:     layout_loops_corners, mainiacjoe_overflow_alcove_2,
          jmf_multi_god_temple, nicolae_overflow_crystal_walls,
          dpeg_oklobed_lair, orc_0_dummy, kennysheep_generic_room_8, uniq_urug
D:11:     layout_irregular_city, minivault_11, kennysheep_windowed_goal
D:12:     minmay_strange_plus, layout_rooms
D:13:     layout_roguey, serial_shops, shop_fountains
D:14:     layout_irregular_city, david_vaults_2, gammafunk_ghost_arena
D:15:     hangedman_depths_entry_try_elsewhere_first, layout_layer_cave,
          minmay_fountain_box, minmay_misc_feat_alley, st_stairs_2, uniq_agnes,
          uniq_louise
Temple:   hellmonk_temple_forest_ring
Lair:1:   layout_gridlike, gauntlet_entry_generic, ebering_ghost_funeral_grove,
          grunt_megastairs_1
Lair:2:   gammafunk_worm_tunnel, layout_regular_city, elwin_shoals_entry_stream
Lair:3:   layout_regular_city, hellmonk_spider_entry_life_and_decay,
          nzn_masters_of_martial_movement
Lair:4:   layout_gridlike, slime_entry_1, portal_ice_cave_entry_pillars_2
Lair:5:   grunt_lair_end_beastmaster, layout_layer_cave
Shoals:1: cheibrodos_shoals_baths, layout_shoals, serial_shops,
          nicolae_square_shop, nicolae_shoals_spectral_cove
Shoals:2: argonaut_golden_fleece, layout_shoals, nicolae_shoals_isolated_beach
Shoals:3: layout_shoals, serial_shops, shop_fountains
Shoals:4: shoals_end_grunt_ice, layout_shoals, nicolae_shoals_water_booths
Spider:1: cheibrodos_forgotten_conduit, nicolae_spider_altar_of_dancing,
          uniq_azrael, uniq_kirke
Spider:2: layout_cave_pods, uniq_arachne
Spider:3: layout_cave_pods, gammafunk_ghost_mausoleum
Spider:4: grunt_spider_rune_island, special_room [special_room_bee],
          hangedman_spider_mandibles
Orc:1:    layout_diamond_mine, uniq_snorg
Orc:2:    st_orc_mages, layout_diamond_mine, hellmonk_ghost_happy_afterlife,
          basic_altar, bloody_makhleb
Vaults:1: vaults_mumra_lcd, nicolae_vaults_rhombus_6, ontoclasm_vaults_shuriken,
          vaults_dpeg_encased_lava, vaults_room_guarded_vault, v_misc_9,
          nicolae_vaults_border_crossing, layout_vaults_chaotic_city
Vaults:2: nicolae_vaults_big_angled_halls, nicolae_vaults_know_your_exits,
          v_misc_18, vaults_dpeg_cross, v_misc_10, hangedman_vaults_trim,
          ontoclasm_vaults_twist, ontoclasm_vaults_gateway,
          nicolae_vaults_little_squares_1, v_misc_18, layout_vaults_omnicross,
          serial_shops, shop
Vaults:3: grunt_vaults_focal, vaults_standard_mumra_x, nicolae_vaults_network_s,
          v_misc_2, v_pattern_2, hangedman_vaults_slice,
          blue_anna_dwarven_crypt, nicolae_vaults_ninety_degrees,
          vaults_mumra_bighexcomb, ontoclasm_vaults_fault,
          nicolae_vaults_rhombus_5, vaults_room_pools, ontoclasm_vaults_idyll,
          vaults_room_hallway, layout_vaults_maze_bifur
Vaults:4: v_rooms_5, ontoclasm_vaults_chip, nicolae_vaults_network_quinsquares
          [nicolae_vaults_network_quincunx_subvault,
          nicolae_vaults_network_quincunx_subvault,
          nicolae_vaults_network_quincunx_subvault,
          nicolae_vaults_network_quincunx_subvault],
          nicolae_vaults_network_barrier, nicolae_vaults_network_periphery,
          nicolae_vaults_little_squares_6, layout_vaults_omnigrid
Vaults:5: serial_shops
Crypt:1:  layout_rooms, grunt_megastairs_4, uniq_khufu
Crypt:2:  layout_chaotic_city, uniq_josephina
Crypt:3:  due_elkab, layout_chaotic_city, nicolae_tomb_entry_grand_gallery,
          gammafunk_ghost_grave
Tomb:1
Tomb:2:   uniq_mennas
Tomb:3
Depths:1: layout_gridville, hangedman_coc_ice_floe, nicolae_integral_box,
          onia_ninara_cookie, uniq_enchantress, uniq_bai_suzhen
Depths:2: gammafunk_depths_water_palace, layout_basic, grunt_hell_entry_dis_mu,
          grunt_pan_entry_in_and_out, grunt_tower_of_power,
          minmay_staircase_windowed_large, serial_bayou_shore_b, uniq_asterion
Depths:3: hangedman_cross_cluster, layout_gridlike,
          nicolae_abyss_entry_one_way_or_another, nicolae_sif_muna_condensation,
          hell_entry, minmay_shop_grove
Depths:4: evilmike_zot_entry_hall, layout_gridlike, enter_ziggurat_e,
          abyss_entry_crystal, hell_entry, doesnt_xom_only_xom,
          hangedman_abyss_or_decor_jellyfish_corner, grunt_decor_clamped,
          minmay_shop_star, uniq_parghit, uniq_frederick, uniq_margery
Zot:1:    hangedman_snap_crack_crunch, layout_onion_interference,
          hangedman_zot_decor_scrapings
Zot:2:    layout_gridlike, gammafunk_ghost_abyssal_escape, hangedman_swamp_dais
Zot:3:    layout_misc_corridors, grunt_megastairs_2
Zot:4:    layout_concentric_octagons, uniq_vv
Zot:5:    layout_basic
Pan:      evilmike_mini_pan_T, layout_cellular_growth, grunt_pan_zigzag,
          layout_irregular_city, regret_index_pan_draining_boxed,
          layout_small_grid

Skill      XL: |  1  2  3  4  5  6  7  8  9 10 11 12 13 14 15 16 17 18 19 20 21 22 23 24 25 26 27 |
---------------+----------------------------------------------------------------------------------+-----
Axes           | 2 3 5 6 7 8 9 11 13 14 15 16 18 | 18.0
Throwing       | 1 2 4 5 6 8 9 10 11 12 13 14 15 | 15.6
Dodging        | 1 2 3 4 5 6 7 9 10 11 12 | 12.1
Fighting       | 4 5 6 7 8 9 10 11 12 13 15 16 18 19 21 23 25 26 27 | 27.0
Invocations    | 4 9 10 11 27 | 27.0
Armour         | 6 7 8 9 10 11 12 13 15 16 17 18 22 25 | 25.8
Shields        | 4 5 6 7 13 17 18 19 20 21 22 | 22.0
Short Blades   | 5 |  5.0

Action                   |  1- 3 |  4- 6 |  7- 9 | 10-12 | 13-15 | 16-18 | 19-21 | 22-24 | 25-27 || total
-------------------------+-------+-------+-------+-------+-------+-------+-------+-------+-------++-------
Melee: War axe           |   122 |    70 |   176 |       |       |       |       |       |       ||   368
       Broad axe         |       |       |    95 |   498 |   782 |   986 |  1067 |  1180 |  2439 ||  7047
       Headbutt          |       |       |       |       |       |       |       |       |   192 ||   192
Throw: Javelin           |    19 |    23 |    39 |    45 |   180 |    62 |   114 |   125 |   331 ||   938
       Boomerang         |       |       |    79 |    78 |    23 |    82 |       |       |       ||   262
Invok: Heroism           |       |       |    10 |    30 |    44 |    55 |    36 |    46 |    32 ||   253
       Finesse           |       |       |       |     2 |     8 |    19 |     4 |    19 |     5 ||    57
       Cleansing Flame   |       |       |       |       |       |       |       |       |    81 ||    81
       Summon Divine War |       |       |       |       |       |       |       |       |    26 ||    26
       Brand Weapon With |       |       |       |       |       |       |       |       |     1 ||     1
  Use: Scroll            |     3 |     7 |    10 |     8 |    16 |    13 |     1 |     6 |    15 ||    79
       Potion            |       |     1 |     2 |     3 |     5 |     4 |     5 |     6 |    37 ||    63
 Stab: Petrified         |       |       |       |       |     5 |       |       |       |       ||     5
       Distracted        |       |       |       |       |       |       |       |     1 |       ||     1
       Confused          |       |       |       |       |       |       |       |     3 |       ||     3
Armor: Scale mail        |    65 |    27 |       |       |       |       |       |       |       ||    92
       Chain mail        |       |    16 |   123 |       |       |       |       |       |       ||   139
       Plate armour      |       |       |    55 |   262 |   292 |   323 |   295 |   148 |       ||  1375
       Gold dragon scale |       |       |       |       |       |       |       |   252 |  1095 ||  1347
Dodge: Dodged            |    59 |    25 |   115 |   235 |   239 |   185 |   211 |   200 |   573 ||  1842
Block: Buckler           |    18 |    10 |    55 |   156 |   111 |       |       |       |       ||   350
       Reflection        |       |       |       |       |    12 |    83 |    74 |    18 |    19 ||   206
       Kite shield       |       |       |       |       |   117 |       |       |       |       ||   117
       Tower shield      |       |       |       |       |   196 |  1083 |   993 |   931 |  2462 ||  5665
       Other             |       |       |       |       |       |     1 |       |       |       ||     1

Table legend:
 A = Non-vault XP
 B = Vault XP
 C = Vault XP percentage of total XP
 D = Non-vault monster count
 E = Vault monster count
 F = Vault count percentage of total count
                 A         B        C        D         E       F
            +---------+---------+-------+---------+---------+-------
      Total |  976083 |  941545 |  49.1 |    1871 |    1215 |  39.4
            +---------+---------+-------+---------+---------+-------
        D:1 |      54 |       0 |   0.0 |      24 |       0 |   0.0
        D:2 |      30 |     232 |  88.5 |      14 |      10 |  41.7
        D:3 |      46 |       0 |   0.0 |       8 |       0 |   0.0
        D:4 |     384 |      41 |   9.6 |      17 |       1 |   5.6
        D:5 |     609 |     250 |  29.1 |      16 |      16 |  50.0
        D:6 |     973 |       6 |   0.6 |      22 |       3 |  12.0
        D:7 |     891 |     562 |  38.7 |      17 |      13 |  43.3
        D:8 |     762 |    3949 |  83.8 |      24 |      67 |  73.6
        D:9 |    3461 |     618 |  15.2 |      48 |      33 |  40.7
       D:10 |    2294 |    2458 |  51.7 |      20 |       6 |  23.1
       D:11 |    3434 |    1086 |  24.0 |      10 |       3 |  23.1
       D:12 |    5802 |    4585 |  44.1 |      21 |       7 |  25.0
       D:13 |    6340 |       0 |   0.0 |      19 |       0 |   0.0
       D:14 |   11549 |    2921 |  20.2 |      25 |       4 |  13.8
       D:15 |   10027 |    5331 |  34.7 |      21 |       8 |  27.6
     Lair:1 |    8151 |     736 |   8.3 |      37 |       4 |   9.8
     Lair:2 |    1639 |    1897 |  53.6 |       6 |       4 |  40.0
     Lair:3 |    4423 |    1974 |  30.9 |      21 |       6 |  22.2
     Lair:4 |    5504 |       0 |   0.0 |      29 |       0 |   0.0
     Lair:5 |   13575 |    8650 |  38.9 |      43 |      19 |  30.6
   Shoals:1 |   20709 |    8134 |  28.2 |      43 |      16 |  27.1
   Shoals:2 |   18168 |    3973 |  17.9 |      37 |       6 |  14.0
   Shoals:3 |   17240 |       0 |   0.0 |      37 |       0 |   0.0
   Shoals:4 |   15611 |   21892 |  58.4 |      31 |      35 |  53.0
   Spider:1 |   26808 |   12091 |  31.1 |      80 |      32 |  28.6
   Spider:2 |   14154 |    2143 |  13.1 |      32 |       1 |   3.0
   Spider:3 |   17038 |       0 |   0.0 |      43 |       0 |   0.0
   Spider:4 |   13552 |   19192 |  58.6 |      35 |      59 |  62.8
      Orc:1 |    2588 |     953 |  26.9 |      47 |       1 |   2.1
      Orc:2 |    2157 |    4658 |  68.3 |      27 |      37 |  57.8
   Vaults:1 |   17608 |   15354 |  46.6 |      23 |      19 |  45.2
   Vaults:2 |   56149 |   11415 |  16.9 |      86 |      16 |  15.7
   Vaults:3 |   21763 |   37324 |  63.2 |      27 |      52 |  65.8
   Vaults:4 |   17436 |   35276 |  66.9 |      23 |      47 |  67.1
   Vaults:5 |   16225 |   83877 |  83.8 |      26 |      78 |  75.0
    Crypt:1 |   15598 |   13579 |  46.5 |      24 |       6 |  20.0
    Crypt:2 |   23977 |    4733 |  16.5 |      39 |       6 |  13.3
    Crypt:3 |   17956 |   39892 |  69.0 |      28 |      74 |  72.5
     Tomb:1 |   16489 |   80617 |  83.0 |      28 |      64 |  69.6
     Tomb:2 |   16774 |   60843 |  78.4 |      32 |      73 |  69.5
     Tomb:3 |    5785 |   97596 |  94.4 |      17 |     104 |  86.0
   Depths:1 |   36640 |   27506 |  42.9 |      47 |      25 |  34.7
   Depths:2 |   31049 |   74173 |  70.5 |      39 |      63 |  61.8
   Depths:3 |   27824 |   31902 |  53.4 |      34 |      26 |  43.3
   Depths:4 |   23234 |   25337 |  52.2 |      17 |      18 |  51.4
      Zot:1 |   42695 |   29182 |  40.6 |      36 |      18 |  33.3
      Zot:2 |   27579 |   11363 |  29.2 |      18 |      14 |  43.8
      Zot:3 |   42277 |   10256 |  19.5 |      39 |       9 |  18.8
      Zot:4 |   45290 |    3164 |   6.5 |      41 |       1 |   2.4
      Zot:5 |   37546 |   93752 |  71.4 |      31 |      41 |  56.9
    Abyss:3 |   14807 |       0 |   0.0 |      29 |       0 |   0.0
        Pan |  193409 |   45308 |  19.0 |     333 |      41 |  11.0
    Ossuary |       0 |     764 | 100.0 |       0 |      29 | 100.0
            +---------+---------+-------+---------+---------+-------
